Workbook
Name Auxiliar: #REF!
Name Auxiliar: #REF!
Name Auxiliar: #REF!
Name Auxiliar: #REF!
Name Auxiliar: #REF!
Name Auxiliar: #REF!
Name Auxiliar: #REF!
Name Auxiliar: #REF!
Name Auxiliar: #REF!
Name CUSTO_VALE_TRANSPORTE: #REF!
Name CUSTO_VALE_TRANSPORTE: #REF!
Name CUSTO_VALE_TRANSPORTE: #REF!
Name CUSTO_VALE_TRANSPORTE: #REF!
Name CUSTO_VALE_TRANSPORTE: #REF!
Name CUSTO_VALE_TRANSPORTE: #REF!
Name CUSTO_VALE_TRANSPORTE: #REF!
Name CUSTO_VALE_TRANSPORTE: #REF!
Name ecwece4c: #REF!
Name ecwece4c: #REF!
Name ecwece4c: #REF!
Name ecwece4c: #REF!
Name ecwece4c: #REF!
Name ecwece4c: #REF!
Name ecwece4c: #REF!
Name ecwece4c: #REF!
Name MOMB4: '[1]SERVENTE MANUTENCAO'!$I$144
Name MONA1: #REF!
Name MONA1: #REF!
Name MONA1: #REF!
Name MONA1: #REF!
Name MONA1: #REF!
Name MONA1: #REF!
Name MONA1: #REF!
Name MONA1: #REF!
Name MONA1: #REF!
Name MONA2: #REF!
Name MONA2: #REF!
Name MONA2: #REF!
Name MONA2: #REF!
Name MONA2: #REF!
Name MONA2: #REF!
Name MONA2: #REF!
Name MONA2: #REF!
Name MONA3: [2]HIDRAULICO!$I$138
Name MONA4: '[2]SERVENTE (AUX PRODUCAO)'!$I$138
Name MONA5: #REF!
Name MONA5: #REF!
Name MONA5: #REF!
Name MONA5: #REF!
Name MONA5: #REF!
Name MONA5: #REF!
Name MONA5: #REF!
Name MONA5: #REF!
Name MONA5: #REF!
Name MONA6: #REF!
Name MONA6: #REF!
Name MONA6: #REF!
Name MONA6: #REF!
Name MONA6: #REF!
Name MONA6: #REF!

Sheet Cargo diurno Cachoeira do Sul
A1: PLANILHA DE CUSTOS E FORMAÇÃO DE PREÇOS DE SERVIÇOS CONTINUADOS COM DEDICAÇÃO EXCLUSIVA DE MÃO DE OBRA (ANEXO III - DECRETOS 52.768 de 15.12.2015)
A2: PROCESSO: | C2: 26/1538-0000018-7 | E2: REGIME DE TRIBUTAÇÃO: LUCRO REAL e PRESUMIDO (*)
A3: LICITAÇÃO/EDITAL | E3: ABERTURA:
A5: Cargo/Função: | D5: Vigilante | G5: =IF(D6="12x36","Regime de trabalho:","Quantidade de HORAS/MÊS") -> Regime de trabalho: | I5: =IF(D6="12x36",D6,5*D6) -> 12X36
A6: =IF(D6="12x36","Regime de trabalho:","Regime de trabalho (horas semanais):") -> Regime de trabalho: | D6: 12X36
A7: Convenção Coletiva de Trabalho: | D7: RS000837/2025 | G7: INSALUBRIDADE (10%, 20%, 40%) | I7: Não aplicável
A8: Origem do salário: | D8: CCT
A9: Cidade: | D9: Cachoeira do Sul | G9: PERICULOSIDADE (30%) | I9: 0.3
A10: Salário Normativo | G10: Vlr. do salário e nº de horas correspondentes | H10: 220 | I10: 2105.4
A11: ISS | H11: Alíquota | I11: 0.03
A12: Adicional Troca de Uniforme (somente para postos de vigilantes que preveem pagamento para troca de uniforme na CCT) | G12: CCT | H12: Valor | I12: 1.59
A13: Quantidade de dias trabalhados no mês | I13: 15
A14: Tarifa Transporte | G14: CCT | H14: Vr. Unitário | I14: 7.5
H15: Dias | I15: =I13 -> 15
H16: Desconto | I16: 0.06
A17: Auxílio Alimentação | G17: CCT | H17: Vr. Unitário | I17: 30
H18: Dias | I18: =I13 -> 15
H19: Desconto | I19: 0.2
A20: Auxílio Lanche | G20: CCT | H20: Vr. Unitário | I20: Não aplicável
H21: Dias | I21: Não aplicável
H22: Desconto | I22: Não aplicável
A23: Outros benefícios que refletem na planilha de custos, caso constem na CCT | G23: CCT | H23: Valor mensal | I23: Não aplicável
A24: Adicional de Supervisor (37%) | H24: Porcentagem | I24: Não aplicável
A25: Base de cálculo da insalubridade | H25: Valor | I25: Não aplicável
A26: Quantitativo de horas trabalhadas em feriados no mês (estimado) - Não aplicável para postos 12x36 | H26: Horas por mês | I26: Não aplicável
H27: Acréscimo da hora extra | I27: Não aplicável
A28: Hora Intervalar | H28: Horas por mês | I28: 15
A29: Sem fornecimento de materiais ou apenas fornecimento de EPIs ou uniformes, utilizar 10%. Com fornecimento de materiais ou equipamentos, utilizar 20%. (Decreto 52.768/2015, alterado pelo Decreto 53.424/2017) | H29: Porcentagem | I29: 0.1
A35: MONTANTE A
A36: I | B36: Remuneração - Grupo I | H36: % | I36: Valor Mensal/unidade de serviço (R$)
A37: 1 | B37: Salário | H37: =I37/$I$48 -> 0.75891438 | I37: =IF(D6="12x36",I10,I10/H10*I5) -> 2105.4
A38: =A37+1 -> 2 | B38: Adicional Periculosidade 30% | H38: =I38/$I$48 -> 0.23076923 | I38: =IF(I9=30%,(I37+I45+I46)*I9,0) -> 640.206
A39: =A38+1 -> 3 | B39: Adicional Insalubridade 10% (Ver súmula 228 e 139 TST) | H39: =I39/$I$48 -> 0 | I39: =IF(I7=10%,I25*I7,0) -> 0
A40: =A39+1 -> 4 | B40: Adicional Insalubridade 20% (Ver súmula 228 e 139 TST) | H40: =I40/$I$48 -> 0 | I40: =IF(I7=20%,I25*I7,0) -> 0
A41: =A40+1 -> 5 | B41: Adicional Insalubridade 40% (Ver súmula 228 e 139 TST) | H41: =I41/$I$48 -> 0 | I41: =IF(I7=40%,I25*I7,0) -> 0
A42: =A41+1 -> 6 | B42: Adicional de Supervisor (IN 05/2017 MPOG SLTI) | H42: =I42/$I$48 -> 0 | I42: =IF(I24="Não aplicável",0,I37*I24) -> 0
A43: =A42+1 -> 7 | B43: Feriados | H43: =I43/$I$48 -> 0 | I43: =IF(I26="Não aplicável",0,(I37+I38+I39+I40+I41+I42+I47)/I5*I26*(1+I27)) -> 0
A44: =A43+1 -> 8 | B44: DSR = número total das horas extras do mês / número de dias úteis X domingos e feriados do mês X valor da hora extra com acréscimo | H44: =I44/$I$48 -> 0 | I44: =IF(I26="Não aplicável",0,I26/I13*5*(I10/H10*(1+I27))) -> 0
A45: =A44+1 -> 9 | B45: Adicional Troca de Uniforme | H45: =I45/$I$48 -> 0.0085969925 | I45: =I12*I13 -> 23.85
A46: =A45+1 -> 10 | B46: Integração RSF (20% sobre Ad.Troca de Uniforme - somente para vigilantes) | H46: =I46/$I$48 -> 0.0017193985 | I46: =I45*20% -> 4.77
A47: =A46+1 -> 11 | B47: =IF(D6="12x36","Para postos 12x36 os feriados são considerados compensados, conforme parágrafo único, Art. 59-A da CLT","Outros") -> Para postos 12x36 os feriados são considerados compensados, conforme parágrafo único, Art. 59-A da CLT | H47: =I47/$I$48 -> 0 | I47: 0
A48: Total de Remuneração | H48: =SUM(H37:H47) -> 1 | I48: =SUM(I37:I47) -> 2774.226
A57: II | B57: Encargos Sociais - Grupo II: Obrigações Sociais | H57: % | I57: Valor Mensal/unidade de serviço (R$)
A58: 1 | B58: INSS (art. 22, inc. I, Lei nº 8.212/91) | H58: 0.2 | I58: =$I$48*H58 -> 554.8452
A59: 2 | B59: SESI ou SESC (art. 30, Lei nº 8.036/90) | H59: 0.015 | I59: =$I$48*H59 -> 41.61339
A60: 3 | B60: SENAI ou SENAC (Decreto-Lei nº 2.318/86) | H60: 0.01 | I60: =$I$48*H60 -> 27.74226
A61: 4 | B61: INCRA (art. 15I, Lei Complementar nº 011/71) | H61: 0.002 | I61: =$I$48*H61 -> 5.548452
A62: 5 | B62: SALÁRIO EDUCAÇÃO (art. , inc. I, Decreto nº 87.043/82) | H62: 0.025 | I62: =$I$48*H62 -> 69.35565
A63: 6 | B63: FGTS (art. 15, Lei nº 8.036/90) | H63: 0.08 | I63: =$I$48*H63 -> 221.93808
A64: 7 | B64: SEG. ACIDENTE DO TRABALHO 1%, 2% e 3% (art. 22, inc. II, alíneas "b" e "c", da Lei nº 8.212/91) | H64: 0.03 | I64: =$I$48*H64 -> 83.22678
A65: 8 | B65: SEBRAE (§ 3º, art. 8º, Lei nº 8.029/90) | H65: 0.006 | I65: =$I$48*H65 -> 16.645356
A66: Total do Grupo II | H66: =SUM(H58:H65) -> 0.368 | I66: =SUM(I58:I65) -> 1020.9152
A67: Os percentuais para o SAT podem variar de 0,50% a 6,00% em função do Fator de Acidente Previdenciário (FAP), Decreto nº 6.957/2009
A68: Deverá obrigatoriamente acompanhar a proposta de preços e a planilha de custos e formação de preços a prova do Fator Acidentário de Prevenção – FAP por meio de impressão de consulta ao site do Ministério da Previdência Social (que pode ser obtido no endereço eletrônico http://www2.dataprev.gov.br/fap/fap.htm), independentemente de alteração da alíquota da parcela do Seguro Acidente de Trabalho disposta no Quadro II da referida planilha.
A69: III | B69: Encargos Sociais - Grupo III: Tempo Não Trabalhado | H69: % | I69: Valor Mensal/unidade de serviço (R$)
A70: 1 | B70: FÉRIAS GOZADAS + ADICIONAL DE FÉRIAS | H70: 0.119314 | I70: =$I$48*H70 -> 331.004
A71: 2 | B71: FALTAS ABONADAS (3) | H71: 0.020479 | I71: =$I$48*H71 -> 56.813374
A72: 3 | B72: FALTAS LEGAIS (4) | H72: 0.012123 | I72: =$I$48*H72 -> 33.631942
A73: 4 | B73: LICENÇA MATERNIDADE | H73: 0.011436 | I73: =$I$48*H73 -> 31.726049
A74: 5 | B74: LICENÇA PATERNIDADE | H74: 0.000174 | I74: =$I$48*H74 -> 0.48271532
A75: 6 | B75: ACIDENTE DE TRABALHO | H75: 0.000442 | I75: =$I$48*H75 -> 1.2262079
A76: 7 | B76: AVISO PRÉVIO TRABALHADO | H76: 0.000185 | I76: =$I$48*H76 -> 0.51323181
A77: 8 | B77: 13º SALÁRIO | H77: 0.09079 | I77: =$I$48*H77 -> 251.87198
A78: Total do Grupo III | H78: =SUM(H70:H77) -> 0.254943 | I78: =SUM(I70:I77) -> 707.2695
A79: (3) | B79: Faltas Justificadas por Auxílio Doença
A80: (4) | B80: Faltas Legais - Art. 473 CLT
A81: IV | B81: Encargos Sociais - Grupo IV: Indenizações | H81: % | I81: Valor Mensal/unidade de serviço (R$)
A82: 1 | B82: INDENIZAÇÕES | H82: 0.048321 | I82: =$I$48*H82 -> 134.05337
A83: 2 | B83: FGTS SOBRE INDENIZAÇÕES | H83: 0.003511 | I83: =$I$48*H83 -> 9.7403075
A84: 3 | B84: INDENIZAÇÃO COMPENSATÓRIA POR DEMISSÃO SEM JUSTA CAUSA | H84: 0.019328 | I84: =$I$48*H84 -> 53.62024
A85: Total do Grupo IV | H85: =SUM(H82:H84) -> 0.07116 | I85: =SUM(I82:I84) -> 197.41392
A87: V | B87: Encargos Sociais - Grupo V: Incidências | H87: % | I87: Valor Mensal/unidade de serviço (R$)
A88: 1 | B88: INCIDÊNCIA GRUPO II (Obrigações Sociais) X GRUPO III (Tempo Não Trabalhado) | H88: =(H66*H78) -> 0.093819024 | I88: =$I$48*H88 -> 260.27518
A89: Total do Grupo V | H89: =SUM(H88:H88) -> 0.093819024 | I89: =I88 -> 260.27518
A91: TOTAL DOS ENCARGOS SOCIAIS (II + III + IV + V) | H91: =H66+H78+H85+H89 -> 0.78792202 | I91: =I66+I78+I85+I89 -> 2185.8738
A93: VI | B93: Demais custos relativos à Norma Coletiva ou Disposições Legais - Grupo VI | H93: % | I93: Valor Mensal/unidade de serviço (R$)
A94: 1 | B94: Auxílio Alimentação | H94: =I94/$I$48 -> 0.12976592 | I94: =I111 -> 360
A95: 2 | B95: Auxílio Lanche | H95: =I95/$I$48 -> 0 | I95: =I107 -> 0
A96: 3 | B96: Vale-Transporte⁽⁵⁾ | H96: =I96/$I$48 -> 0.03556884 | I96: =I103 -> 98.676
A97: 4 | B97: Adicional Intervalar | H97: =I97/$I$48 -> 0.077616243 | I97: =IF(I28="Não aplicável",0,((I10/H10)*1.5*I28)) -> 215.325
A98: 5 | B98: Outros | H98: =I98/$I$48 -> 0 | I98: =IF(I23="Não aplicável",0,I23) -> 0
A99: Total do Grupo VI | H99: =SUM(H94:H98) -> 0.24295101 | I99: =SUM(I94:I98) -> 674.001
A100: (5) | B100: O valor do vale-transporte pode variar de acordo com o modal fornecido pelo empregador.
A101: MEMÓRIA DE CÁLCULO DO VALE TRANSPORTE
A102: Valor Unitário | C102: Dias de Trabalho | D102: Vale p/dia | E102: Custo total | F102: Base de cálculo | G102: Percentual de desconto | H102: Valor desconto | I102: Custo efetivo
A103: =IF(I14="Não aplicável",0,I14) -> 7.5 | C103: =IF(I15="Não aplicável",0,I15) -> 15 | D103: 2 | E103: =A103*C103*D103 -> 225 | F103: =I37 -> 2105.4 | G103: =IF(I16="Não aplicável",0,I16) -> 0.06 | H103: =F103*G103 -> 126.324 | I103: =IF((E103-H103)>0,E103-H103,0) -> 98.676
A105: MEMÓRIA DE CÁLCULO DO VALE LANCHE
A106: Valor Unitário | C106: Dias por mês | D106: Vale p/dia | E106: Custo total | F106: Base de cálculo | G106: Percentual de desconto | H106: Valor desconto | I106: Custo efetivo
A107: =IF(I20="Não aplicável",0,I20) -> 0 | C107: =IF(I21="Não aplicável",0,I21) -> 0 | D107: 1 | E107: =A107*C107*D107 -> 0 | F107: =E107 -> 0 | G107: =IF(I22="Não aplicável",0,I22) -> 0 | H107: =F107*G107 -> 0 | I107: =E107-H107 -> 0
A109: MEMÓRIA DE CÁLCULO DO VALE ALIMENTAÇÃO
A110: Valor Unitário | C110: Dias por mês | D110: Vale p/dia | E110: Custo total | F110: Base de cálculo | G110: Percentual de desconto | H110: =H102 -> Valor desconto | I110: Custo efetivo
A111: =IF(I17="Não aplicável",0,I17) -> 30 | C111: =IF(I18="Não aplicável",0,I18) -> 15 | D111: 1 | E111: =A111*C111*D111 -> 450 | F111: =E111 -> 450 | G111: =IF(I19="Não aplicável",0,I19) -> 0.2 | H111: =F111*G111 -> 90 | I111: =E111-H111 -> 360
A113: TOTAL DO MONTANTE A (I + II + III+ IV + V +VI) | H113: =H48+H91+H99 -> 2.030873 | I113: =I48+I91+I99 -> 5634.1008
A115: MONTANTE B
A116: I | B116: Despesas Diretas | H116: % | I116: Valor Mensal/unidade de serviço (R$)
A117: 1 | B117: Transporte (6) | H117: =I117/$I$128 -> 0 | I117: 0
A118: 2 | B118: Uniformes/EPI (6a) | H118: =I118/$I$128 -> 0.1 | I118: =IF(F126=10%,G126,0) -> 553.54248
A119: 3 | B119: Seguro de vida | H119: =I119/$I$128 -> 0 | I119: 0
A120: 4 | B120: Materiais/Equipamentos | H120: =I120/$I$128 -> 0 | I120: =IF(F126=20%,G126,0) -> 0
A121: 5 | B121: Mobilização (7) | H121: =I121/$I$128 -> 0 | I121: 0
...

Sheet Cargo noturno Cachoeira do Sul
A1: PLANILHA DE CUSTOS E FORMAÇÃO DE PREÇOS DE SERVIÇOS CONTINUADOS COM DEDICAÇÃO EXCLUSIVA DE MÃO DE OBRA (ANEXO III - DECRETOS 52.768 de 15.12.2015)
A2: PROCESSO: | C2: 26/1538-0000018-7 | E2: REGIME DE TRIBUTAÇÃO: LUCRO REAL e PRESUMIDO (*)
A3: LICITAÇÃO/EDITAL | E3: ABERTURA:
A5: Cargo/Função: | D5: Vigilante | G5: =IF(D6="12x36","Regime de trabalho:","Quantidade de HORAS/MÊS") -> Regime de trabalho: | I5: =IF(D6="12x36",D6,5*D6) -> 12X36
A6: =IF(D6="12x36","Regime de trabalho:","Regime de trabalho (horas semanais):") -> Regime de trabalho: | D6: 12X36
A7: Convenção Coletiva de Trabalho: | D7: RS000837/2025 | G7: INSALUBRIDADE (10%, 20%, 40%) | I7: Não aplicável
A8: Origem do salário: | D8: CCT
A9: Cidade: | D9: Cachoeira do Sul | G9: PERICULOSIDADE (30%) | I9: 0.3
A10: Salário Normativo | G10: Vlr. do salário e nº de horas correspondentes | H10: 220 | I10: 2105.4
A11: ISS | G11: =D9 -> Cachoeira do Sul | H11: Alíquota | I11: 0.03
A12: Adicional Troca de Uniforme (somente para postos de vigilantes que preveem pagamento para troca de uniforme na CCT) | G12: CCT | H12: Valor | I12: 1.59
A13: Quantidade de dias trabalhados no mês | I13: 15
A14: Tarifa Transporte | G14: CCT | H14: Vr. Unitário | I14: 7.5
H15: Dias | I15: =I13 -> 15
H16: Desconto | I16: 0.06
A17: Vale Alimentação | G17: CCT | H17: Vr. Unitário | I17: 30
H18: Dias | I18: 15
H19: Desconto | I19: 0.2
A20: Auxílio Lanche | G20: CCT | H20: Vr. Unitário | I20: Não aplicável
H21: Dias | I21: Não aplicável
H22: Desconto | I22: Não aplicável
A23: Outros benefícios que refletem na planilha de custos, caso constem na CCT | G23: CCT | H23: Valor mensal | I23: Não aplicável
A24: Adicional de Supervisor (37%) | H24: Porcentagem | I24: Não aplicável
A25: Base de cálculo da insalubridade | H25: Valor | I25: Não aplicável
A26: Quantitativo de horas trabalhadas em feriados no mês (estimado) - Não aplicável para postos 12x36 | H26: Horas por mês | I26: Não aplicável
H27: Acréscimo da hora extra | I27: Não aplicável
A28: Hora Intervalar (somente para postos 12x36, quando for o caso) | H28: Horas por mês | I28: 15
A29: Sem fornecimento de materiais ou apenas fornecimento de EPIs ou uniformes, utilizar 10%. Com fornecimento de materiais ou equipamentos, utilizar 20%. (Decreto 52.768/2015, alterado pelo Decreto 53.424/2017) | H29: Porcentagem | I29: 0.1
A30: Adicional Noturno: Horas: [(60/52,5) x Nº de horas noturnas diárias] x Nº de dias trabalhados com hora noturna Valor hora: (vlr. do salário/nº de horas correspondente do salário) x 20% (noturno) | G30: CCT | H30: Nº horas | I30: =((60/52.5)*7)*15 -> 120
H31: Vr. Hora | I31: =I10/H10*20% -> 1.914
A32: Reduzida Noturna Horas Reduzidas: 60/52,5=1,143 x 7h noturnas = 8h noturnas 5h diurnas + 8h noturnas = 13h X 15 dias = 195 horas mensais 195h - 190,67 = 4,33 horas Valor hora: (vlr. do salário/nº de horas correspondente do salário) x 150% (H.Extra) | G32: CCT | H32: Nº horas | I32: =((5+7+1)*15)-190.67 -> 4.33
H33: Vr. Hora | I33: =(I10/H10)*1.5 -> 14.355
A35: MONTANTE A
A36: I | B36: Remuneração - Grupo I | H36: % | I36: Valor Mensal/unidade de serviço (R$)
A37: 1 | B37: Salário | H37: =I37/$I$55 -> 0.63472193 | I37: =IF(D6="12x36",I10,I10/H10*I5) -> 2105.4
A38: =A37+1 -> 2 | B38: Adicional Noturno 20% (Ver súmula 60 TST) | H38: =I38/$I$55 -> 0 | I38: 0
A39: =A38+1 -> 3 | B39: Adicional Periculosidade 30% | H39: =I39/$I$55 -> 0.22467823 | I39: =IF(I9=30%,(I37+I53+I46+I49+I52+I54)*I9,0) -> 745.26737
A40: =A39+1 -> 4 | B40: Adicional Insalubridade 10% (Ver súmula 228 e 139 TST) | H40: =I40/$I$55 -> 0 | I40: =IF(I7=10%,I25*I7,0) -> 0
A41: =A40+1 -> 5 | B41: Adicional Insalubridade 20% (Ver súmula 228 e 139 TST) | H41: =I41/$I$55 -> 0 | I41: =IF(I7=20%,I25*I7,0) -> 0
A42: =A41+1 -> 6 | B42: Adicional Insalubridade 40% (Ver súmula 228 e 139 TST) | H42: =I42/$I$55 -> 0 | I42: =IF(I7=40%,I25*I7,0) -> 0
A43: =A42+1 -> 7 | B43: Adicional de Supervisor (IN 05/2017 MPOG SLTI) | H43: =I43/$I$55 -> 0 | I43: =IF(I24="Não aplicável",0,I37*I24) -> 0
A44: =A43+1 -> 8 | B44: Feriados | H44: =I44/$I$55 -> 0 | I44: =IF(I26="Não aplicável",0,(I37+I38+I39+I40+I41+I42+I43+#REF!)/I5*I26*(1+I27)) -> 0
A45: =A44+1 -> 9 | B45: DSR = número total das horas extras do mês / número de dias úteis X domingos e feriados do mês X valor da hora extra com acréscimo | H45: =I45/$I$55 -> 0 | I45: =IF(I26="Não aplicável",0,I26/I13*5*(I10/H10*(1+I27))) -> 0
A46: =A45+1 -> 10 | B46: Reduzida Noturna | H46: =I46/$I$55 -> 0.018738722 | I46: =I32*I33 -> 62.15715
A47: =A46+1 -> 11 | B47: Adicional de insalubridade sobre Reduzida Noturna | H47: =I47/$I$55 -> 0 | I47: =IF(OR(I7=10%,I7=20%,I7=40%),I46*I7,0) -> 0
A48: =A47+1 -> 12 | B48: Adicional de periculosidade sobre Reduzida Noturna | H48: =I48/$I$55 -> 0.0056216167 | I48: =IF(I9=30%,I46*I9,0) -> 18.647145
A49: =A48+1 -> 13 | B49: Adicional Noturno | H49: =I49/$I$55 -> 0.069242392 | I49: =I30*I31 -> 229.68
A50: =A49+1 -> 14 | B50: Adicional de insalubridade sobre o Adicional Noturno | H50: =I50/$I$55 -> 0 | I50: =IF(OR(I7=10%,I7=20%,I7=40%),I49*I7,0) -> 0
A51: =A50+1 -> 15 | B51: Adicional de periculosidade sobre o Adicional Noturno | H51: =I51/$I$55 -> 0.020772718 | I51: =IF(I9=30%,I49*I9,0) -> 68.904
A52: =A51+1 -> 16 | B52: Integração RSRF (20%) sobre H. Extra Red. Noturna e Adic Noturno = [Reduzida Noturna + Adic. Noturno]*[Descanso Semanal Remunerado] (20%) | H52: =I52/$I$55 -> 0.017596223 | I52: =(I46+I49)*0.2 -> 58.36743
A53: =A52+1 -> 17 | B53: Adicional Troca de Uniforme | H53: =I53/$I$55 -> 0.0071901387 | I53: =I12*I13 -> 23.85
A54: =A53+1 -> 18 | B54: Integração RSF (20% sobre Ad.Troca de Uniforme) | H54: =I54/$I$55 -> 0.0014380277 | I54: =I53*20% -> 4.77
A55: Total de Remuneração | H55: =SUM(H37:H54) -> 1 | I55: =SUM(I37:I54) -> 3317.0431
A57: II | B57: Encargos Sociais - Grupo II: Obrigações Sociais | H57: % | I57: Valor Mensal/unidade de serviço (R$)
A58: 1 | B58: INSS (art. 22, inc. I, Lei nº 8.212/91) | H58: 0.2 | I58: =$I$55*H58 -> 663.40862
A59: 2 | B59: SESI ou SESC (art. 30, Lei nº 8.036/90) | H59: 0.015 | I59: =$I$55*H59 -> 49.755646
A60: 3 | B60: SENAI ou SENAC (Decreto-Lei nº 2.318/86) | H60: 0.01 | I60: =$I$55*H60 -> 33.170431
A61: 4 | B61: INCRA (art. 15I, Lei Complementar nº 011/71) | H61: 0.002 | I61: =$I$55*H61 -> 6.6340862
A62: 5 | B62: SALÁRIO EDUCAÇÃO (art. , inc. I, Decreto nº 87.043/82) | H62: 0.025 | I62: =$I$55*H62 -> 82.926077
A63: 6 | B63: FGTS (art. 15, Lei nº 8.036/90) | H63: 0.08 | I63: =$I$55*H63 -> 265.36345
A64: 7 | B64: SEG. ACIDENTE DO TRABALHO 1%, 2% e 3% (art. 22, inc. II, alíneas "b" e "c", da Lei nº 8.212/91) | H64: 0.03 | I64: =$I$55*H64 -> 99.511293
A65: 8 | B65: SEBRAE (§ 3º, art. 8º, Lei nº 8.029/90) | H65: 0.006 | I65: =$I$55*H65 -> 19.902259
A66: Total do Grupo II | H66: =SUM(H58:H65) -> 0.368 | I66: =SUM(I58:I65) -> 1220.6719
A67: Os percentuais para o SAT podem variar de 0,50% a 6,00% em função do Fator de Acidente Previdenciário (FAP), Decreto nº 6.957/2009
A68: Deverá obrigatoriamente acompanhar a proposta de preços e a planilha de custos e formação de preços a prova do Fator Acidentário de Prevenção – FAP por meio de impressão de consulta ao site do Ministério da Previdência Social (que pode ser obtido no endereço eletrônico http://www2.dataprev.gov.br/fap/fap.htm), independentemente de alteração da alíquota da parcela do Seguro Acidente de Trabalho disposta no Quadro II da referida planilha.
A69: III | B69: Encargos Sociais - Grupo III: Tempo Não Trabalhado | H69: % | I69: Valor Mensal/unidade de serviço (R$)
A70: 1 | B70: FÉRIAS GOZADAS + ADICIONAL DE FÉRIAS | H70: 0.119314 | I70: =$I$55*H70 -> 395.76968
A71: 2 | B71: FALTAS ABONADAS (3) | H71: 0.020479 | I71: =$I$55*H71 -> 67.929726
A72: 3 | B72: FALTAS LEGAIS (4) | H72: 0.012123 | I72: =$I$55*H72 -> 40.212513
A73: 4 | B73: LICENÇA MATERNIDADE | H73: 0.011436 | I73: =$I$55*H73 -> 37.933705
A74: 5 | B74: LICENÇA PATERNIDADE | H74: 0.000174 | I74: =$I$55*H74 -> 0.5771655
A75: 6 | B75: ACIDENTE DE TRABALHO | H75: 0.000442 | I75: =$I$55*H75 -> 1.466133
A76: 7 | B76: AVISO PRÉVIO TRABALHADO | H76: 0.000185 | I76: =$I$55*H76 -> 0.61365297
A77: 8 | B77: 13º SALÁRIO | H77: 0.09079 | I77: =$I$55*H77 -> 301.15434
A78: Total do Grupo III | H78: =SUM(H70:H77) -> 0.254943 | I78: =SUM(I70:I77) -> 845.65692
A79: (3) | B79: Faltas Justificadas por Auxílio Doença
A80: (4) | B80: Faltas Legais - Art. 473 CLT
A81: IV | B81: Encargos Sociais - Grupo IV: Indenizações | H81: % | I81: Valor Mensal/unidade de serviço (R$)
A82: 1 | B82: INDENIZAÇÕES | H82: 0.048321 | I82: =$I$55*H82 -> 160.28284
A83: 2 | B83: FGTS SOBRE INDENIZAÇÕES | H83: 0.003511 | I83: =$I$55*H83 -> 11.646138
A84: 3 | B84: INDENIZAÇÃO COMPENSATÓRIA POR DEMISSÃO SEM JUSTA CAUSA | H84: 0.019328 | I84: =$I$55*H84 -> 64.111809
A85: Total do Grupo IV | H85: =SUM(H82:H84) -> 0.07116 | I85: =SUM(I82:I84) -> 236.04079
A87: V | B87: Encargos Sociais - Grupo V: Incidências | H87: % | I87: Valor Mensal/unidade de serviço (R$)
A88: 1 | B88: INCIDÊNCIA GRUPO II (Obrigações Sociais) X GRUPO III (Tempo Não Trabalhado) | H88: =(H66*H78) -> 0.093819024 | I88: =$I$55*H88 -> 311.20175
A89: Total do Grupo V | H89: =SUM(H88:H88) -> 0.093819024 | I89: =I88 -> 311.20175
A91: TOTAL DOS ENCARGOS SOCIAIS (II + III + IV + V) | H91: =H66+H78+H85+H89 -> 0.78792202 | I91: =I66+I78+I85+I89 -> 2613.5713
A93: VI | B93: Demais custos relativos à Norma Coletiva ou Disposições Legais - Grupo VI | H93: % | I93: Valor Mensal/unidade de serviço (R$)
A94: 1 | B94: Auxílio Alimentação | H94: =I94/$I$55 -> 0.1085304 | I94: =I111 -> 360
A95: 2 | B95: Auxílio Lanche | H95: =I95/$I$55 -> 0 | I95: =I107 -> 0
A96: 3 | B96: Vale-Transporte⁽⁵⁾ | H96: =I96/$I$55 -> 0.029748181 | I96: =I103 -> 98.676
A97: 4 | B97: Adicional Intervalar | H97: =I97/$I$55 -> 0.064914743 | I97: =IF(I28="Não aplicável",0,((I10/H10)*1.5*I28)) -> 215.325
A98: 5 | B98: Outros | H98: =I98/$I$55 -> 0 | I98: =IF(I23="Não aplicável",0,I23) -> 0
A99: Total do Grupo VI | H99: =SUM(H94:H98) -> 0.20319332 | I99: =SUM(I94:I98) -> 674.001
A101: MEMÓRIA DE CÁLCULO DO VALE TRANSPORTE
A102: Valor Unitário | C102: Dias de Trabalho | D102: Vale p/dia | E102: Custo total | F102: Base de cálculo | G102: Percentual de desconto | H102: Valor desconto | I102: Custo efetivo
A103: =IF(I14="Não aplicável",0,I14) -> 7.5 | C103: =IF(I15="Não aplicável",0,I15) -> 15 | D103: 2 | E103: =A103*C103*D103 -> 225 | F103: =I37 -> 2105.4 | G103: =IF(I16="Não aplicável",0,I16) -> 0.06 | H103: =F103*G103 -> 126.324 | I103: =IF((E103-H103)>0,E103-H103,0) -> 98.676
A105: MEMÓRIA DE CÁLCULO DO VALE LANCHE
A106: Valor Unitário | C106: Dias por mês | D106: Vale p/dia | E106: Custo total | F106: Base de cálculo | G106: Percentual de desconto | H106: Valor desconto | I106: Custo efetivo
A107: =IF(I20="Não aplicável",0,I20) -> 0 | C107: =IF(I21="Não aplicável",0,I21) -> 0 | D107: 1 | E107: =A107*C107*D107 -> 0 | F107: =E107 -> 0 | G107: =IF(I22="Não aplicável",0,I22) -> 0 | H107: =F107*G107 -> 0 | I107: =E107-H107 -> 0
A109: MEMÓRIA DE CÁLCULO DO VALE ALIMENTAÇÃO
...

Sheet Cargo diurno Cachoeirinha
A1: PLANILHA DE CUSTOS E FORMAÇÃO DE PREÇOS DE SERVIÇOS CONTINUADOS COM DEDICAÇÃO EXCLUSIVA DE MÃO DE OBRA (ANEXO III - DECRETOS 52.768 de 15.12.2015)
A2: PROCESSO: | C2: 26/1538-0000018-7 | E2: REGIME DE TRIBUTAÇÃO: LUCRO REAL e PRESUMIDO (*)
A3: LICITAÇÃO/EDITAL | E3: ABERTURA:
A5: Cargo/Função: | D5: Vigilante | G5: =IF(D6="12x36","Regime de trabalho:","Quantidade de HORAS/MÊS") -> Regime de trabalho: | I5: =IF(D6="12x36",D6,5*D6) -> 12X36
A6: =IF(D6="12x36","Regime de trabalho:","Regime de trabalho (horas semanais):") -> Regime de trabalho: | D6: 12X36
A7: Convenção Coletiva de Trabalho: | D7: RS000837/2025 | G7: INSALUBRIDADE (10%, 20%, 40%) | I7: Não aplicável
A8: Origem do salário: | D8: CCT
A9: Cidade: | D9: Cachoeirinha | G9: PERICULOSIDADE (30%) | I9: 0.3
A10: Salário Normativo | G10: Vlr. do salário e nº de horas correspondentes | H10: 220 | I10: 2105.4
A11: ISS | H11: Alíquota | I11: 0.025
A12: Adicional Troca de Uniforme (somente para postos de vigilantes que preveem pagamento para troca de uniforme na CCT) | G12: CCT | H12: Valor | I12: 1.59
A13: Quantidade de dias trabalhados no mês | I13: 15
A14: Tarifa Transporte | G14: CCT | H14: Vr. Unitário | I14: 9
H15: Dias | I15: =I13 -> 15
H16: Desconto | I16: 0.06
A17: Auxílio Alimentação | G17: CCT | H17: Vr. Unitário | I17: 30
H18: Dias | I18: =I13 -> 15
H19: Desconto | I19: 0.2
A20: Auxílio Lanche | G20: CCT | H20: Vr. Unitário | I20: Não aplicável
H21: Dias | I21: Não aplicável
H22: Desconto | I22: Não aplicável
A23: Outros benefícios que refletem na planilha de custos, caso constem na CCT | G23: CCT | H23: Valor mensal | I23: Não aplicável
A24: Adicional de Supervisor (37%) | H24: Porcentagem | I24: Não aplicável
A25: Base de cálculo da insalubridade | H25: Valor | I25: Não aplicável
A26: Quantitativo de horas trabalhadas em feriados no mês (estimado) - Não aplicável para postos 12x36 | H26: Horas por mês | I26: Não aplicável
H27: Acréscimo da hora extra | I27: Não aplicável
A28: Hora Intervalar | H28: Horas por mês | I28: 15
A29: Sem fornecimento de materiais ou apenas fornecimento de EPIs ou uniformes, utilizar 10%. Com fornecimento de materiais ou equipamentos, utilizar 20%. (Decreto 52.768/2015, alterado pelo Decreto 53.424/2017) | H29: Porcentagem | I29: 0.1
A35: MONTANTE A
A36: I | B36: Remuneração - Grupo I | H36: % | I36: Valor Mensal/unidade de serviço (R$)
A37: 1 | B37: Salário | H37: =I37/$I$48 -> 0.75891438 | I37: =IF(D6="12x36",I10,I10/H10*I5) -> 2105.4
A38: =A37+1 -> 2 | B38: Adicional Periculosidade 30% | H38: =I38/$I$48 -> 0.23076923 | I38: =IF(I9=30%,(I37+I45+I46)*I9,0) -> 640.206
A39: =A38+1 -> 3 | B39: Adicional Insalubridade 10% (Ver súmula 228 e 139 TST) | H39: =I39/$I$48 -> 0 | I39: =IF(I7=10%,I25*I7,0) -> 0
A40: =A39+1 -> 4 | B40: Adicional Insalubridade 20% (Ver súmula 228 e 139 TST) | H40: =I40/$I$48 -> 0 | I40: =IF(I7=20%,I25*I7,0) -> 0
A41: =A40+1 -> 5 | B41: Adicional Insalubridade 40% (Ver súmula 228 e 139 TST) | H41: =I41/$I$48 -> 0 | I41: =IF(I7=40%,I25*I7,0) -> 0
A42: =A41+1 -> 6 | B42: Adicional de Supervisor (IN 05/2017 MPOG SLTI) | H42: =I42/$I$48 -> 0 | I42: =IF(I24="Não aplicável",0,I37*I24) -> 0
A43: =A42+1 -> 7 | B43: Feriados | H43: =I43/$I$48 -> 0 | I43: =IF(I26="Não aplicável",0,(I37+I38+I39+I40+I41+I42+I47)/I5*I26*(1+I27)) -> 0
A44: =A43+1 -> 8 | B44: DSR = número total das horas extras do mês / número de dias úteis X domingos e feriados do mês X valor da hora extra com acréscimo | H44: =I44/$I$48 -> 0 | I44: =IF(I26="Não aplicável",0,I26/I13*5*(I10/H10*(1+I27))) -> 0
A45: =A44+1 -> 9 | B45: Adicional Troca de Uniforme | H45: =I45/$I$48 -> 0.0085969925 | I45: =I12*I13 -> 23.85
A46: =A45+1 -> 10 | B46: Integração RSF (20% sobre Ad.Troca de Uniforme - somente para vigilantes) | H46: =I46/$I$48 -> 0.0017193985 | I46: =I45*20% -> 4.77
A47: =A46+1 -> 11 | B47: =IF(D6="12x36","Para postos 12x36 os feriados são considerados compensados, conforme parágrafo único, Art. 59-A da CLT","Outros") -> Para postos 12x36 os feriados são considerados compensados, conforme parágrafo único, Art. 59-A da CLT | H47: =I47/$I$48 -> 0 | I47: 0
A48: Total de Remuneração | H48: =SUM(H37:H47) -> 1 | I48: =SUM(I37:I47) -> 2774.226
A57: II | B57: Encargos Sociais - Grupo II: Obrigações Sociais | H57: % | I57: Valor Mensal/unidade de serviço (R$)
A58: 1 | B58: INSS (art. 22, inc. I, Lei nº 8.212/91) | H58: 0.2 | I58: =$I$48*H58 -> 554.8452
A59: 2 | B59: SESI ou SESC (art. 30, Lei nº 8.036/90) | H59: 0.015 | I59: =$I$48*H59 -> 41.61339
A60: 3 | B60: SENAI ou SENAC (Decreto-Lei nº 2.318/86) | H60: 0.01 | I60: =$I$48*H60 -> 27.74226
A61: 4 | B61: INCRA (art. 15I, Lei Complementar nº 011/71) | H61: 0.002 | I61: =$I$48*H61 -> 5.548452
A62: 5 | B62: SALÁRIO EDUCAÇÃO (art. , inc. I, Decreto nº 87.043/82) | H62: 0.025 | I62: =$I$48*H62 -> 69.35565
A63: 6 | B63: FGTS (art. 15, Lei nº 8.036/90) | H63: 0.08 | I63: =$I$48*H63 -> 221.93808
A64: 7 | B64: SEG. ACIDENTE DO TRABALHO 1%, 2% e 3% (art. 22, inc. II, alíneas "b" e "c", da Lei nº 8.212/91) | H64: 0.03 | I64: =$I$48*H64 -> 83.22678
A65: 8 | B65: SEBRAE (§ 3º, art. 8º, Lei nº 8.029/90) | H65: 0.006 | I65: =$I$48*H65 -> 16.645356
A66: Total do Grupo II | H66: =SUM(H58:H65) -> 0.368 | I66: =SUM(I58:I65) -> 1020.9152
A67: Os percentuais para o SAT podem variar de 0,50% a 6,00% em função do Fator de Acidente Previdenciário (FAP), Decreto nº 6.957/2009
A68: Deverá obrigatoriamente acompanhar a proposta de preços e a planilha de custos e formação de preços a prova do Fator Acidentário de Prevenção – FAP por meio de impressão de consulta ao site do Ministério da Previdência Social (que pode ser obtido no endereço eletrônico http://www2.dataprev.gov.br/fap/fap.htm), independentemente de alteração da alíquota da parcela do Seguro Acidente de Trabalho disposta no Quadro II da referida planilha.
A69: III | B69: Encargos Sociais - Grupo III: Tempo Não Trabalhado | H69: % | I69: Valor Mensal/unidade de serviço (R$)
A70: 1 | B70: FÉRIAS GOZADAS + ADICIONAL DE FÉRIAS | H70: 0.119314 | I70: =$I$48*H70 -> 331.004
A71: 2 | B71: FALTAS ABONADAS (3) | H71: 0.020479 | I71: =$I$48*H71 -> 56.813374
A72: 3 | B72: FALTAS LEGAIS (4) | H72: 0.012123 | I72: =$I$48*H72 -> 33.631942
A73: 4 | B73: LICENÇA MATERNIDADE | H73: 0.011436 | I73: =$I$48*H73 -> 31.726049
A74: 5 | B74: LICENÇA PATERNIDADE | H74: 0.000174 | I74: =$I$48*H74 -> 0.48271532
A75: 6 | B75: ACIDENTE DE TRABALHO | H75: 0.000442 | I75: =$I$48*H75 -> 1.2262079
A76: 7 | B76: AVISO PRÉVIO TRABALHADO | H76: 0.000185 | I76: =$I$48*H76 -> 0.51323181
A77: 8 | B77: 13º SALÁRIO | H77: 0.09079 | I77: =$I$48*H77 -> 251.87198
A78: Total do Grupo III | H78: =SUM(H70:H77) -> 0.254943 | I78: =SUM(I70:I77) -> 707.2695
A79: (3) | B79: Faltas Justificadas por Auxílio Doença
A80: (4) | B80: Faltas Legais - Art. 473 CLT
A81: IV | B81: Encargos Sociais - Grupo IV: Indenizações | H81: % | I81: Valor Mensal/unidade de serviço (R$)
A82: 1 | B82: INDENIZAÇÕES | H82: 0.048321 | I82: =$I$48*H82 -> 134.05337
A83: 2 | B83: FGTS SOBRE INDENIZAÇÕES | H83: 0.003511 | I83: =$I$48*H83 -> 9.7403075
A84: 3 | B84: INDENIZAÇÃO COMPENSATÓRIA POR DEMISSÃO SEM JUSTA CAUSA | H84: 0.019328 | I84: =$I$48*H84 -> 53.62024
A85: Total do Grupo IV | H85: =SUM(H82:H84) -> 0.07116 | I85: =SUM(I82:I84) -> 197.41392
A87: V | B87: Encargos Sociais - Grupo V: Incidências | H87: % | I87: Valor Mensal/unidade de serviço (R$)
A88: 1 | B88: INCIDÊNCIA GRUPO II (Obrigações Sociais) X GRUPO III (Tempo Não Trabalhado) | H88: =(H66*H78) -> 0.093819024 | I88: =$I$48*H88 -> 260.27518
A89: Total do Grupo V | H89: =SUM(H88:H88) -> 0.093819024 | I89: =I88 -> 260.27518
A91: TOTAL DOS ENCARGOS SOCIAIS (II + III + IV + V) | H91: =H66+H78+H85+H89 -> 0.78792202 | I91: =I66+I78+I85+I89 -> 2185.8738
A93: VI | B93: Demais custos relativos à Norma Coletiva ou Disposições Legais - Grupo VI | H93: % | I93: Valor Mensal/unidade de serviço (R$)
A94: 1 | B94: Auxílio Alimentação | H94: =I94/$I$48 -> 0.12976592 | I94: =I111 -> 360
A95: 2 | B95: Auxílio Lanche | H95: =I95/$I$48 -> 0 | I95: =I107 -> 0
A96: 3 | B96: Vale-Transporte⁽⁵⁾ | H96: =I96/$I$48 -> 0.05178958 | I96: =I103 -> 143.676
A97: 4 | B97: Adicional Intervalar | H97: =I97/$I$48 -> 0.077616243 | I97: =IF(I28="Não aplicável",0,((I10/H10)*1.5*I28)) -> 215.325
A98: 5 | B98: Outros | H98: =I98/$I$48 -> 0 | I98: =IF(I23="Não aplicável",0,I23) -> 0
A99: Total do Grupo VI | H99: =SUM(H94:H98) -> 0.25917175 | I99: =SUM(I94:I98) -> 719.001
A100: (5) | B100: O valor do vale-transporte pode variar de acordo com o modal fornecido pelo empregador.
A101: MEMÓRIA DE CÁLCULO DO VALE TRANSPORTE
A102: Valor Unitário | C102: Dias de Trabalho | D102: Vale p/dia | E102: Custo total | F102: Base de cálculo | G102: Percentual de desconto | H102: Valor desconto | I102: Custo efetivo
A103: =IF(I14="Não aplicável",0,I14) -> 9 | C103: =IF(I15="Não aplicável",0,I15) -> 15 | D103: 2 | E103: =A103*C103*D103 -> 270 | F103: =I37 -> 2105.4 | G103: =IF(I16="Não aplicável",0,I16) -> 0.06 | H103: =F103*G103 -> 126.324 | I103: =IF((E103-H103)>0,E103-H103,0) -> 143.676
A105: MEMÓRIA DE CÁLCULO DO VALE LANCHE
A106: Valor Unitário | C106: Dias por mês | D106: Vale p/dia | E106: Custo total | F106: Base de cálculo | G106: Percentual de desconto | H106: Valor desconto | I106: Custo efetivo
A107: =IF(I20="Não aplicável",0,I20) -> 0 | C107: =IF(I21="Não aplicável",0,I21) -> 0 | D107: 1 | E107: =A107*C107*D107 -> 0 | F107: =E107 -> 0 | G107: =IF(I22="Não aplicável",0,I22) -> 0 | H107: =F107*G107 -> 0 | I107: =E107-H107 -> 0
A109: MEMÓRIA DE CÁLCULO DO VALE ALIMENTAÇÃO
A110: Valor Unitário | C110: Dias por mês | D110: Vale p/dia | E110: Custo total | F110: Base de cálculo | G110: Percentual de desconto | H110: =H102 -> Valor desconto | I110: Custo efetivo
A111: =IF(I17="Não aplicável",0,I17) -> 30 | C111: =IF(I18="Não aplicável",0,I18) -> 15 | D111: 1 | E111: =A111*C111*D111 -> 450 | F111: =E111 -> 450 | G111: =IF(I19="Não aplicável",0,I19) -> 0.2 | H111: =F111*G111 -> 90 | I111: =E111-H111 -> 360
A113: TOTAL DO MONTANTE A (I + II + III+ IV + V +VI) | H113: =H48+H91+H99 -> 2.0470938 | I113: =I48+I91+I99 -> 5679.1008
A115: MONTANTE B
A116: I | B116: Despesas Diretas | H116: % | I116: Valor Mensal/unidade de serviço (R$)
A117: 1 | B117: Transporte (6) | H117: =I117/$I$128 -> 0 | I117: 0
A118: 2 | B118: Uniformes/EPI (6a) | H118: =I118/$I$128 -> 0.1 | I118: =IF(F126=10%,G126,0) -> 553.54248
A119: 3 | B119: Seguro de vida | H119: =I119/$I$128 -> 0 | I119: 0
A120: 4 | B120: Materiais/Equipamentos | H120: =I120/$I$128 -> 0 | I120: =IF(F126=20%,G126,0) -> 0
A121: 5 | B121: Mobilização (7) | H121: =I121/$I$128 -> 0 | I121: 0
...

Sheet Cargo noturno Cachoeirinha 
A1: PLANILHA DE CUSTOS E FORMAÇÃO DE PREÇOS DE SERVIÇOS CONTINUADOS COM DEDICAÇÃO EXCLUSIVA DE MÃO DE OBRA (ANEXO III - DECRETOS 52.768 de 15.12.2015)
A2: PROCESSO: | C2: 26/1538-0000018-7 | E2: REGIME DE TRIBUTAÇÃO: LUCRO REAL e PRESUMIDO (*)
A3: LICITAÇÃO/EDITAL | E3: ABERTURA:
A5: Cargo/Função: | D5: Vigilante | G5: =IF(D6="12x36","Regime de trabalho:","Quantidade de HORAS/MÊS") -> Regime de trabalho: | I5: =IF(D6="12x36",D6,5*D6) -> 12X36
A6: =IF(D6="12x36","Regime de trabalho:","Regime de trabalho (horas semanais):") -> Regime de trabalho: | D6: 12X36
A7: Convenção Coletiva de Trabalho: | D7: RS000837/2025 | G7: INSALUBRIDADE (10%, 20%, 40%) | I7: Não aplicável
A8: Origem do salário: | D8: CCT
A9: Cidade: | D9: Cachoeirrinha | G9: PERICULOSIDADE (30%) | I9: 0.3
A10: Salário Normativo | G10: Vlr. do salário e nº de horas correspondentes | H10: 220 | I10: 2105.4
A11: ISS | G11: =D9 -> Cachoeirrinha | H11: Alíquota | I11: 0.025
A12: Adicional Troca de Uniforme (somente para postos de vigilantes que preveem pagamento para troca de uniforme na CCT) | G12: CCT | H12: Valor | I12: 1.59
A13: Quantidade de dias trabalhados no mês | I13: 15
A14: Tarifa Transporte | G14: CCT | H14: Vr. Unitário | I14: 9
H15: Dias | I15: =I13 -> 15
H16: Desconto | I16: 0.06
A17: Vale Alimentação | G17: CCT | H17: Vr. Unitário | I17: 30
H18: Dias | I18: 15
H19: Desconto | I19: 0.2
A20: Auxílio Lanche | G20: CCT | H20: Vr. Unitário | I20: Não aplicável
H21: Dias | I21: Não aplicável
H22: Desconto | I22: Não aplicável
A23: Outros benefícios que refletem na planilha de custos, caso constem na CCT | G23: CCT | H23: Valor mensal | I23: Não aplicável
A24: Adicional de Supervisor (37%) | H24: Porcentagem | I24: Não aplicável
A25: Base de cálculo da insalubridade | H25: Valor | I25: Não aplicável
A26: Quantitativo de horas trabalhadas em feriados no mês (estimado) - Não aplicável para postos 12x36 | H26: Horas por mês | I26: Não aplicável
H27: Acréscimo da hora extra | I27: Não aplicável
A28: Hora Intervalar (somente para postos 12x36, quando for o caso) | H28: Horas por mês | I28: 15
A29: Sem fornecimento de materiais ou apenas fornecimento de EPIs ou uniformes, utilizar 10%. Com fornecimento de materiais ou equipamentos, utilizar 20%. (Decreto 52.768/2015, alterado pelo Decreto 53.424/2017) | H29: Porcentagem | I29: 0.1
A30: Adicional Noturno: Horas: [(60/52,5) x Nº de horas noturnas diárias] x Nº de dias trabalhados com hora noturna Valor hora: (vlr. do salário/nº de horas correspondente do salário) x 20% (noturno) | G30: CCT | H30: Nº horas | I30: =((60/52.5)*7)*15 -> 120
H31: Vr. Hora | I31: =I10/H10*20% -> 1.914
A32: Reduzida Noturna Horas Reduzidas: 60/52,5=1,143 x 7h noturnas = 8h noturnas 5h diurnas + 8h noturnas = 13h X 15 dias = 195 horas mensais 195h - 190,67 = 4,33 horas Valor hora: (vlr. do salário/nº de horas correspondente do salário) x 150% (H.Extra) | G32: CCT | H32: Nº horas | I32: =((5+7+1)*15)-190.67 -> 4.33
H33: Vr. Hora | I33: =(I10/H10)*1.5 -> 14.355
A35: MONTANTE A
A36: I | B36: Remuneração - Grupo I | H36: % | I36: Valor Mensal/unidade de serviço (R$)
A37: 1 | B37: Salário | H37: =I37/$I$55 -> 0.63472193 | I37: =IF(D6="12x36",I10,I10/H10*I5) -> 2105.4
A38: =A37+1 -> 2 | B38: Adicional Noturno 20% (Ver súmula 60 TST) | H38: =I38/$I$55 -> 0 | I38: 0
A39: =A38+1 -> 3 | B39: Adicional Periculosidade 30% | H39: =I39/$I$55 -> 0.22467823 | I39: =IF(I9=30%,(I37+I53+I46+I49+I52+I54)*I9,0) -> 745.26737
A40: =A39+1 -> 4 | B40: Adicional Insalubridade 10% (Ver súmula 228 e 139 TST) | H40: =I40/$I$55 -> 0 | I40: =IF(I7=10%,I25*I7,0) -> 0
A41: =A40+1 -> 5 | B41: Adicional Insalubridade 20% (Ver súmula 228 e 139 TST) | H41: =I41/$I$55 -> 0 | I41: =IF(I7=20%,I25*I7,0) -> 0
A42: =A41+1 -> 6 | B42: Adicional Insalubridade 40% (Ver súmula 228 e 139 TST) | H42: =I42/$I$55 -> 0 | I42: =IF(I7=40%,I25*I7,0) -> 0
A43: =A42+1 -> 7 | B43: Adicional de Supervisor (IN 05/2017 MPOG SLTI) | H43: =I43/$I$55 -> 0 | I43: =IF(I24="Não aplicável",0,I37*I24) -> 0
A44: =A43+1 -> 8 | B44: Feriados | H44: =I44/$I$55 -> 0 | I44: =IF(I26="Não aplicável",0,(I37+I38+I39+I40+I41+I42+I43+#REF!)/I5*I26*(1+I27)) -> 0
A45: =A44+1 -> 9 | B45: DSR = número total das horas extras do mês / número de dias úteis X domingos e feriados do mês X valor da hora extra com acréscimo | H45: =I45/$I$55 -> 0 | I45: =IF(I26="Não aplicável",0,I26/I13*5*(I10/H10*(1+I27))) -> 0
A46: =A45+1 -> 10 | B46: Reduzida Noturna | H46: =I46/$I$55 -> 0.018738722 | I46: =I32*I33 -> 62.15715
A47: =A46+1 -> 11 | B47: Adicional de insalubridade sobre Reduzida Noturna | H47: =I47/$I$55 -> 0 | I47: =IF(OR(I7=10%,I7=20%,I7=40%),I46*I7,0) -> 0
A48: =A47+1 -> 12 | B48: Adicional de periculosidade sobre Reduzida Noturna | H48: =I48/$I$55 -> 0.0056216167 | I48: =IF(I9=30%,I46*I9,0) -> 18.647145
A49: =A48+1 -> 13 | B49: Adicional Noturno | H49: =I49/$I$55 -> 0.069242392 | I49: =I30*I31 -> 229.68
A50: =A49+1 -> 14 | B50: Adicional de insalubridade sobre o Adicional Noturno | H50: =I50/$I$55 -> 0 | I50: =IF(OR(I7=10%,I7=20%,I7=40%),I49*I7,0) -> 0
A51: =A50+1 -> 15 | B51: Adicional de periculosidade sobre o Adicional Noturno | H51: =I51/$I$55 -> 0.020772718 | I51: =IF(I9=30%,I49*I9,0) -> 68.904
A52: =A51+1 -> 16 | B52: Integração RSRF (20%) sobre H. Extra Red. Noturna e Adic Noturno = [Reduzida Noturna + Adic. Noturno]*[Descanso Semanal Remunerado] (20%) | H52: =I52/$I$55 -> 0.017596223 | I52: =(I46+I49)*0.2 -> 58.36743
A53: =A52+1 -> 17 | B53: Adicional Troca de Uniforme | H53: =I53/$I$55 -> 0.0071901387 | I53: =I12*I13 -> 23.85
A54: =A53+1 -> 18 | B54: Integração RSF (20% sobre Ad.Troca de Uniforme) | H54: =I54/$I$55 -> 0.0014380277 | I54: =I53*20% -> 4.77
A55: Total de Remuneração | H55: =SUM(H37:H54) -> 1 | I55: =SUM(I37:I54) -> 3317.0431
A57: II | B57: Encargos Sociais - Grupo II: Obrigações Sociais | H57: % | I57: Valor Mensal/unidade de serviço (R$)
A58: 1 | B58: INSS (art. 22, inc. I, Lei nº 8.212/91) | H58: 0.2 | I58: =$I$55*H58 -> 663.40862
A59: 2 | B59: SESI ou SESC (art. 30, Lei nº 8.036/90) | H59: 0.015 | I59: =$I$55*H59 -> 49.755646
A60: 3 | B60: SENAI ou SENAC (Decreto-Lei nº 2.318/86) | H60: 0.01 | I60: =$I$55*H60 -> 33.170431
A61: 4 | B61: INCRA (art. 15I, Lei Complementar nº 011/71) | H61: 0.002 | I61: =$I$55*H61 -> 6.6340862
A62: 5 | B62: SALÁRIO EDUCAÇÃO (art. , inc. I, Decreto nº 87.043/82) | H62: 0.025 | I62: =$I$55*H62 -> 82.926077
A63: 6 | B63: FGTS (art. 15, Lei nº 8.036/90) | H63: 0.08 | I63: =$I$55*H63 -> 265.36345
A64: 7 | B64: SEG. ACIDENTE DO TRABALHO 1%, 2% e 3% (art. 22, inc. II, alíneas "b" e "c", da Lei nº 8.212/91) | H64: 0.03 | I64: =$I$55*H64 -> 99.511293
A65: 8 | B65: SEBRAE (§ 3º, art. 8º, Lei nº 8.029/90) | H65: 0.006 | I65: =$I$55*H65 -> 19.902259
A66: Total do Grupo II | H66: =SUM(H58:H65) -> 0.368 | I66: =SUM(I58:I65) -> 1220.6719
A67: Os percentuais para o SAT podem variar de 0,50% a 6,00% em função do Fator de Acidente Previdenciário (FAP), Decreto nº 6.957/2009
A68: Deverá obrigatoriamente acompanhar a proposta de preços e a planilha de custos e formação de preços a prova do Fator Acidentário de Prevenção – FAP por meio de impressão de consulta ao site do Ministério da Previdência Social (que pode ser obtido no endereço eletrônico http://www2.dataprev.gov.br/fap/fap.htm), independentemente de alteração da alíquota da parcela do Seguro Acidente de Trabalho disposta no Quadro II da referida planilha.
A69: III | B69: Encargos Sociais - Grupo III: Tempo Não Trabalhado | H69: % | I69: Valor Mensal/unidade de serviço (R$)
A70: 1 | B70: FÉRIAS GOZADAS + ADICIONAL DE FÉRIAS | H70: 0.119314 | I70: =$I$55*H70 -> 395.76968
A71: 2 | B71: FALTAS ABONADAS (3) | H71: 0.020479 | I71: =$I$55*H71 -> 67.929726
A72: 3 | B72: FALTAS LEGAIS (4) | H72: 0.012123 | I72: =$I$55*H72 -> 40.212513
A73: 4 | B73: LICENÇA MATERNIDADE | H73: 0.011436 | I73: =$I$55*H73 -> 37.933705
A74: 5 | B74: LICENÇA PATERNIDADE | H74: 0.000174 | I74: =$I$55*H74 -> 0.5771655
A75: 6 | B75: ACIDENTE DE TRABALHO | H75: 0.000442 | I75: =$I$55*H75 -> 1.466133
A76: 7 | B76: AVISO PRÉVIO TRABALHADO | H76: 0.000185 | I76: =$I$55*H76 -> 0.61365297
A77: 8 | B77: 13º SALÁRIO | H77: 0.09079 | I77: =$I$55*H77 -> 301.15434
A78: Total do Grupo III | H78: =SUM(H70:H77) -> 0.254943 | I78: =SUM(I70:I77) -> 845.65692
A79: (3) | B79: Faltas Justificadas por Auxílio Doença
A80: (4) | B80: Faltas Legais - Art. 473 CLT
A81: IV | B81: Encargos Sociais - Grupo IV: Indenizações | H81: % | I81: Valor Mensal/unidade de serviço (R$)
A82: 1 | B82: INDENIZAÇÕES | H82: 0.048321 | I82: =$I$55*H82 -> 160.28284
A83: 2 | B83: FGTS SOBRE INDENIZAÇÕES | H83: 0.003511 | I83: =$I$55*H83 -> 11.646138
A84: 3 | B84: INDENIZAÇÃO COMPENSATÓRIA POR DEMISSÃO SEM JUSTA CAUSA | H84: 0.019328 | I84: =$I$55*H84 -> 64.111809
A85: Total do Grupo IV | H85: =SUM(H82:H84) -> 0.07116 | I85: =SUM(I82:I84) -> 236.04079
A87: V | B87: Encargos Sociais - Grupo V: Incidências | H87: % | I87: Valor Mensal/unidade de serviço (R$)
A88: 1 | B88: INCIDÊNCIA GRUPO II (Obrigações Sociais) X GRUPO III (Tempo Não Trabalhado) | H88: =(H66*H78) -> 0.093819024 | I88: =$I$55*H88 -> 311.20175
A89: Total do Grupo V | H89: =SUM(H88:H88) -> 0.093819024 | I89: =I88 -> 311.20175
A91: TOTAL DOS ENCARGOS SOCIAIS (II + III + IV + V) | H91: =H66+H78+H85+H89 -> 0.78792202 | I91: =I66+I78+I85+I89 -> 2613.5713
A93: VI | B93: Demais custos relativos à Norma Coletiva ou Disposições Legais - Grupo VI | H93: % | I93: Valor Mensal/unidade de serviço (R$)
A94: 1 | B94: Auxílio Alimentação | H94: =I94/$I$55 -> 0.1085304 | I94: =I111 -> 360
A95: 2 | B95: Auxílio Lanche | H95: =I95/$I$55 -> 0 | I95: =I107 -> 0
A96: 3 | B96: Vale-Transporte⁽⁵⁾ | H96: =I96/$I$55 -> 0.043314481 | I96: =I103 -> 143.676
A97: 4 | B97: Adicional Intervalar | H97: =I97/$I$55 -> 0.064914743 | I97: =IF(I28="Não aplicável",0,((I10/H10)*1.5*I28)) -> 215.325
A98: 5 | B98: Outros | H98: =I98/$I$55 -> 0 | I98: =IF(I23="Não aplicável",0,I23) -> 0
A99: Total do Grupo VI | H99: =SUM(H94:H98) -> 0.21675962 | I99: =SUM(I94:I98) -> 719.001
A101: MEMÓRIA DE CÁLCULO DO VALE TRANSPORTE
A102: Valor Unitário | C102: Dias de Trabalho | D102: Vale p/dia | E102: Custo total | F102: Base de cálculo | G102: Percentual de desconto | H102: Valor desconto | I102: Custo efetivo
A103: =IF(I14="Não aplicável",0,I14) -> 9 | C103: =IF(I15="Não aplicável",0,I15) -> 15 | D103: 2 | E103: =A103*C103*D103 -> 270 | F103: =I37 -> 2105.4 | G103: =IF(I16="Não aplicável",0,I16) -> 0.06 | H103: =F103*G103 -> 126.324 | I103: =IF((E103-H103)>0,E103-H103,0) -> 143.676
A105: MEMÓRIA DE CÁLCULO DO VALE LANCHE
A106: Valor Unitário | C106: Dias por mês | D106: Vale p/dia | E106: Custo total | F106: Base de cálculo | G106: Percentual de desconto | H106: Valor desconto | I106: Custo efetivo
A107: =IF(I20="Não aplicável",0,I20) -> 0 | C107: =IF(I21="Não aplicável",0,I21) -> 0 | D107: 1 | E107: =A107*C107*D107 -> 0 | F107: =E107 -> 0 | G107: =IF(I22="Não aplicável",0,I22) -> 0 | H107: =F107*G107 -> 0 | I107: =E107-H107 -> 0
A109: MEMÓRIA DE CÁLCULO DO VALE ALIMENTAÇÃO
...

Sheet Cargo diurno Pamares do Sul 
A1: PLANILHA DE CUSTOS E FORMAÇÃO DE PREÇOS DE SERVIÇOS CONTINUADOS COM DEDICAÇÃO EXCLUSIVA DE MÃO DE OBRA (ANEXO III - DECRETOS 52.768 de 15.12.2015)
A2: PROCESSO: | C2: 26/1538-0000018-7 | E2: REGIME DE TRIBUTAÇÃO: LUCRO REAL e PRESUMIDO (*)
A3: LICITAÇÃO/EDITAL | E3: ABERTURA:
A5: Cargo/Função: | D5: Vigilante | G5: =IF(D6="12x36","Regime de trabalho:","Quantidade de HORAS/MÊS") -> Regime de trabalho: | I5: =IF(D6="12x36",D6,5*D6) -> 12X36
A6: =IF(D6="12x36","Regime de trabalho:","Regime de trabalho (horas semanais):") -> Regime de trabalho: | D6: 12X36
A7: Convenção Coletiva de Trabalho: | D7: RS000837/2025 | G7: INSALUBRIDADE (10%, 20%, 40%) | I7: Não aplicável
A8: Origem do salário: | D8: CCT
A9: Cidade: | D9: Palmares do Sul | G9: PERICULOSIDADE (30%) | I9: 0.3
A10: Salário Normativo | G10: Vlr. do salário e nº de horas correspondentes | H10: 220 | I10: 2105.4
A11: ISS | H11: Alíquota | I11: 0.03
A12: Adicional Troca de Uniforme (somente para postos de vigilantes que preveem pagamento para troca de uniforme na CCT) | G12: CCT | H12: Valor | I12: 1.59
A13: Quantidade de dias trabalhados no mês | I13: 15
A14: Tarifa Transporte | G14: CCT | H14: Vr. Unitário | I14: 5
H15: Dias | I15: =I13 -> 15
H16: Desconto | I16: 0.06
A17: Auxílio Alimentação | G17: CCT | H17: Vr. Unitário | I17: 30
H18: Dias | I18: =I13 -> 15
H19: Desconto | I19: 0.2
A20: Auxílio Lanche | G20: CCT | H20: Vr. Unitário | I20: Não aplicável
H21: Dias | I21: Não aplicável
H22: Desconto | I22: Não aplicável
A23: Outros benefícios que refletem na planilha de custos, caso constem na CCT | G23: CCT | H23: Valor mensal | I23: Não aplicável
A24: Adicional de Supervisor (37%) | H24: Porcentagem | I24: Não aplicável
A25: Base de cálculo da insalubridade | H25: Valor | I25: Não aplicável
A26: Quantitativo de horas trabalhadas em feriados no mês (estimado) - Não aplicável para postos 12x36 | H26: Horas por mês | I26: Não aplicável
H27: Acréscimo da hora extra | I27: Não aplicável
A28: Hora Intervalar | H28: Horas por mês | I28: 15
A29: Sem fornecimento de materiais ou apenas fornecimento de EPIs ou uniformes, utilizar 10%. Com fornecimento de materiais ou equipamentos, utilizar 20%. (Decreto 52.768/2015, alterado pelo Decreto 53.424/2017) | H29: Porcentagem | I29: 0.1
A35: MONTANTE A
A36: I | B36: Remuneração - Grupo I | H36: % | I36: Valor Mensal/unidade de serviço (R$)
A37: 1 | B37: Salário | H37: =I37/$I$48 -> 0.75891438 | I37: =IF(D6="12x36",I10,I10/H10*I5) -> 2105.4
A38: =A37+1 -> 2 | B38: Adicional Periculosidade 30% | H38: =I38/$I$48 -> 0.23076923 | I38: =IF(I9=30%,(I37+I45+I46)*I9,0) -> 640.206
A39: =A38+1 -> 3 | B39: Adicional Insalubridade 10% (Ver súmula 228 e 139 TST) | H39: =I39/$I$48 -> 0 | I39: =IF(I7=10%,I25*I7,0) -> 0
A40: =A39+1 -> 4 | B40: Adicional Insalubridade 20% (Ver súmula 228 e 139 TST) | H40: =I40/$I$48 -> 0 | I40: =IF(I7=20%,I25*I7,0) -> 0
A41: =A40+1 -> 5 | B41: Adicional Insalubridade 40% (Ver súmula 228 e 139 TST) | H41: =I41/$I$48 -> 0 | I41: =IF(I7=40%,I25*I7,0) -> 0
A42: =A41+1 -> 6 | B42: Adicional de Supervisor (IN 05/2017 MPOG SLTI) | H42: =I42/$I$48 -> 0 | I42: =IF(I24="Não aplicável",0,I37*I24) -> 0
A43: =A42+1 -> 7 | B43: Feriados | H43: =I43/$I$48 -> 0 | I43: =IF(I26="Não aplicável",0,(I37+I38+I39+I40+I41+I42+I47)/I5*I26*(1+I27)) -> 0
A44: =A43+1 -> 8 | B44: DSR = número total das horas extras do mês / número de dias úteis X domingos e feriados do mês X valor da hora extra com acréscimo | H44: =I44/$I$48 -> 0 | I44: =IF(I26="Não aplicável",0,I26/I13*5*(I10/H10*(1+I27))) -> 0
A45: =A44+1 -> 9 | B45: Adicional Troca de Uniforme | H45: =I45/$I$48 -> 0.0085969925 | I45: =I12*I13 -> 23.85
A46: =A45+1 -> 10 | B46: Integração RSF (20% sobre Ad.Troca de Uniforme - somente para vigilantes) | H46: =I46/$I$48 -> 0.0017193985 | I46: =I45*20% -> 4.77
A47: =A46+1 -> 11 | B47: =IF(D6="12x36","Para postos 12x36 os feriados são considerados compensados, conforme parágrafo único, Art. 59-A da CLT","Outros") -> Para postos 12x36 os feriados são considerados compensados, conforme parágrafo único, Art. 59-A da CLT | H47: =I47/$I$48 -> 0 | I47: 0
A48: Total de Remuneração | H48: =SUM(H37:H47) -> 1 | I48: =SUM(I37:I47) -> 2774.226
A57: II | B57: Encargos Sociais - Grupo II: Obrigações Sociais | H57: % | I57: Valor Mensal/unidade de serviço (R$)
A58: 1 | B58: INSS (art. 22, inc. I, Lei nº 8.212/91) | H58: 0.2 | I58: =$I$48*H58 -> 554.8452
A59: 2 | B59: SESI ou SESC (art. 30, Lei nº 8.036/90) | H59: 0.015 | I59: =$I$48*H59 -> 41.61339
A60: 3 | B60: SENAI ou SENAC (Decreto-Lei nº 2.318/86) | H60: 0.01 | I60: =$I$48*H60 -> 27.74226
A61: 4 | B61: INCRA (art. 15I, Lei Complementar nº 011/71) | H61: 0.002 | I61: =$I$48*H61 -> 5.548452
A62: 5 | B62: SALÁRIO EDUCAÇÃO (art. , inc. I, Decreto nº 87.043/82) | H62: 0.025 | I62: =$I$48*H62 -> 69.35565
A63: 6 | B63: FGTS (art. 15, Lei nº 8.036/90) | H63: 0.08 | I63: =$I$48*H63 -> 221.93808
A64: 7 | B64: SEG. ACIDENTE DO TRABALHO 1%, 2% e 3% (art. 22, inc. II, alíneas "b" e "c", da Lei nº 8.212/91) | H64: 0.03 | I64: =$I$48*H64 -> 83.22678
A65: 8 | B65: SEBRAE (§ 3º, art. 8º, Lei nº 8.029/90) | H65: 0.006 | I65: =$I$48*H65 -> 16.645356
A66: Total do Grupo II | H66: =SUM(H58:H65) -> 0.368 | I66: =SUM(I58:I65) -> 1020.9152
A67: Os percentuais para o SAT podem variar de 0,50% a 6,00% em função do Fator de Acidente Previdenciário (FAP), Decreto nº 6.957/2009
A68: Deverá obrigatoriamente acompanhar a proposta de preços e a planilha de custos e formação de preços a prova do Fator Acidentário de Prevenção – FAP por meio de impressão de consulta ao site do Ministério da Previdência Social (que pode ser obtido no endereço eletrônico http://www2.dataprev.gov.br/fap/fap.htm), independentemente de alteração da alíquota da parcela do Seguro Acidente de Trabalho disposta no Quadro II da referida planilha.
A69: III | B69: Encargos Sociais - Grupo III: Tempo Não Trabalhado | H69: % | I69: Valor Mensal/unidade de serviço (R$)
A70: 1 | B70: FÉRIAS GOZADAS + ADICIONAL DE FÉRIAS | H70: 0.119314 | I70: =$I$48*H70 -> 331.004
A71: 2 | B71: FALTAS ABONADAS (3) | H71: 0.020479 | I71: =$I$48*H71 -> 56.813374
A72: 3 | B72: FALTAS LEGAIS (4) | H72: 0.012123 | I72: =$I$48*H72 -> 33.631942
A73: 4 | B73: LICENÇA MATERNIDADE | H73: 0.011436 | I73: =$I$48*H73 -> 31.726049
A74: 5 | B74: LICENÇA PATERNIDADE | H74: 0.000174 | I74: =$I$48*H74 -> 0.48271532
A75: 6 | B75: ACIDENTE DE TRABALHO | H75: 0.000442 | I75: =$I$48*H75 -> 1.2262079
A76: 7 | B76: AVISO PRÉVIO TRABALHADO | H76: 0.000185 | I76: =$I$48*H76 -> 0.51323181
A77: 8 | B77: 13º SALÁRIO | H77: 0.09079 | I77: =$I$48*H77 -> 251.87198
A78: Total do Grupo III | H78: =SUM(H70:H77) -> 0.254943 | I78: =SUM(I70:I77) -> 707.2695
A79: (3) | B79: Faltas Justificadas por Auxílio Doença
A80: (4) | B80: Faltas Legais - Art. 473 CLT
A81: IV | B81: Encargos Sociais - Grupo IV: Indenizações | H81: % | I81: Valor Mensal/unidade de serviço (R$)
A82: 1 | B82: INDENIZAÇÕES | H82: 0.048321 | I82: =$I$48*H82 -> 134.05337
A83: 2 | B83: FGTS SOBRE INDENIZAÇÕES | H83: 0.003511 | I83: =$I$48*H83 -> 9.7403075
A84: 3 | B84: INDENIZAÇÃO COMPENSATÓRIA POR DEMISSÃO SEM JUSTA CAUSA | H84: 0.019328 | I84: =$I$48*H84 -> 53.62024
A85: Total do Grupo IV | H85: =SUM(H82:H84) -> 0.07116 | I85: =SUM(I82:I84) -> 197.41392
A87: V | B87: Encargos Sociais - Grupo V: Incidências | H87: % | I87: Valor Mensal/unidade de serviço (R$)
A88: 1 | B88: INCIDÊNCIA GRUPO II (Obrigações Sociais) X GRUPO III (Tempo Não Trabalhado) | H88: =(H66*H78) -> 0.093819024 | I88: =$I$48*H88 -> 260.27518
A89: Total do Grupo V | H89: =SUM(H88:H88) -> 0.093819024 | I89: =I88 -> 260.27518
A91: TOTAL DOS ENCARGOS SOCIAIS (II + III + IV + V) | H91: =H66+H78+H85+H89 -> 0.78792202 | I91: =I66+I78+I85+I89 -> 2185.8738
A93: VI | B93: Demais custos relativos à Norma Coletiva ou Disposições Legais - Grupo VI | H93: % | I93: Valor Mensal/unidade de serviço (R$)
A94: 1 | B94: Auxílio Alimentação | H94: =I94/$I$48 -> 0.12976592 | I94: =I111 -> 360
A95: 2 | B95: Auxílio Lanche | H95: =I95/$I$48 -> 0 | I95: =I107 -> 0
A96: 3 | B96: Vale-Transporte⁽⁵⁾ | H96: =I96/$I$48 -> 0.0085342723 | I96: =I103 -> 23.676
A97: 4 | B97: Adicional Intervalar | H97: =I97/$I$48 -> 0.077616243 | I97: =IF(I28="Não aplicável",0,((I10/H10)*1.5*I28)) -> 215.325
A98: 5 | B98: Outros | H98: =I98/$I$48 -> 0 | I98: =IF(I23="Não aplicável",0,I23) -> 0
A99: Total do Grupo VI | H99: =SUM(H94:H98) -> 0.21591644 | I99: =SUM(I94:I98) -> 599.001
A100: (5) | B100: O valor do vale-transporte pode variar de acordo com o modal fornecido pelo empregador.
A101: MEMÓRIA DE CÁLCULO DO VALE TRANSPORTE
A102: Valor Unitário | C102: Dias de Trabalho | D102: Vale p/dia | E102: Custo total | F102: Base de cálculo | G102: Percentual de desconto | H102: Valor desconto | I102: Custo efetivo
A103: =IF(I14="Não aplicável",0,I14) -> 5 | C103: =IF(I15="Não aplicável",0,I15) -> 15 | D103: 2 | E103: =A103*C103*D103 -> 150 | F103: =I37 -> 2105.4 | G103: =IF(I16="Não aplicável",0,I16) -> 0.06 | H103: =F103*G103 -> 126.324 | I103: =IF((E103-H103)>0,E103-H103,0) -> 23.676
A105: MEMÓRIA DE CÁLCULO DO VALE LANCHE
A106: Valor Unitário | C106: Dias por mês | D106: Vale p/dia | E106: Custo total | F106: Base de cálculo | G106: Percentual de desconto | H106: Valor desconto | I106: Custo efetivo
A107: =IF(I20="Não aplicável",0,I20) -> 0 | C107: =IF(I21="Não aplicável",0,I21) -> 0 | D107: 1 | E107: =A107*C107*D107 -> 0 | F107: =E107 -> 0 | G107: =IF(I22="Não aplicável",0,I22) -> 0 | H107: =F107*G107 -> 0 | I107: =E107-H107 -> 0
A109: MEMÓRIA DE CÁLCULO DO VALE ALIMENTAÇÃO
A110: Valor Unitário | C110: Dias por mês | D110: Vale p/dia | E110: Custo total | F110: Base de cálculo | G110: Percentual de desconto | H110: =H102 -> Valor desconto | I110: Custo efetivo
A111: =IF(I17="Não aplicável",0,I17) -> 30 | C111: =IF(I18="Não aplicável",0,I18) -> 15 | D111: 1 | E111: =A111*C111*D111 -> 450 | F111: =E111 -> 450 | G111: =IF(I19="Não aplicável",0,I19) -> 0.2 | H111: =F111*G111 -> 90 | I111: =E111-H111 -> 360
A113: TOTAL DO MONTANTE A (I + II + III+ IV + V +VI) | H113: =H48+H91+H99 -> 2.0038385 | I113: =I48+I91+I99 -> 5559.1008
A115: MONTANTE B
A116: I | B116: Despesas Diretas | H116: % | I116: Valor Mensal/unidade de serviço (R$)
A117: 1 | B117: Transporte (6) | H117: =I117/$I$128 -> 0 | I117: 0
A118: 2 | B118: Uniformes/EPI (6a) | H118: =I118/$I$128 -> 0.1 | I118: =IF(F126=10%,G126,0) -> 553.54248
A119: 3 | B119: Seguro de vida | H119: =I119/$I$128 -> 0 | I119: 0
A120: 4 | B120: Materiais/Equipamentos | H120: =I120/$I$128 -> 0 | I120: =IF(F126=20%,G126,0) -> 0
A121: 5 | B121: Mobilização (7) | H121: =I121/$I$128 -> 0 | I121: 0
...

Sheet Cargo noturno Palmares do Sul
A1: PLANILHA DE CUSTOS E FORMAÇÃO DE PREÇOS DE SERVIÇOS CONTINUADOS COM DEDICAÇÃO EXCLUSIVA DE MÃO DE OBRA (ANEXO III - DECRETOS 52.768 de 15.12.2015)
A2: PROCESSO: | C2: 26/1538-0000018-7 | E2: REGIME DE TRIBUTAÇÃO: LUCRO REAL e PRESUMIDO (*)
A3: LICITAÇÃO/EDITAL | E3: ABERTURA:
A5: Cargo/Função: | D5: Vigilante | G5: =IF(D6="12x36","Regime de trabalho:","Quantidade de HORAS/MÊS") -> Regime de trabalho: | I5: =IF(D6="12x36",D6,5*D6) -> 12X36
A6: =IF(D6="12x36","Regime de trabalho:","Regime de trabalho (horas semanais):") -> Regime de trabalho: | D6: 12X36
A7: Convenção Coletiva de Trabalho: | D7: RS000837/2025 | G7: INSALUBRIDADE (10%, 20%, 40%) | I7: Não aplicável
A8: Origem do salário: | D8: CCT
A9: Cidade: | D9: Palmares do Sul | G9: PERICULOSIDADE (30%) | I9: 0.3
A10: Salário Normativo | G10: Vlr. do salário e nº de horas correspondentes | H10: 220 | I10: 2105.4
A11: ISS | G11: =D9 -> Palmares do Sul | H11: Alíquota | I11: 0.03
A12: Adicional Troca de Uniforme (somente para postos de vigilantes que preveem pagamento para troca de uniforme na CCT) | G12: CCT | H12: Valor | I12: 1.59
A13: Quantidade de dias trabalhados no mês | I13: 15
A14: Tarifa Transporte | G14: CCT | H14: Vr. Unitário | I14: 5
H15: Dias | I15: =I13 -> 15
H16: Desconto | I16: 0.06
A17: Vale Alimentação | G17: CCT | H17: Vr. Unitário | I17: 30
H18: Dias | I18: 15
H19: Desconto | I19: 0.2
A20: Auxílio Lanche | G20: CCT | H20: Vr. Unitário | I20: Não aplicável
H21: Dias | I21: Não aplicável
H22: Desconto | I22: Não aplicável
A23: Outros benefícios que refletem na planilha de custos, caso constem na CCT | G23: CCT | H23: Valor mensal | I23: Não aplicável
A24: Adicional de Supervisor (37%) | H24: Porcentagem | I24: Não aplicável
A25: Base de cálculo da insalubridade | H25: Valor | I25: Não aplicável
A26: Quantitativo de horas trabalhadas em feriados no mês (estimado) - Não aplicável para postos 12x36 | H26: Horas por mês | I26: Não aplicável
H27: Acréscimo da hora extra | I27: Não aplicável
A28: Hora Intervalar (somente para postos 12x36, quando for o caso) | H28: Horas por mês | I28: 15
A29: Sem fornecimento de materiais ou apenas fornecimento de EPIs ou uniformes, utilizar 10%. Com fornecimento de materiais ou equipamentos, utilizar 20%. (Decreto 52.768/2015, alterado pelo Decreto 53.424/2017) | H29: Porcentagem | I29: 0.1
A30: Adicional Noturno: Horas: [(60/52,5) x Nº de horas noturnas diárias] x Nº de dias trabalhados com hora noturna Valor hora: (vlr. do salário/nº de horas correspondente do salário) x 20% (noturno) | G30: CCT | H30: Nº horas | I30: =((60/52.5)*7)*15 -> 120
H31: Vr. Hora | I31: =I10/H10*20% -> 1.914
A32: Reduzida Noturna Horas Reduzidas: 60/52,5=1,143 x 7h noturnas = 8h noturnas 5h diurnas + 8h noturnas = 13h X 15 dias = 195 horas mensais 195h - 190,67 = 4,33 horas Valor hora: (vlr. do salário/nº de horas correspondente do salário) x 150% (H.Extra) | G32: CCT | H32: Nº horas | I32: =((5+7+1)*15)-190.67 -> 4.33
H33: Vr. Hora | I33: =(I10/H10)*1.5 -> 14.355
A35: MONTANTE A
A36: I | B36: Remuneração - Grupo I | H36: % | I36: Valor Mensal/unidade de serviço (R$)
A37: 1 | B37: Salário | H37: =I37/$I$55 -> 0.63472193 | I37: =IF(D6="12x36",I10,I10/H10*I5) -> 2105.4
A38: =A37+1 -> 2 | B38: Adicional Noturno 20% (Ver súmula 60 TST) | H38: =I38/$I$55 -> 0 | I38: 0
A39: =A38+1 -> 3 | B39: Adicional Periculosidade 30% | H39: =I39/$I$55 -> 0.22467823 | I39: =IF(I9=30%,(I37+I53+I46+I49+I52+I54)*I9,0) -> 745.26737
A40: =A39+1 -> 4 | B40: Adicional Insalubridade 10% (Ver súmula 228 e 139 TST) | H40: =I40/$I$55 -> 0 | I40: =IF(I7=10%,I25*I7,0) -> 0
A41: =A40+1 -> 5 | B41: Adicional Insalubridade 20% (Ver súmula 228 e 139 TST) | H41: =I41/$I$55 -> 0 | I41: =IF(I7=20%,I25*I7,0) -> 0
A42: =A41+1 -> 6 | B42: Adicional Insalubridade 40% (Ver súmula 228 e 139 TST) | H42: =I42/$I$55 -> 0 | I42: =IF(I7=40%,I25*I7,0) -> 0
A43: =A42+1 -> 7 | B43: Adicional de Supervisor (IN 05/2017 MPOG SLTI) | H43: =I43/$I$55 -> 0 | I43: =IF(I24="Não aplicável",0,I37*I24) -> 0
A44: =A43+1 -> 8 | B44: Feriados | H44: =I44/$I$55 -> 0 | I44: =IF(I26="Não aplicável",0,(I37+I38+I39+I40+I41+I42+I43+#REF!)/I5*I26*(1+I27)) -> 0
A45: =A44+1 -> 9 | B45: DSR = número total das horas extras do mês / número de dias úteis X domingos e feriados do mês X valor da hora extra com acréscimo | H45: =I45/$I$55 -> 0 | I45: =IF(I26="Não aplicável",0,I26/I13*5*(I10/H10*(1+I27))) -> 0
A46: =A45+1 -> 10 | B46: Reduzida Noturna | H46: =I46/$I$55 -> 0.018738722 | I46: =I32*I33 -> 62.15715
A47: =A46+1 -> 11 | B47: Adicional de insalubridade sobre Reduzida Noturna | H47: =I47/$I$55 -> 0 | I47: =IF(OR(I7=10%,I7=20%,I7=40%),I46*I7,0) -> 0
A48: =A47+1 -> 12 | B48: Adicional de periculosidade sobre Reduzida Noturna | H48: =I48/$I$55 -> 0.0056216167 | I48: =IF(I9=30%,I46*I9,0) -> 18.647145
A49: =A48+1 -> 13 | B49: Adicional Noturno | H49: =I49/$I$55 -> 0.069242392 | I49: =I30*I31 -> 229.68
A50: =A49+1 -> 14 | B50: Adicional de insalubridade sobre o Adicional Noturno | H50: =I50/$I$55 -> 0 | I50: =IF(OR(I7=10%,I7=20%,I7=40%),I49*I7,0) -> 0
A51: =A50+1 -> 15 | B51: Adicional de periculosidade sobre o Adicional Noturno | H51: =I51/$I$55 -> 0.020772718 | I51: =IF(I9=30%,I49*I9,0) -> 68.904
A52: =A51+1 -> 16 | B52: Integração RSRF (20%) sobre H. Extra Red. Noturna e Adic Noturno = [Reduzida Noturna + Adic. Noturno]*[Descanso Semanal Remunerado] (20%) | H52: =I52/$I$55 -> 0.017596223 | I52: =(I46+I49)*0.2 -> 58.36743
A53: =A52+1 -> 17 | B53: Adicional Troca de Uniforme | H53: =I53/$I$55 -> 0.0071901387 | I53: =I12*I13 -> 23.85
A54: =A53+1 -> 18 | B54: Integração RSF (20% sobre Ad.Troca de Uniforme) | H54: =I54/$I$55 -> 0.0014380277 | I54: =I53*20% -> 4.77
A55: Total de Remuneração | H55: =SUM(H37:H54) -> 1 | I55: =SUM(I37:I54) -> 3317.0431
A57: II | B57: Encargos Sociais - Grupo II: Obrigações Sociais | H57: % | I57: Valor Mensal/unidade de serviço (R$)
A58: 1 | B58: INSS (art. 22, inc. I, Lei nº 8.212/91) | H58: 0.2 | I58: =$I$55*H58 -> 663.40862
A59: 2 | B59: SESI ou SESC (art. 30, Lei nº 8.036/90) | H59: 0.015 | I59: =$I$55*H59 -> 49.755646
A60: 3 | B60: SENAI ou SENAC (Decreto-Lei nº 2.318/86) | H60: 0.01 | I60: =$I$55*H60 -> 33.170431
A61: 4 | B61: INCRA (art. 15I, Lei Complementar nº 011/71) | H61: 0.002 | I61: =$I$55*H61 -> 6.6340862
A62: 5 | B62: SALÁRIO EDUCAÇÃO (art. , inc. I, Decreto nº 87.043/82) | H62: 0.025 | I62: =$I$55*H62 -> 82.926077
A63: 6 | B63: FGTS (art. 15, Lei nº 8.036/90) | H63: 0.08 | I63: =$I$55*H63 -> 265.36345
A64: 7 | B64: SEG. ACIDENTE DO TRABALHO 1%, 2% e 3% (art. 22, inc. II, alíneas "b" e "c", da Lei nº 8.212/91) | H64: 0.03 | I64: =$I$55*H64 -> 99.511293
A65: 8 | B65: SEBRAE (§ 3º, art. 8º, Lei nº 8.029/90) | H65: 0.006 | I65: =$I$55*H65 -> 19.902259
A66: Total do Grupo II | H66: =SUM(H58:H65) -> 0.368 | I66: =SUM(I58:I65) -> 1220.6719
A67: Os percentuais para o SAT podem variar de 0,50% a 6,00% em função do Fator de Acidente Previdenciário (FAP), Decreto nº 6.957/2009
A68: Deverá obrigatoriamente acompanhar a proposta de preços e a planilha de custos e formação de preços a prova do Fator Acidentário de Prevenção – FAP por meio de impressão de consulta ao site do Ministério da Previdência Social (que pode ser obtido no endereço eletrônico http://www2.dataprev.gov.br/fap/fap.htm), independentemente de alteração da alíquota da parcela do Seguro Acidente de Trabalho disposta no Quadro II da referida planilha.
A69: III | B69: Encargos Sociais - Grupo III: Tempo Não Trabalhado | H69: % | I69: Valor Mensal/unidade de serviço (R$)
A70: 1 | B70: FÉRIAS GOZADAS + ADICIONAL DE FÉRIAS | H70: 0.119314 | I70: =$I$55*H70 -> 395.76968
A71: 2 | B71: FALTAS ABONADAS (3) | H71: 0.020479 | I71: =$I$55*H71 -> 67.929726
A72: 3 | B72: FALTAS LEGAIS (4) | H72: 0.012123 | I72: =$I$55*H72 -> 40.212513
A73: 4 | B73: LICENÇA MATERNIDADE | H73: 0.011436 | I73: =$I$55*H73 -> 37.933705
A74: 5 | B74: LICENÇA PATERNIDADE | H74: 0.000174 | I74: =$I$55*H74 -> 0.5771655
A75: 6 | B75: ACIDENTE DE TRABALHO | H75: 0.000442 | I75: =$I$55*H75 -> 1.466133
A76: 7 | B76: AVISO PRÉVIO TRABALHADO | H76: 0.000185 | I76: =$I$55*H76 -> 0.61365297
A77: 8 | B77: 13º SALÁRIO | H77: 0.09079 | I77: =$I$55*H77 -> 301.15434
A78: Total do Grupo III | H78: =SUM(H70:H77) -> 0.254943 | I78: =SUM(I70:I77) -> 845.65692
A79: (3) | B79: Faltas Justificadas por Auxílio Doença
A80: (4) | B80: Faltas Legais - Art. 473 CLT
A81: IV | B81: Encargos Sociais - Grupo IV: Indenizações | H81: % | I81: Valor Mensal/unidade de serviço (R$)
A82: 1 | B82: INDENIZAÇÕES | H82: 0.048321 | I82: =$I$55*H82 -> 160.28284
A83: 2 | B83: FGTS SOBRE INDENIZAÇÕES | H83: 0.003511 | I83: =$I$55*H83 -> 11.646138
A84: 3 | B84: INDENIZAÇÃO COMPENSATÓRIA POR DEMISSÃO SEM JUSTA CAUSA | H84: 0.019328 | I84: =$I$55*H84 -> 64.111809
A85: Total do Grupo IV | H85: =SUM(H82:H84) -> 0.07116 | I85: =SUM(I82:I84) -> 236.04079
A87: V | B87: Encargos Sociais - Grupo V: Incidências | H87: % | I87: Valor Mensal/unidade de serviço (R$)
A88: 1 | B88: INCIDÊNCIA GRUPO II (Obrigações Sociais) X GRUPO III (Tempo Não Trabalhado) | H88: =(H66*H78) -> 0.093819024 | I88: =$I$55*H88 -> 311.20175
A89: Total do Grupo V | H89: =SUM(H88:H88) -> 0.093819024 | I89: =I88 -> 311.20175
A91: TOTAL DOS ENCARGOS SOCIAIS (II + III + IV + V) | H91: =H66+H78+H85+H89 -> 0.78792202 | I91: =I66+I78+I85+I89 -> 2613.5713
A93: VI | B93: Demais custos relativos à Norma Coletiva ou Disposições Legais - Grupo VI | H93: % | I93: Valor Mensal/unidade de serviço (R$)
A94: 1 | B94: Auxílio Alimentação | H94: =I94/$I$55 -> 0.1085304 | I94: =I111 -> 360
A95: 2 | B95: Auxílio Lanche | H95: =I95/$I$55 -> 0 | I95: =I107 -> 0
A96: 3 | B96: Vale-Transporte⁽⁵⁾ | H96: =I96/$I$55 -> 0.0071376824 | I96: =I103 -> 23.676
A97: 4 | B97: Adicional Intervalar | H97: =I97/$I$55 -> 0.064914743 | I97: =IF(I28="Não aplicável",0,((I10/H10)*1.5*I28)) -> 215.325
A98: 5 | B98: Outros | H98: =I98/$I$55 -> 0 | I98: =IF(I23="Não aplicável",0,I23) -> 0
A99: Total do Grupo VI | H99: =SUM(H94:H98) -> 0.18058282 | I99: =SUM(I94:I98) -> 599.001
A101: MEMÓRIA DE CÁLCULO DO VALE TRANSPORTE
A102: Valor Unitário | C102: Dias de Trabalho | D102: Vale p/dia | E102: Custo total | F102: Base de cálculo | G102: Percentual de desconto | H102: Valor desconto | I102: Custo efetivo
A103: =IF(I14="Não aplicável",0,I14) -> 5 | C103: =IF(I15="Não aplicável",0,I15) -> 15 | D103: 2 | E103: =A103*C103*D103 -> 150 | F103: =I37 -> 2105.4 | G103: =IF(I16="Não aplicável",0,I16) -> 0.06 | H103: =F103*G103 -> 126.324 | I103: =IF((E103-H103)>0,E103-H103,0) -> 23.676
A105: MEMÓRIA DE CÁLCULO DO VALE LANCHE
A106: Valor Unitário | C106: Dias por mês | D106: Vale p/dia | E106: Custo total | F106: Base de cálculo | G106: Percentual de desconto | H106: Valor desconto | I106: Custo efetivo
A107: =IF(I20="Não aplicável",0,I20) -> 0 | C107: =IF(I21="Não aplicável",0,I21) -> 0 | D107: 1 | E107: =A107*C107*D107 -> 0 | F107: =E107 -> 0 | G107: =IF(I22="Não aplicável",0,I22) -> 0 | H107: =F107*G107 -> 0 | I107: =E107-H107 -> 0
A109: MEMÓRIA DE CÁLCULO DO VALE ALIMENTAÇÃO
...

Sheet Cargo diurno Pelotas
A1: PLANILHA DE CUSTOS E FORMAÇÃO DE PREÇOS DE SERVIÇOS CONTINUADOS COM DEDICAÇÃO EXCLUSIVA DE MÃO DE OBRA (ANEXO III - DECRETOS 52.768 de 15.12.2015)
A2: PROCESSO: | C2: 26/1538-0000018-7 | E2: REGIME DE TRIBUTAÇÃO: LUCRO REAL e PRESUMIDO (*)
A3: LICITAÇÃO/EDITAL | E3: ABERTURA:
A5: Cargo/Função: | D5: Vigilante | G5: =IF(D6="12x36","Regime de trabalho:","Quantidade de HORAS/MÊS") -> Regime de trabalho: | I5: =IF(D6="12x36",D6,5*D6) -> 12X36
A6: =IF(D6="12x36","Regime de trabalho:","Regime de trabalho (horas semanais):") -> Regime de trabalho: | D6: 12X36
A7: Convenção Coletiva de Trabalho: | D7: RS000911/2025 | G7: INSALUBRIDADE (10%, 20%, 40%) | I7: Não aplicável
A8: Origem do salário: | D8: CCT
A9: Cidade: | D9: Pelotas | G9: PERICULOSIDADE (30%) | I9: 0.3
A10: Salário Normativo | G10: Vlr. do salário e nº de horas correspondentes | H10: 220 | I10: 2105.4
A11: ISS | H11: Alíquota | I11: 0.04
A12: Adicional Troca de Uniforme (somente para postos de vigilantes que preveem pagamento para troca de uniforme na CCT) | G12: CCT | H12: Valor | I12: 1.59
A13: Quantidade de dias trabalhados no mês | I13: 15
A14: Tarifa Transporte | G14: CCT | H14: Vr. Unitário | I14: 6
H15: Dias | I15: =I13 -> 15
H16: Desconto | I16: 0.06
A17: Auxílio Alimentação | G17: CCT | H17: Vr. Unitário | I17: 30
H18: Dias | I18: =I13 -> 15
H19: Desconto | I19: 0.2
A20: Auxílio Lanche | G20: CCT | H20: Vr. Unitário | I20: Não aplicável
H21: Dias | I21: Não aplicável
H22: Desconto | I22: Não aplicável
A23: Outros benefícios que refletem na planilha de custos, caso constem na CCT | G23: CCT | H23: Valor mensal | I23: Não aplicável
A24: Adicional de Supervisor (37%) | H24: Porcentagem | I24: Não aplicável
A25: Base de cálculo da insalubridade | H25: Valor | I25: Não aplicável
A26: Quantitativo de horas trabalhadas em feriados no mês (estimado) - Não aplicável para postos 12x36 | H26: Horas por mês | I26: Não aplicável
H27: Acréscimo da hora extra | I27: Não aplicável
A28: Hora Intervalar | H28: Horas por mês | I28: 15
A29: Sem fornecimento de materiais ou apenas fornecimento de EPIs ou uniformes, utilizar 10%. Com fornecimento de materiais ou equipamentos, utilizar 20%. (Decreto 52.768/2015, alterado pelo Decreto 53.424/2017) | H29: Porcentagem | I29: 0.1
A35: MONTANTE A
A36: I | B36: Remuneração - Grupo I | H36: % | I36: Valor Mensal/unidade de serviço (R$)
A37: 1 | B37: Salário | H37: =I37/$I$48 -> 0.75891438 | I37: =IF(D6="12x36",I10,I10/H10*I5) -> 2105.4
A38: =A37+1 -> 2 | B38: Adicional Periculosidade 30% | H38: =I38/$I$48 -> 0.23076923 | I38: =IF(I9=30%,(I37+I45+I46)*I9,0) -> 640.206
A39: =A38+1 -> 3 | B39: Adicional Insalubridade 10% (Ver súmula 228 e 139 TST) | H39: =I39/$I$48 -> 0 | I39: =IF(I7=10%,I25*I7,0) -> 0
A40: =A39+1 -> 4 | B40: Adicional Insalubridade 20% (Ver súmula 228 e 139 TST) | H40: =I40/$I$48 -> 0 | I40: =IF(I7=20%,I25*I7,0) -> 0
A41: =A40+1 -> 5 | B41: Adicional Insalubridade 40% (Ver súmula 228 e 139 TST) | H41: =I41/$I$48 -> 0 | I41: =IF(I7=40%,I25*I7,0) -> 0
A42: =A41+1 -> 6 | B42: Adicional de Supervisor (IN 05/2017 MPOG SLTI) | H42: =I42/$I$48 -> 0 | I42: =IF(I24="Não aplicável",0,I37*I24) -> 0
A43: =A42+1 -> 7 | B43: Feriados | H43: =I43/$I$48 -> 0 | I43: =IF(I26="Não aplicável",0,(I37+I38+I39+I40+I41+I42+I47)/I5*I26*(1+I27)) -> 0
A44: =A43+1 -> 8 | B44: DSR = número total das horas extras do mês / número de dias úteis X domingos e feriados do mês X valor da hora extra com acréscimo | H44: =I44/$I$48 -> 0 | I44: =IF(I26="Não aplicável",0,I26/I13*5*(I10/H10*(1+I27))) -> 0
A45: =A44+1 -> 9 | B45: Adicional Troca de Uniforme | H45: =I45/$I$48 -> 0.0085969925 | I45: =I12*I13 -> 23.85
A46: =A45+1 -> 10 | B46: Integração RSF (20% sobre Ad.Troca de Uniforme - somente para vigilantes) | H46: =I46/$I$48 -> 0.0017193985 | I46: =I45*20% -> 4.77
A47: =A46+1 -> 11 | B47: =IF(D6="12x36","Para postos 12x36 os feriados são considerados compensados, conforme parágrafo único, Art. 59-A da CLT","Outros") -> Para postos 12x36 os feriados são considerados compensados, conforme parágrafo único, Art. 59-A da CLT | H47: =I47/$I$48 -> 0 | I47: 0
A48: Total de Remuneração | H48: =SUM(H37:H47) -> 1 | I48: =SUM(I37:I47) -> 2774.226
A57: II | B57: Encargos Sociais - Grupo II: Obrigações Sociais | H57: % | I57: Valor Mensal/unidade de serviço (R$)
A58: 1 | B58: INSS (art. 22, inc. I, Lei nº 8.212/91) | H58: 0.2 | I58: =$I$48*H58 -> 554.8452
A59: 2 | B59: SESI ou SESC (art. 30, Lei nº 8.036/90) | H59: 0.015 | I59: =$I$48*H59 -> 41.61339
A60: 3 | B60: SENAI ou SENAC (Decreto-Lei nº 2.318/86) | H60: 0.01 | I60: =$I$48*H60 -> 27.74226
A61: 4 | B61: INCRA (art. 15I, Lei Complementar nº 011/71) | H61: 0.002 | I61: =$I$48*H61 -> 5.548452
A62: 5 | B62: SALÁRIO EDUCAÇÃO (art. , inc. I, Decreto nº 87.043/82) | H62: 0.025 | I62: =$I$48*H62 -> 69.35565
A63: 6 | B63: FGTS (art. 15, Lei nº 8.036/90) | H63: 0.08 | I63: =$I$48*H63 -> 221.93808
A64: 7 | B64: SEG. ACIDENTE DO TRABALHO 1%, 2% e 3% (art. 22, inc. II, alíneas "b" e "c", da Lei nº 8.212/91) | H64: 0.03 | I64: =$I$48*H64 -> 83.22678
A65: 8 | B65: SEBRAE (§ 3º, art. 8º, Lei nº 8.029/90) | H65: 0.006 | I65: =$I$48*H65 -> 16.645356
A66: Total do Grupo II | H66: =SUM(H58:H65) -> 0.368 | I66: =SUM(I58:I65) -> 1020.9152
A67: Os percentuais para o SAT podem variar de 0,50% a 6,00% em função do Fator de Acidente Previdenciário (FAP), Decreto nº 6.957/2009
A68: Deverá obrigatoriamente acompanhar a proposta de preços e a planilha de custos e formação de preços a prova do Fator Acidentário de Prevenção – FAP por meio de impressão de consulta ao site do Ministério da Previdência Social (que pode ser obtido no endereço eletrônico http://www2.dataprev.gov.br/fap/fap.htm), independentemente de alteração da alíquota da parcela do Seguro Acidente de Trabalho disposta no Quadro II da referida planilha.
A69: III | B69: Encargos Sociais - Grupo III: Tempo Não Trabalhado | H69: % | I69: Valor Mensal/unidade de serviço (R$)
A70: 1 | B70: FÉRIAS GOZADAS + ADICIONAL DE FÉRIAS | H70: 0.119314 | I70: =$I$48*H70 -> 331.004
A71: 2 | B71: FALTAS ABONADAS (3) | H71: 0.020479 | I71: =$I$48*H71 -> 56.813374
A72: 3 | B72: FALTAS LEGAIS (4) | H72: 0.012123 | I72: =$I$48*H72 -> 33.631942
A73: 4 | B73: LICENÇA MATERNIDADE | H73: 0.011436 | I73: =$I$48*H73 -> 31.726049
A74: 5 | B74: LICENÇA PATERNIDADE | H74: 0.000174 | I74: =$I$48*H74 -> 0.48271532
A75: 6 | B75: ACIDENTE DE TRABALHO | H75: 0.000442 | I75: =$I$48*H75 -> 1.2262079
A76: 7 | B76: AVISO PRÉVIO TRABALHADO | H76: 0.000185 | I76: =$I$48*H76 -> 0.51323181
A77: 8 | B77: 13º SALÁRIO | H77: 0.09079 | I77: =$I$48*H77 -> 251.87198
A78: Total do Grupo III | H78: =SUM(H70:H77) -> 0.254943 | I78: =SUM(I70:I77) -> 707.2695
A79: (3) | B79: Faltas Justificadas por Auxílio Doença
A80: (4) | B80: Faltas Legais - Art. 473 CLT
A81: IV | B81: Encargos Sociais - Grupo IV: Indenizações | H81: % | I81: Valor Mensal/unidade de serviço (R$)
A82: 1 | B82: INDENIZAÇÕES | H82: 0.048321 | I82: =$I$48*H82 -> 134.05337
A83: 2 | B83: FGTS SOBRE INDENIZAÇÕES | H83: 0.003511 | I83: =$I$48*H83 -> 9.7403075
A84: 3 | B84: INDENIZAÇÃO COMPENSATÓRIA POR DEMISSÃO SEM JUSTA CAUSA | H84: 0.019328 | I84: =$I$48*H84 -> 53.62024
A85: Total do Grupo IV | H85: =SUM(H82:H84) -> 0.07116 | I85: =SUM(I82:I84) -> 197.41392
A87: V | B87: Encargos Sociais - Grupo V: Incidências | H87: % | I87: Valor Mensal/unidade de serviço (R$)
A88: 1 | B88: INCIDÊNCIA GRUPO II (Obrigações Sociais) X GRUPO III (Tempo Não Trabalhado) | H88: =(H66*H78) -> 0.093819024 | I88: =$I$48*H88 -> 260.27518
A89: Total do Grupo V | H89: =SUM(H88:H88) -> 0.093819024 | I89: =I88 -> 260.27518
A91: TOTAL DOS ENCARGOS SOCIAIS (II + III + IV + V) | H91: =H66+H78+H85+H89 -> 0.78792202 | I91: =I66+I78+I85+I89 -> 2185.8738
A93: VI | B93: Demais custos relativos à Norma Coletiva ou Disposições Legais - Grupo VI | H93: % | I93: Valor Mensal/unidade de serviço (R$)
A94: 1 | B94: Auxílio Alimentação | H94: =I94/$I$48 -> 0.12976592 | I94: =I111 -> 360
A95: 2 | B95: Auxílio Lanche | H95: =I95/$I$48 -> 0 | I95: =I107 -> 0
A96: 3 | B96: Vale-Transporte⁽⁵⁾ | H96: =I96/$I$48 -> 0.019348099 | I96: =I103 -> 53.676
A97: 4 | B97: Adicional Intervalar | H97: =I97/$I$48 -> 0.077616243 | I97: =IF(I28="Não aplicável",0,((I10/H10)*1.5*I28)) -> 215.325
A98: 5 | B98: Outros | H98: =I98/$I$48 -> 0 | I98: =IF(I23="Não aplicável",0,I23) -> 0
A99: Total do Grupo VI | H99: =SUM(H94:H98) -> 0.22673027 | I99: =SUM(I94:I98) -> 629.001
A100: (5) | B100: O valor do vale-transporte pode variar de acordo com o modal fornecido pelo empregador.
A101: MEMÓRIA DE CÁLCULO DO VALE TRANSPORTE
A102: Valor Unitário | C102: Dias de Trabalho | D102: Vale p/dia | E102: Custo total | F102: Base de cálculo | G102: Percentual de desconto | H102: Valor desconto | I102: Custo efetivo
A103: =IF(I14="Não aplicável",0,I14) -> 6 | C103: =IF(I15="Não aplicável",0,I15) -> 15 | D103: 2 | E103: =A103*C103*D103 -> 180 | F103: =I37 -> 2105.4 | G103: =IF(I16="Não aplicável",0,I16) -> 0.06 | H103: =F103*G103 -> 126.324 | I103: =IF((E103-H103)>0,E103-H103,0) -> 53.676
A105: MEMÓRIA DE CÁLCULO DO VALE LANCHE
A106: Valor Unitário | C106: Dias por mês | D106: Vale p/dia | E106: Custo total | F106: Base de cálculo | G106: Percentual de desconto | H106: Valor desconto | I106: Custo efetivo
A107: =IF(I20="Não aplicável",0,I20) -> 0 | C107: =IF(I21="Não aplicável",0,I21) -> 0 | D107: 1 | E107: =A107*C107*D107 -> 0 | F107: =E107 -> 0 | G107: =IF(I22="Não aplicável",0,I22) -> 0 | H107: =F107*G107 -> 0 | I107: =E107-H107 -> 0
A109: MEMÓRIA DE CÁLCULO DO VALE ALIMENTAÇÃO
A110: Valor Unitário | C110: Dias por mês | D110: Vale p/dia | E110: Custo total | F110: Base de cálculo | G110: Percentual de desconto | H110: =H102 -> Valor desconto | I110: Custo efetivo
A111: =IF(I17="Não aplicável",0,I17) -> 30 | C111: =IF(I18="Não aplicável",0,I18) -> 15 | D111: 1 | E111: =A111*C111*D111 -> 450 | F111: =E111 -> 450 | G111: =IF(I19="Não aplicável",0,I19) -> 0.2 | H111: =F111*G111 -> 90 | I111: =E111-H111 -> 360
A113: TOTAL DO MONTANTE A (I + II + III+ IV + V +VI) | H113: =H48+H91+H99 -> 2.0146523 | I113: =I48+I91+I99 -> 5589.1008
A115: MONTANTE B
A116: I | B116: Despesas Diretas | H116: % | I116: Valor Mensal/unidade de serviço (R$)
A117: 1 | B117: Transporte (6) | H117: =I117/$I$128 -> 0 | I117: 0
A118: 2 | B118: Uniformes/EPI (6a) | H118: =I118/$I$128 -> 0.1 | I118: =IF(F126=10%,G126,0) -> 553.54248
A119: 3 | B119: Seguro de vida | H119: =I119/$I$128 -> 0 | I119: 0
A120: 4 | B120: Materiais/Equipamentos | H120: =I120/$I$128 -> 0 | I120: =IF(F126=20%,G126,0) -> 0
A121: 5 | B121: Mobilização (7) | H121: =I121/$I$128 -> 0 | I121: 0
...

Sheet Cargo noturno Pelotas
A1: PLANILHA DE CUSTOS E FORMAÇÃO DE PREÇOS DE SERVIÇOS CONTINUADOS COM DEDICAÇÃO EXCLUSIVA DE MÃO DE OBRA (ANEXO III - DECRETOS 52.768 de 15.12.2015)
A2: PROCESSO: | C2: 26/1538-0000018-7 | E2: REGIME DE TRIBUTAÇÃO: LUCRO REAL e PRESUMIDO (*)
A3: LICITAÇÃO/EDITAL | E3: ABERTURA:
A5: Cargo/Função: | D5: Vigilante | G5: =IF(D6="12x36","Regime de trabalho:","Quantidade de HORAS/MÊS") -> Regime de trabalho: | I5: =IF(D6="12x36",D6,5*D6) -> 12X36
A6: =IF(D6="12x36","Regime de trabalho:","Regime de trabalho (horas semanais):") -> Regime de trabalho: | D6: 12X36
A7: Convenção Coletiva de Trabalho: | D7: RS000911/2025 | G7: INSALUBRIDADE (10%, 20%, 40%) | I7: Não aplicável
A8: Origem do salário: | D8: CCT
A9: Cidade: | D9: Pelotas | G9: PERICULOSIDADE (30%) | I9: 0.3
A10: Salário Normativo | G10: Vlr. do salário e nº de horas correspondentes | H10: 220 | I10: 2105.4
A11: ISS | G11: =D9 -> Pelotas | H11: Alíquota | I11: 0.04
A12: Adicional Troca de Uniforme (somente para postos de vigilantes que preveem pagamento para troca de uniforme na CCT) | G12: CCT | H12: Valor | I12: 1.59
A13: Quantidade de dias trabalhados no mês | I13: 15
A14: Tarifa Transporte | G14: CCT | H14: Vr. Unitário | I14: 6
H15: Dias | I15: =I13 -> 15
H16: Desconto | I16: 0.06
A17: Vale Alimentação | G17: CCT | H17: Vr. Unitário | I17: 30
H18: Dias | I18: 15
H19: Desconto | I19: 0.2
A20: Auxílio Lanche | G20: CCT | H20: Vr. Unitário | I20: Não aplicável
H21: Dias | I21: Não aplicável
H22: Desconto | I22: Não aplicável
A23: Outros benefícios que refletem na planilha de custos, caso constem na CCT | G23: CCT | H23: Valor mensal | I23: Não aplicável
A24: Adicional de Supervisor (37%) | H24: Porcentagem | I24: Não aplicável
A25: Base de cálculo da insalubridade | H25: Valor | I25: Não aplicável
A26: Quantitativo de horas trabalhadas em feriados no mês (estimado) - Não aplicável para postos 12x36 | H26: Horas por mês | I26: Não aplicável
H27: Acréscimo da hora extra | I27: Não aplicável
A28: Hora Intervalar (somente para postos 12x36, quando for o caso) | H28: Horas por mês | I28: 15
A29: Sem fornecimento de materiais ou apenas fornecimento de EPIs ou uniformes, utilizar 10%. Com fornecimento de materiais ou equipamentos, utilizar 20%. (Decreto 52.768/2015, alterado pelo Decreto 53.424/2017) | H29: Porcentagem | I29: 0.1
A30: Adicional Noturno: Horas: [(60/52,5) x Nº de horas noturnas diárias] x Nº de dias trabalhados com hora noturna Valor hora: (vlr. do salário/nº de horas correspondente do salário) x 20% (noturno) | G30: CCT | H30: Nº horas | I30: =((60/52.5)*7)*15 -> 120
H31: Vr. Hora | I31: =I10/H10*20% -> 1.914
A32: Reduzida Noturna Horas Reduzidas: 60/52,5=1,143 x 7h noturnas = 8h noturnas 5h diurnas + 8h noturnas = 13h X 15 dias = 195 horas mensais 195h - 190,67 = 4,33 horas Valor hora: (vlr. do salário/nº de horas correspondente do salário) x 150% (H.Extra) | G32: CCT | H32: Nº horas | I32: =((5+7+1)*15)-190.67 -> 4.33
H33: Vr. Hora | I33: =(I10/H10)*1.5 -> 14.355
A35: MONTANTE A
A36: I | B36: Remuneração - Grupo I | H36: % | I36: Valor Mensal/unidade de serviço (R$)
A37: 1 | B37: Salário | H37: =I37/$I$55 -> 0.63472193 | I37: =IF(D6="12x36",I10,I10/H10*I5) -> 2105.4
A38: =A37+1 -> 2 | B38: Adicional Noturno 20% (Ver súmula 60 TST) | H38: =I38/$I$55 -> 0 | I38: 0
A39: =A38+1 -> 3 | B39: Adicional Periculosidade 30% | H39: =I39/$I$55 -> 0.22467823 | I39: =IF(I9=30%,(I37+I53+I46+I49+I52+I54)*I9,0) -> 745.26737
A40: =A39+1 -> 4 | B40: Adicional Insalubridade 10% (Ver súmula 228 e 139 TST) | H40: =I40/$I$55 -> 0 | I40: =IF(I7=10%,I25*I7,0) -> 0
A41: =A40+1 -> 5 | B41: Adicional Insalubridade 20% (Ver súmula 228 e 139 TST) | H41: =I41/$I$55 -> 0 | I41: =IF(I7=20%,I25*I7,0) -> 0
A42: =A41+1 -> 6 | B42: Adicional Insalubridade 40% (Ver súmula 228 e 139 TST) | H42: =I42/$I$55 -> 0 | I42: =IF(I7=40%,I25*I7,0) -> 0
A43: =A42+1 -> 7 | B43: Adicional de Supervisor (IN 05/2017 MPOG SLTI) | H43: =I43/$I$55 -> 0 | I43: =IF(I24="Não aplicável",0,I37*I24) -> 0
A44: =A43+1 -> 8 | B44: Feriados | H44: =I44/$I$55 -> 0 | I44: =IF(I26="Não aplicável",0,(I37+I38+I39+I40+I41+I42+I43+#REF!)/I5*I26*(1+I27)) -> 0
A45: =A44+1 -> 9 | B45: DSR = número total das horas extras do mês / número de dias úteis X domingos e feriados do mês X valor da hora extra com acréscimo | H45: =I45/$I$55 -> 0 | I45: =IF(I26="Não aplicável",0,I26/I13*5*(I10/H10*(1+I27))) -> 0
A46: =A45+1 -> 10 | B46: Reduzida Noturna | H46: =I46/$I$55 -> 0.018738722 | I46: =I32*I33 -> 62.15715
A47: =A46+1 -> 11 | B47: Adicional de insalubridade sobre Reduzida Noturna | H47: =I47/$I$55 -> 0 | I47: =IF(OR(I7=10%,I7=20%,I7=40%),I46*I7,0) -> 0
A48: =A47+1 -> 12 | B48: Adicional de periculosidade sobre Reduzida Noturna | H48: =I48/$I$55 -> 0.0056216167 | I48: =IF(I9=30%,I46*I9,0) -> 18.647145
A49: =A48+1 -> 13 | B49: Adicional Noturno | H49: =I49/$I$55 -> 0.069242392 | I49: =I30*I31 -> 229.68
A50: =A49+1 -> 14 | B50: Adicional de insalubridade sobre o Adicional Noturno | H50: =I50/$I$55 -> 0 | I50: =IF(OR(I7=10%,I7=20%,I7=40%),I49*I7,0) -> 0
A51: =A50+1 -> 15 | B51: Adicional de periculosidade sobre o Adicional Noturno | H51: =I51/$I$55 -> 0.020772718 | I51: =IF(I9=30%,I49*I9,0) -> 68.904
A52: =A51+1 -> 16 | B52: Integração RSRF (20%) sobre H. Extra Red. Noturna e Adic Noturno = [Reduzida Noturna + Adic. Noturno]*[Descanso Semanal Remunerado] (20%) | H52: =I52/$I$55 -> 0.017596223 | I52: =(I46+I49)*0.2 -> 58.36743
A53: =A52+1 -> 17 | B53: Adicional Troca de Uniforme | H53: =I53/$I$55 -> 0.0071901387 | I53: =I12*I13 -> 23.85
A54: =A53+1 -> 18 | B54: Integração RSF (20% sobre Ad.Troca de Uniforme) | H54: =I54/$I$55 -> 0.0014380277 | I54: =I53*20% -> 4.77
A55: Total de Remuneração | H55: =SUM(H37:H54) -> 1 | I55: =SUM(I37:I54) -> 3317.0431
A57: II | B57: Encargos Sociais - Grupo II: Obrigações Sociais | H57: % | I57: Valor Mensal/unidade de serviço (R$)
A58: 1 | B58: INSS (art. 22, inc. I, Lei nº 8.212/91) | H58: 0.2 | I58: =$I$55*H58 -> 663.40862
A59: 2 | B59: SESI ou SESC (art. 30, Lei nº 8.036/90) | H59: 0.015 | I59: =$I$55*H59 -> 49.755646
A60: 3 | B60: SENAI ou SENAC (Decreto-Lei nº 2.318/86) | H60: 0.01 | I60: =$I$55*H60 -> 33.170431
A61: 4 | B61: INCRA (art. 15I, Lei Complementar nº 011/71) | H61: 0.002 | I61: =$I$55*H61 -> 6.6340862
A62: 5 | B62: SALÁRIO EDUCAÇÃO (art. , inc. I, Decreto nº 87.043/82) | H62: 0.025 | I62: =$I$55*H62 -> 82.926077
A63: 6 | B63: FGTS (art. 15, Lei nº 8.036/90) | H63: 0.08 | I63: =$I$55*H63 -> 265.36345
A64: 7 | B64: SEG. ACIDENTE DO TRABALHO 1%, 2% e 3% (art. 22, inc. II, alíneas "b" e "c", da Lei nº 8.212/91) | H64: 0.03 | I64: =$I$55*H64 -> 99.511293
A65: 8 | B65: SEBRAE (§ 3º, art. 8º, Lei nº 8.029/90) | H65: 0.006 | I65: =$I$55*H65 -> 19.902259
A66: Total do Grupo II | H66: =SUM(H58:H65) -> 0.368 | I66: =SUM(I58:I65) -> 1220.6719
A67: Os percentuais para o SAT podem variar de 0,50% a 6,00% em função do Fator de Acidente Previdenciário (FAP), Decreto nº 6.957/2009
A68: Deverá obrigatoriamente acompanhar a proposta de preços e a planilha de custos e formação de preços a prova do Fator Acidentário de Prevenção – FAP por meio de impressão de consulta ao site do Ministério da Previdência Social (que pode ser obtido no endereço eletrônico http://www2.dataprev.gov.br/fap/fap.htm), independentemente de alteração da alíquota da parcela do Seguro Acidente de Trabalho disposta no Quadro II da referida planilha.
A69: III | B69: Encargos Sociais - Grupo III: Tempo Não Trabalhado | H69: % | I69: Valor Mensal/unidade de serviço (R$)
A70: 1 | B70: FÉRIAS GOZADAS + ADICIONAL DE FÉRIAS | H70: 0.119314 | I70: =$I$55*H70 -> 395.76968
A71: 2 | B71: FALTAS ABONADAS (3) | H71: 0.020479 | I71: =$I$55*H71 -> 67.929726
A72: 3 | B72: FALTAS LEGAIS (4) | H72: 0.012123 | I72: =$I$55*H72 -> 40.212513
A73: 4 | B73: LICENÇA MATERNIDADE | H73: 0.011436 | I73: =$I$55*H73 -> 37.933705
A74: 5 | B74: LICENÇA PATERNIDADE | H74: 0.000174 | I74: =$I$55*H74 -> 0.5771655
A75: 6 | B75: ACIDENTE DE TRABALHO | H75: 0.000442 | I75: =$I$55*H75 -> 1.466133
A76: 7 | B76: AVISO PRÉVIO TRABALHADO | H76: 0.000185 | I76: =$I$55*H76 -> 0.61365297
A77: 8 | B77: 13º SALÁRIO | H77: 0.09079 | I77: =$I$55*H77 -> 301.15434
A78: Total do Grupo III | H78: =SUM(H70:H77) -> 0.254943 | I78: =SUM(I70:I77) -> 845.65692
A79: (3) | B79: Faltas Justificadas por Auxílio Doença
A80: (4) | B80: Faltas Legais - Art. 473 CLT
A81: IV | B81: Encargos Sociais - Grupo IV: Indenizações | H81: % | I81: Valor Mensal/unidade de serviço (R$)
A82: 1 | B82: INDENIZAÇÕES | H82: 0.048321 | I82: =$I$55*H82 -> 160.28284
A83: 2 | B83: FGTS SOBRE INDENIZAÇÕES | H83: 0.003511 | I83: =$I$55*H83 -> 11.646138
A84: 3 | B84: INDENIZAÇÃO COMPENSATÓRIA POR DEMISSÃO SEM JUSTA CAUSA | H84: 0.019328 | I84: =$I$55*H84 -> 64.111809
A85: Total do Grupo IV | H85: =SUM(H82:H84) -> 0.07116 | I85: =SUM(I82:I84) -> 236.04079
A87: V | B87: Encargos Sociais - Grupo V: Incidências | H87: % | I87: Valor Mensal/unidade de serviço (R$)
A88: 1 | B88: INCIDÊNCIA GRUPO II (Obrigações Sociais) X GRUPO III (Tempo Não Trabalhado) | H88: =(H66*H78) -> 0.093819024 | I88: =$I$55*H88 -> 311.20175
A89: Total do Grupo V | H89: =SUM(H88:H88) -> 0.093819024 | I89: =I88 -> 311.20175
A91: TOTAL DOS ENCARGOS SOCIAIS (II + III + IV + V) | H91: =H66+H78+H85+H89 -> 0.78792202 | I91: =I66+I78+I85+I89 -> 2613.5713
A93: VI | B93: Demais custos relativos à Norma Coletiva ou Disposições Legais - Grupo VI | H93: % | I93: Valor Mensal/unidade de serviço (R$)
A94: 1 | B94: Auxílio Alimentação | H94: =I94/$I$55 -> 0.1085304 | I94: =I111 -> 360
A95: 2 | B95: Auxílio Lanche | H95: =I95/$I$55 -> 0 | I95: =I107 -> 0
A96: 3 | B96: Vale-Transporte⁽⁵⁾ | H96: =I96/$I$55 -> 0.016181882 | I96: =I103 -> 53.676
A97: 4 | B97: Adicional Intervalar | H97: =I97/$I$55 -> 0.064914743 | I97: =IF(I28="Não aplicável",0,((I10/H10)*1.5*I28)) -> 215.325
A98: 5 | B98: Outros | H98: =I98/$I$55 -> 0 | I98: =IF(I23="Não aplicável",0,I23) -> 0
A99: Total do Grupo VI | H99: =SUM(H94:H98) -> 0.18962702 | I99: =SUM(I94:I98) -> 629.001
A101: MEMÓRIA DE CÁLCULO DO VALE TRANSPORTE
A102: Valor Unitário | C102: Dias de Trabalho | D102: Vale p/dia | E102: Custo total | F102: Base de cálculo | G102: Percentual de desconto | H102: Valor desconto | I102: Custo efetivo
A103: =IF(I14="Não aplicável",0,I14) -> 6 | C103: =IF(I15="Não aplicável",0,I15) -> 15 | D103: 2 | E103: =A103*C103*D103 -> 180 | F103: =I37 -> 2105.4 | G103: =IF(I16="Não aplicável",0,I16) -> 0.06 | H103: =F103*G103 -> 126.324 | I103: =IF((E103-H103)>0,E103-H103,0) -> 53.676
A105: MEMÓRIA DE CÁLCULO DO VALE LANCHE
A106: Valor Unitário | C106: Dias por mês | D106: Vale p/dia | E106: Custo total | F106: Base de cálculo | G106: Percentual de desconto | H106: Valor desconto | I106: Custo efetivo
A107: =IF(I20="Não aplicável",0,I20) -> 0 | C107: =IF(I21="Não aplicável",0,I21) -> 0 | D107: 1 | E107: =A107*C107*D107 -> 0 | F107: =E107 -> 0 | G107: =IF(I22="Não aplicável",0,I22) -> 0 | H107: =F107*G107 -> 0 | I107: =E107-H107 -> 0
A109: MEMÓRIA DE CÁLCULO DO VALE ALIMENTAÇÃO
...

Sheet Cargo diurno POA
A1: PLANILHA DE CUSTOS E FORMAÇÃO DE PREÇOS DE SERVIÇOS CONTINUADOS COM DEDICAÇÃO EXCLUSIVA DE MÃO DE OBRA (ANEXO III - DECRETOS 52.768 de 15.12.2015)
A2: PROCESSO: | C2: 26/1538-0000018-7 | E2: REGIME DE TRIBUTAÇÃO: LUCRO REAL e PRESUMIDO (*)
A3: LICITAÇÃO/EDITAL | E3: ABERTURA:
A5: Cargo/Função: | D5: Vigilante | G5: =IF(D6="12x36","Regime de trabalho:","Quantidade de HORAS/MÊS") -> Regime de trabalho: | I5: =IF(D6="12x36",D6,5*D6) -> 12X36
A6: =IF(D6="12x36","Regime de trabalho:","Regime de trabalho (horas semanais):") -> Regime de trabalho: | D6: 12X36
A7: Convenção Coletiva de Trabalho: | D7: RS000837/2025 | G7: INSALUBRIDADE (10%, 20%, 40%) | I7: Não aplicável
A8: Origem do salário: | D8: CCT
A9: Cidade: | D9: Porto Alegre | G9: PERICULOSIDADE (30%) | I9: 0.3
A10: Salário Normativo | G10: Vlr. do salário e nº de horas correspondentes | H10: 220 | I10: 2105.4
A11: ISS | H11: Alíquota | I11: 0.025
A12: Adicional Troca de Uniforme (somente para postos de vigilantes que preveem pagamento para troca de uniforme na CCT) | G12: CCT | H12: Valor | I12: 1.59
A13: Quantidade de dias trabalhados no mês | I13: 15
A14: Tarifa Transporte | G14: CCT | H14: Vr. Unitário | I14: 5
H15: Dias | I15: =I13 -> 15
H16: Desconto | I16: 0.06
A17: Auxílio Alimentação | G17: CCT | H17: Vr. Unitário | I17: 30
H18: Dias | I18: =I13 -> 15
H19: Desconto | I19: 0.2
A20: Auxílio Lanche | G20: CCT | H20: Vr. Unitário | I20: Não aplicável
H21: Dias | I21: Não aplicável
H22: Desconto | I22: Não aplicável
A23: Outros benefícios que refletem na planilha de custos, caso constem na CCT | G23: CCT | H23: Valor mensal | I23: Não aplicável
A24: Adicional de Supervisor (37%) | H24: Porcentagem | I24: Não aplicável
A25: Base de cálculo da insalubridade | H25: Valor | I25: Não aplicável
A26: Quantitativo de horas trabalhadas em feriados no mês (estimado) - Não aplicável para postos 12x36 | H26: Horas por mês | I26: Não aplicável
H27: Acréscimo da hora extra | I27: Não aplicável
A28: Hora Intervalar | H28: Horas por mês | I28: 15
A29: Sem fornecimento de materiais ou apenas fornecimento de EPIs ou uniformes, utilizar 10%. Com fornecimento de materiais ou equipamentos, utilizar 20%. (Decreto 52.768/2015, alterado pelo Decreto 53.424/2017) | H29: Porcentagem | I29: 0.1
A35: MONTANTE A
A36: I | B36: Remuneração - Grupo I | H36: % | I36: Valor Mensal/unidade de serviço (R$)
A37: 1 | B37: Salário | H37: =I37/$I$48 -> 0.75891438 | I37: =IF(D6="12x36",I10,I10/H10*I5) -> 2105.4
A38: =A37+1 -> 2 | B38: Adicional Periculosidade 30% | H38: =I38/$I$48 -> 0.23076923 | I38: =IF(I9=30%,(I37+I45+I46)*I9,0) -> 640.206
A39: =A38+1 -> 3 | B39: Adicional Insalubridade 10% (Ver súmula 228 e 139 TST) | H39: =I39/$I$48 -> 0 | I39: =IF(I7=10%,I25*I7,0) -> 0
A40: =A39+1 -> 4 | B40: Adicional Insalubridade 20% (Ver súmula 228 e 139 TST) | H40: =I40/$I$48 -> 0 | I40: =IF(I7=20%,I25*I7,0) -> 0
A41: =A40+1 -> 5 | B41: Adicional Insalubridade 40% (Ver súmula 228 e 139 TST) | H41: =I41/$I$48 -> 0 | I41: =IF(I7=40%,I25*I7,0) -> 0
A42: =A41+1 -> 6 | B42: Adicional de Supervisor (IN 05/2017 MPOG SLTI) | H42: =I42/$I$48 -> 0 | I42: =IF(I24="Não aplicável",0,I37*I24) -> 0
A43: =A42+1 -> 7 | B43: Feriados | H43: =I43/$I$48 -> 0 | I43: =IF(I26="Não aplicável",0,(I37+I38+I39+I40+I41+I42+I47)/I5*I26*(1+I27)) -> 0
A44: =A43+1 -> 8 | B44: DSR = número total das horas extras do mês / número de dias úteis X domingos e feriados do mês X valor da hora extra com acréscimo | H44: =I44/$I$48 -> 0 | I44: =IF(I26="Não aplicável",0,I26/I13*5*(I10/H10*(1+I27))) -> 0
A45: =A44+1 -> 9 | B45: Adicional Troca de Uniforme | H45: =I45/$I$48 -> 0.0085969925 | I45: =I12*I13 -> 23.85
A46: =A45+1 -> 10 | B46: Integração RSF (20% sobre Ad.Troca de Uniforme - somente para vigilantes) | H46: =I46/$I$48 -> 0.0017193985 | I46: =I45*20% -> 4.77
A47: =A46+1 -> 11 | B47: =IF(D6="12x36","Para postos 12x36 os feriados são considerados compensados, conforme parágrafo único, Art. 59-A da CLT","Outros") -> Para postos 12x36 os feriados são considerados compensados, conforme parágrafo único, Art. 59-A da CLT | H47: =I47/$I$48 -> 0 | I47: 0
A48: Total de Remuneração | H48: =SUM(H37:H47) -> 1 | I48: =SUM(I37:I47) -> 2774.226
A57: II | B57: Encargos Sociais - Grupo II: Obrigações Sociais | H57: % | I57: Valor Mensal/unidade de serviço (R$)
A58: 1 | B58: INSS (art. 22, inc. I, Lei nº 8.212/91) | H58: 0.2 | I58: =$I$48*H58 -> 554.8452
A59: 2 | B59: SESI ou SESC (art. 30, Lei nº 8.036/90) | H59: 0.015 | I59: =$I$48*H59 -> 41.61339
A60: 3 | B60: SENAI ou SENAC (Decreto-Lei nº 2.318/86) | H60: 0.01 | I60: =$I$48*H60 -> 27.74226
A61: 4 | B61: INCRA (art. 15I, Lei Complementar nº 011/71) | H61: 0.002 | I61: =$I$48*H61 -> 5.548452
A62: 5 | B62: SALÁRIO EDUCAÇÃO (art. , inc. I, Decreto nº 87.043/82) | H62: 0.025 | I62: =$I$48*H62 -> 69.35565
A63: 6 | B63: FGTS (art. 15, Lei nº 8.036/90) | H63: 0.08 | I63: =$I$48*H63 -> 221.93808
A64: 7 | B64: SEG. ACIDENTE DO TRABALHO 1%, 2% e 3% (art. 22, inc. II, alíneas "b" e "c", da Lei nº 8.212/91) | H64: 0.03 | I64: =$I$48*H64 -> 83.22678
A65: 8 | B65: SEBRAE (§ 3º, art. 8º, Lei nº 8.029/90) | H65: 0.006 | I65: =$I$48*H65 -> 16.645356
A66: Total do Grupo II | H66: =SUM(H58:H65) -> 0.368 | I66: =SUM(I58:I65) -> 1020.9152
A67: Os percentuais para o SAT podem variar de 0,50% a 6,00% em função do Fator de Acidente Previdenciário (FAP), Decreto nº 6.957/2009
A68: Deverá obrigatoriamente acompanhar a proposta de preços e a planilha de custos e formação de preços a prova do Fator Acidentário de Prevenção – FAP por meio de impressão de consulta ao site do Ministério da Previdência Social (que pode ser obtido no endereço eletrônico http://www2.dataprev.gov.br/fap/fap.htm), independentemente de alteração da alíquota da parcela do Seguro Acidente de Trabalho disposta no Quadro II da referida planilha.
A69: III | B69: Encargos Sociais - Grupo III: Tempo Não Trabalhado | H69: % | I69: Valor Mensal/unidade de serviço (R$)
A70: 1 | B70: FÉRIAS GOZADAS + ADICIONAL DE FÉRIAS | H70: 0.119314 | I70: =$I$48*H70 -> 331.004
A71: 2 | B71: FALTAS ABONADAS (3) | H71: 0.020479 | I71: =$I$48*H71 -> 56.813374
A72: 3 | B72: FALTAS LEGAIS (4) | H72: 0.012123 | I72: =$I$48*H72 -> 33.631942
A73: 4 | B73: LICENÇA MATERNIDADE | H73: 0.011436 | I73: =$I$48*H73 -> 31.726049
A74: 5 | B74: LICENÇA PATERNIDADE | H74: 0.000174 | I74: =$I$48*H74 -> 0.48271532
A75: 6 | B75: ACIDENTE DE TRABALHO | H75: 0.000442 | I75: =$I$48*H75 -> 1.2262079
A76: 7 | B76: AVISO PRÉVIO TRABALHADO | H76: 0.000185 | I76: =$I$48*H76 -> 0.51323181
A77: 8 | B77: 13º SALÁRIO | H77: 0.09079 | I77: =$I$48*H77 -> 251.87198
A78: Total do Grupo III | H78: =SUM(H70:H77) -> 0.254943 | I78: =SUM(I70:I77) -> 707.2695
A79: (3) | B79: Faltas Justificadas por Auxílio Doença
A80: (4) | B80: Faltas Legais - Art. 473 CLT
A81: IV | B81: Encargos Sociais - Grupo IV: Indenizações | H81: % | I81: Valor Mensal/unidade de serviço (R$)
A82: 1 | B82: INDENIZAÇÕES | H82: 0.048321 | I82: =$I$48*H82 -> 134.05337
A83: 2 | B83: FGTS SOBRE INDENIZAÇÕES | H83: 0.003511 | I83: =$I$48*H83 -> 9.7403075
A84: 3 | B84: INDENIZAÇÃO COMPENSATÓRIA POR DEMISSÃO SEM JUSTA CAUSA | H84: 0.019328 | I84: =$I$48*H84 -> 53.62024
A85: Total do Grupo IV | H85: =SUM(H82:H84) -> 0.07116 | I85: =SUM(I82:I84) -> 197.41392
A87: V | B87: Encargos Sociais - Grupo V: Incidências | H87: % | I87: Valor Mensal/unidade de serviço (R$)
A88: 1 | B88: INCIDÊNCIA GRUPO II (Obrigações Sociais) X GRUPO III (Tempo Não Trabalhado) | H88: =(H66*H78) -> 0.093819024 | I88: =$I$48*H88 -> 260.27518
A89: Total do Grupo V | H89: =SUM(H88:H88) -> 0.093819024 | I89: =I88 -> 260.27518
A91: TOTAL DOS ENCARGOS SOCIAIS (II + III + IV + V) | H91: =H66+H78+H85+H89 -> 0.78792202 | I91: =I66+I78+I85+I89 -> 2185.8738
A93: VI | B93: Demais custos relativos à Norma Coletiva ou Disposições Legais - Grupo VI | H93: % | I93: Valor Mensal/unidade de serviço (R$)
A94: 1 | B94: Auxílio Alimentação | H94: =I94/$I$48 -> 0.12976592 | I94: =I111 -> 360
A95: 2 | B95: Auxílio Lanche | H95: =I95/$I$48 -> 0 | I95: =I107 -> 0
A96: 3 | B96: Vale-Transporte⁽⁵⁾ | H96: =I96/$I$48 -> 0.0085342723 | I96: =I103 -> 23.676
A97: 4 | B97: Adicional Intervalar | H97: =I97/$I$48 -> 0.077616243 | I97: =IF(I28="Não aplicável",0,((I10/H10)*1.5*I28)) -> 215.325
A98: 5 | B98: Outros | H98: =I98/$I$48 -> 0 | I98: =IF(I23="Não aplicável",0,I23) -> 0
A99: Total do Grupo VI | H99: =SUM(H94:H98) -> 0.21591644 | I99: =SUM(I94:I98) -> 599.001
A100: (5) | B100: O valor do vale-transporte pode variar de acordo com o modal fornecido pelo empregador.
A101: MEMÓRIA DE CÁLCULO DO VALE TRANSPORTE
A102: Valor Unitário | C102: Dias de Trabalho | D102: Vale p/dia | E102: Custo total | F102: Base de cálculo | G102: Percentual de desconto | H102: Valor desconto | I102: Custo efetivo
A103: =IF(I14="Não aplicável",0,I14) -> 5 | C103: =IF(I15="Não aplicável",0,I15) -> 15 | D103: 2 | E103: =A103*C103*D103 -> 150 | F103: =I37 -> 2105.4 | G103: =IF(I16="Não aplicável",0,I16) -> 0.06 | H103: =F103*G103 -> 126.324 | I103: =IF((E103-H103)>0,E103-H103,0) -> 23.676
A105: MEMÓRIA DE CÁLCULO DO VALE LANCHE
A106: Valor Unitário | C106: Dias por mês | D106: Vale p/dia | E106: Custo total | F106: Base de cálculo | G106: Percentual de desconto | H106: Valor desconto | I106: Custo efetivo
A107: =IF(I20="Não aplicável",0,I20) -> 0 | C107: =IF(I21="Não aplicável",0,I21) -> 0 | D107: 1 | E107: =A107*C107*D107 -> 0 | F107: =E107 -> 0 | G107: =IF(I22="Não aplicável",0,I22) -> 0 | H107: =F107*G107 -> 0 | I107: =E107-H107 -> 0
A109: MEMÓRIA DE CÁLCULO DO VALE ALIMENTAÇÃO
A110: Valor Unitário | C110: Dias por mês | D110: Vale p/dia | E110: Custo total | F110: Base de cálculo | G110: Percentual de desconto | H110: =H102 -> Valor desconto | I110: Custo efetivo
A111: =IF(I17="Não aplicável",0,I17) -> 30 | C111: =IF(I18="Não aplicável",0,I18) -> 15 | D111: 1 | E111: =A111*C111*D111 -> 450 | F111: =E111 -> 450 | G111: =IF(I19="Não aplicável",0,I19) -> 0.2 | H111: =F111*G111 -> 90 | I111: =E111-H111 -> 360
A113: TOTAL DO MONTANTE A (I + II + III+ IV + V +VI) | H113: =H48+H91+H99 -> 2.0038385 | I113: =I48+I91+I99 -> 5559.1008
A115: MONTANTE B
A116: I | B116: Despesas Diretas | H116: % | I116: Valor Mensal/unidade de serviço (R$)
A117: 1 | B117: Transporte (6) | H117: =I117/$I$128 -> 0 | I117: 0
A118: 2 | B118: Uniformes/EPI (6a) | H118: =I118/$I$128 -> 0.1 | I118: =IF(F126=10%,G126,0) -> 553.54248
A119: 3 | B119: Seguro de vida | H119: =I119/$I$128 -> 0 | I119: 0
A120: 4 | B120: Materiais/Equipamentos | H120: =I120/$I$128 -> 0 | I120: =IF(F126=20%,G126,0) -> 0
A121: 5 | B121: Mobilização (7) | H121: =I121/$I$128 -> 0 | I121: 0
...

Sheet Cargo noturno POA
A1: PLANILHA DE CUSTOS E FORMAÇÃO DE PREÇOS DE SERVIÇOS CONTINUADOS COM DEDICAÇÃO EXCLUSIVA DE MÃO DE OBRA (ANEXO III - DECRETOS 52.768 de 15.12.2015)
A2: PROCESSO: | C2: 26/1538-0000018-7 | E2: REGIME DE TRIBUTAÇÃO: LUCRO REAL e PRESUMIDO (*)
A3: LICITAÇÃO/EDITAL | E3: ABERTURA:
A5: Cargo/Função: | D5: Vigilante | G5: =IF(D6="12x36","Regime de trabalho:","Quantidade de HORAS/MÊS") -> Regime de trabalho: | I5: =IF(D6="12x36",D6,5*D6) -> 12X36
A6: =IF(D6="12x36","Regime de trabalho:","Regime de trabalho (horas semanais):") -> Regime de trabalho: | D6: 12X36
A7: Convenção Coletiva de Trabalho: | D7: RS000837/2025 | G7: INSALUBRIDADE (10%, 20%, 40%) | I7: Não aplicável
A8: Origem do salário: | D8: CCT
A9: Cidade: | D9: Porto Alegre | G9: PERICULOSIDADE (30%) | I9: 0.3
A10: Salário Normativo | G10: Vlr. do salário e nº de horas correspondentes | H10: 220 | I10: 2105.4
A11: ISS | G11: =D9 -> Porto Alegre | H11: Alíquota | I11: 0.025
A12: Adicional Troca de Uniforme (somente para postos de vigilantes que preveem pagamento para troca de uniforme na CCT) | G12: CCT | H12: Valor | I12: 1.59
A13: Quantidade de dias trabalhados no mês | I13: 15
A14: Tarifa Transporte | G14: CCT | H14: Vr. Unitário | I14: 5
H15: Dias | I15: =I13 -> 15
H16: Desconto | I16: 0.06
A17: Vale Alimentação | G17: CCT | H17: Vr. Unitário | I17: 30
H18: Dias | I18: 15
H19: Desconto | I19: 0.2
A20: Auxílio Lanche | G20: CCT | H20: Vr. Unitário | I20: Não aplicável
H21: Dias | I21: Não aplicável
H22: Desconto | I22: Não aplicável
A23: Outros benefícios que refletem na planilha de custos, caso constem na CCT | G23: CCT | H23: Valor mensal | I23: Não aplicável
A24: Adicional de Supervisor (37%) | H24: Porcentagem | I24: Não aplicável
A25: Base de cálculo da insalubridade | H25: Valor | I25: Não aplicável
A26: Quantitativo de horas trabalhadas em feriados no mês (estimado) - Não aplicável para postos 12x36 | H26: Horas por mês | I26: Não aplicável
H27: Acréscimo da hora extra | I27: Não aplicável
A28: Hora Intervalar (somente para postos 12x36, quando for o caso) | H28: Horas por mês | I28: 15
A29: Sem fornecimento de materiais ou apenas fornecimento de EPIs ou uniformes, utilizar 10%. Com fornecimento de materiais ou equipamentos, utilizar 20%. (Decreto 52.768/2015, alterado pelo Decreto 53.424/2017) | H29: Porcentagem | I29: 0.1
A30: Adicional Noturno: Horas: [(60/52,5) x Nº de horas noturnas diárias] x Nº de dias trabalhados com hora noturna Valor hora: (vlr. do salário/nº de horas correspondente do salário) x 20% (noturno) | G30: CCT | H30: Nº horas | I30: =((60/52.5)*7)*15 -> 120
H31: Vr. Hora | I31: =I10/H10*20% -> 1.914
A32: Reduzida Noturna Horas Reduzidas: 60/52,5=1,143 x 7h noturnas = 8h noturnas 5h diurnas + 8h noturnas = 13h X 15 dias = 195 horas mensais 195h - 190,67 = 4,33 horas Valor hora: (vlr. do salário/nº de horas correspondente do salário) x 150% (H.Extra) | G32: CCT | H32: Nº horas | I32: =((5+7+1)*15)-190.67 -> 4.33
H33: Vr. Hora | I33: =(I10/H10)*1.5 -> 14.355
A35: MONTANTE A
A36: I | B36: Remuneração - Grupo I | H36: % | I36: Valor Mensal/unidade de serviço (R$)
A37: 1 | B37: Salário | H37: =I37/$I$55 -> 0.63472193 | I37: =IF(D6="12x36",I10,I10/H10*I5) -> 2105.4
A38: =A37+1 -> 2 | B38: Adicional Noturno 20% (Ver súmula 60 TST) | H38: =I38/$I$55 -> 0 | I38: 0
A39: =A38+1 -> 3 | B39: Adicional Periculosidade 30% | H39: =I39/$I$55 -> 0.22467823 | I39: =IF(I9=30%,(I37+I53+I46+I49+I52+I54)*I9,0) -> 745.26737
A40: =A39+1 -> 4 | B40: Adicional Insalubridade 10% (Ver súmula 228 e 139 TST) | H40: =I40/$I$55 -> 0 | I40: =IF(I7=10%,I25*I7,0) -> 0
A41: =A40+1 -> 5 | B41: Adicional Insalubridade 20% (Ver súmula 228 e 139 TST) | H41: =I41/$I$55 -> 0 | I41: =IF(I7=20%,I25*I7,0) -> 0
A42: =A41+1 -> 6 | B42: Adicional Insalubridade 40% (Ver súmula 228 e 139 TST) | H42: =I42/$I$55 -> 0 | I42: =IF(I7=40%,I25*I7,0) -> 0
A43: =A42+1 -> 7 | B43: Adicional de Supervisor (IN 05/2017 MPOG SLTI) | H43: =I43/$I$55 -> 0 | I43: =IF(I24="Não aplicável",0,I37*I24) -> 0
A44: =A43+1 -> 8 | B44: Feriados | H44: =I44/$I$55 -> 0 | I44: =IF(I26="Não aplicável",0,(I37+I38+I39+I40+I41+I42+I43+#REF!)/I5*I26*(1+I27)) -> 0
A45: =A44+1 -> 9 | B45: DSR = número total das horas extras do mês / número de dias úteis X domingos e feriados do mês X valor da hora extra com acréscimo | H45: =I45/$I$55 -> 0 | I45: =IF(I26="Não aplicável",0,I26/I13*5*(I10/H10*(1+I27))) -> 0
A46: =A45+1 -> 10 | B46: Reduzida Noturna | H46: =I46/$I$55 -> 0.018738722 | I46: =I32*I33 -> 62.15715
A47: =A46+1 -> 11 | B47: Adicional de insalubridade sobre Reduzida Noturna | H47: =I47/$I$55 -> 0 | I47: =IF(OR(I7=10%,I7=20%,I7=40%),I46*I7,0) -> 0
A48: =A47+1 -> 12 | B48: Adicional de periculosidade sobre Reduzida Noturna | H48: =I48/$I$55 -> 0.0056216167 | I48: =IF(I9=30%,I46*I9,0) -> 18.647145
A49: =A48+1 -> 13 | B49: Adicional Noturno | H49: =I49/$I$55 -> 0.069242392 | I49: =I30*I31 -> 229.68
A50: =A49+1 -> 14 | B50: Adicional de insalubridade sobre o Adicional Noturno | H50: =I50/$I$55 -> 0 | I50: =IF(OR(I7=10%,I7=20%,I7=40%),I49*I7,0) -> 0
A51: =A50+1 -> 15 | B51: Adicional de periculosidade sobre o Adicional Noturno | H51: =I51/$I$55 -> 0.020772718 | I51: =IF(I9=30%,I49*I9,0) -> 68.904
A52: =A51+1 -> 16 | B52: Integração RSRF (20%) sobre H. Extra Red. Noturna e Adic Noturno = [Reduzida Noturna + Adic. Noturno]*[Descanso Semanal Remunerado] (20%) | H52: =I52/$I$55 -> 0.017596223 | I52: =(I46+I49)*0.2 -> 58.36743
A53: =A52+1 -> 17 | B53: Adicional Troca de Uniforme | H53: =I53/$I$55 -> 0.0071901387 | I53: =I12*I13 -> 23.85
A54: =A53+1 -> 18 | B54: Integração RSF (20% sobre Ad.Troca de Uniforme) | H54: =I54/$I$55 -> 0.0014380277 | I54: =I53*20% -> 4.77
A55: Total de Remuneração | H55: =SUM(H37:H54) -> 1 | I55: =SUM(I37:I54) -> 3317.0431
A57: II | B57: Encargos Sociais - Grupo II: Obrigações Sociais | H57: % | I57: Valor Mensal/unidade de serviço (R$)
A58: 1 | B58: INSS (art. 22, inc. I, Lei nº 8.212/91) | H58: 0.2 | I58: =$I$55*H58 -> 663.40862
A59: 2 | B59: SESI ou SESC (art. 30, Lei nº 8.036/90) | H59: 0.015 | I59: =$I$55*H59 -> 49.755646
A60: 3 | B60: SENAI ou SENAC (Decreto-Lei nº 2.318/86) | H60: 0.01 | I60: =$I$55*H60 -> 33.170431
A61: 4 | B61: INCRA (art. 15I, Lei Complementar nº 011/71) | H61: 0.002 | I61: =$I$55*H61 -> 6.6340862
A62: 5 | B62: SALÁRIO EDUCAÇÃO (art. , inc. I, Decreto nº 87.043/82) | H62: 0.025 | I62: =$I$55*H62 -> 82.926077
A63: 6 | B63: FGTS (art. 15, Lei nº 8.036/90) | H63: 0.08 | I63: =$I$55*H63 -> 265.36345
A64: 7 | B64: SEG. ACIDENTE DO TRABALHO 1%, 2% e 3% (art. 22, inc. II, alíneas "b" e "c", da Lei nº 8.212/91) | H64: 0.03 | I64: =$I$55*H64 -> 99.511293
A65: 8 | B65: SEBRAE (§ 3º, art. 8º, Lei nº 8.029/90) | H65: 0.006 | I65: =$I$55*H65 -> 19.902259
A66: Total do Grupo II | H66: =SUM(H58:H65) -> 0.368 | I66: =SUM(I58:I65) -> 1220.6719
A67: Os percentuais para o SAT podem variar de 0,50% a 6,00% em função do Fator de Acidente Previdenciário (FAP), Decreto nº 6.957/2009
A68: Deverá obrigatoriamente acompanhar a proposta de preços e a planilha de custos e formação de preços a prova do Fator Acidentário de Prevenção – FAP por meio de impressão de consulta ao site do Ministério da Previdência Social (que pode ser obtido no endereço eletrônico http://www2.dataprev.gov.br/fap/fap.htm), independentemente de alteração da alíquota da parcela do Seguro Acidente de Trabalho disposta no Quadro II da referida planilha.
A69: III | B69: Encargos Sociais - Grupo III: Tempo Não Trabalhado | H69: % | I69: Valor Mensal/unidade de serviço (R$)
A70: 1 | B70: FÉRIAS GOZADAS + ADICIONAL DE FÉRIAS | H70: 0.119314 | I70: =$I$55*H70 -> 395.76968
A71: 2 | B71: FALTAS ABONADAS (3) | H71: 0.020479 | I71: =$I$55*H71 -> 67.929726
A72: 3 | B72: FALTAS LEGAIS (4) | H72: 0.012123 | I72: =$I$55*H72 -> 40.212513
A73: 4 | B73: LICENÇA MATERNIDADE | H73: 0.011436 | I73: =$I$55*H73 -> 37.933705
A74: 5 | B74: LICENÇA PATERNIDADE | H74: 0.000174 | I74: =$I$55*H74 -> 0.5771655
A75: 6 | B75: ACIDENTE DE TRABALHO | H75: 0.000442 | I75: =$I$55*H75 -> 1.466133
A76: 7 | B76: AVISO PRÉVIO TRABALHADO | H76: 0.000185 | I76: =$I$55*H76 -> 0.61365297
A77: 8 | B77: 13º SALÁRIO | H77: 0.09079 | I77: =$I$55*H77 -> 301.15434
A78: Total do Grupo III | H78: =SUM(H70:H77) -> 0.254943 | I78: =SUM(I70:I77) -> 845.65692
A79: (3) | B79: Faltas Justificadas por Auxílio Doença
A80: (4) | B80: Faltas Legais - Art. 473 CLT
A81: IV | B81: Encargos Sociais - Grupo IV: Indenizações | H81: % | I81: Valor Mensal/unidade de serviço (R$)
A82: 1 | B82: INDENIZAÇÕES | H82: 0.048321 | I82: =$I$55*H82 -> 160.28284
A83: 2 | B83: FGTS SOBRE INDENIZAÇÕES | H83: 0.003511 | I83: =$I$55*H83 -> 11.646138
A84: 3 | B84: INDENIZAÇÃO COMPENSATÓRIA POR DEMISSÃO SEM JUSTA CAUSA | H84: 0.019328 | I84: =$I$55*H84 -> 64.111809
A85: Total do Grupo IV | H85: =SUM(H82:H84) -> 0.07116 | I85: =SUM(I82:I84) -> 236.04079
A87: V | B87: Encargos Sociais - Grupo V: Incidências | H87: % | I87: Valor Mensal/unidade de serviço (R$)
A88: 1 | B88: INCIDÊNCIA GRUPO II (Obrigações Sociais) X GRUPO III (Tempo Não Trabalhado) | H88: =(H66*H78) -> 0.093819024 | I88: =$I$55*H88 -> 311.20175
A89: Total do Grupo V | H89: =SUM(H88:H88) -> 0.093819024 | I89: =I88 -> 311.20175
A91: TOTAL DOS ENCARGOS SOCIAIS (II + III + IV + V) | H91: =H66+H78+H85+H89 -> 0.78792202 | I91: =I66+I78+I85+I89 -> 2613.5713
A93: VI | B93: Demais custos relativos à Norma Coletiva ou Disposições Legais - Grupo VI | H93: % | I93: Valor Mensal/unidade de serviço (R$)
A94: 1 | B94: Auxílio Alimentação | H94: =I94/$I$55 -> 0.1085304 | I94: =I111 -> 360
A95: 2 | B95: Auxílio Lanche | H95: =I95/$I$55 -> 0 | I95: =I107 -> 0
A96: 3 | B96: Vale-Transporte⁽⁵⁾ | H96: =I96/$I$55 -> 0.0071376824 | I96: =I103 -> 23.676
A97: 4 | B97: Adicional Intervalar | H97: =I97/$I$55 -> 0.064914743 | I97: =IF(I28="Não aplicável",0,((I10/H10)*1.5*I28)) -> 215.325
A98: 5 | B98: Outros | H98: =I98/$I$55 -> 0 | I98: =IF(I23="Não aplicável",0,I23) -> 0
A99: Total do Grupo VI | H99: =SUM(H94:H98) -> 0.18058282 | I99: =SUM(I94:I98) -> 599.001
A101: MEMÓRIA DE CÁLCULO DO VALE TRANSPORTE
A102: Valor Unitário | C102: Dias de Trabalho | D102: Vale p/dia | E102: Custo total | F102: Base de cálculo | G102: Percentual de desconto | H102: Valor desconto | I102: Custo efetivo
A103: =IF(I14="Não aplicável",0,I14) -> 5 | C103: =IF(I15="Não aplicável",0,I15) -> 15 | D103: 2 | E103: =A103*C103*D103 -> 150 | F103: =I37 -> 2105.4 | G103: =IF(I16="Não aplicável",0,I16) -> 0.06 | H103: =F103*G103 -> 126.324 | I103: =IF((E103-H103)>0,E103-H103,0) -> 23.676
A105: MEMÓRIA DE CÁLCULO DO VALE LANCHE
A106: Valor Unitário | C106: Dias por mês | D106: Vale p/dia | E106: Custo total | F106: Base de cálculo | G106: Percentual de desconto | H106: Valor desconto | I106: Custo efetivo
A107: =IF(I20="Não aplicável",0,I20) -> 0 | C107: =IF(I21="Não aplicável",0,I21) -> 0 | D107: 1 | E107: =A107*C107*D107 -> 0 | F107: =E107 -> 0 | G107: =IF(I22="Não aplicável",0,I22) -> 0 | H107: =F107*G107 -> 0 | I107: =E107-H107 -> 0
A109: MEMÓRIA DE CÁLCULO DO VALE ALIMENTAÇÃO
...

Sheet Cargo diurno Stª Vitória do Pal
A1: PLANILHA DE CUSTOS E FORMAÇÃO DE PREÇOS DE SERVIÇOS CONTINUADOS COM DEDICAÇÃO EXCLUSIVA DE MÃO DE OBRA (ANEXO III - DECRETOS 52.768 de 15.12.2015)
A2: PROCESSO: | C2: 26/1538-0000018-7 | E2: REGIME DE TRIBUTAÇÃO: LUCRO REAL e PRESUMIDO (*)
A3: LICITAÇÃO/EDITAL | E3: ABERTURA:
A5: Cargo/Função: | D5: Vigilante | G5: =IF(D6="12x36","Regime de trabalho:","Quantidade de HORAS/MÊS") -> Regime de trabalho: | I5: =IF(D6="12x36",D6,5*D6) -> 12X36
A6: =IF(D6="12x36","Regime de trabalho:","Regime de trabalho (horas semanais):") -> Regime de trabalho: | D6: 12X36
A7: Convenção Coletiva de Trabalho: | D7: RS000837/2025 | G7: INSALUBRIDADE (10%, 20%, 40%) | I7: Não aplicável
A8: Origem do salário: | D8: CCT
A9: Cidade: | D9: Santa Vitoria do Palmar | G9: PERICULOSIDADE (30%) | I9: 0.3
A10: Salário Normativo | G10: Vlr. do salário e nº de horas correspondentes | H10: 220 | I10: 2105.4
A11: ISS | H11: Alíquota | I11: 0.05
A12: Adicional Troca de Uniforme (somente para postos de vigilantes que preveem pagamento para troca de uniforme na CCT) | G12: CCT | H12: Valor | I12: 1.59
A13: Quantidade de dias trabalhados no mês | I13: 15
A14: Tarifa Transporte | G14: CCT | H14: Vr. Unitário | I14: 9
H15: Dias | I15: =I13 -> 15
H16: Desconto | I16: 0.06
A17: Auxílio Alimentação | G17: CCT | H17: Vr. Unitário | I17: 30
H18: Dias | I18: =I13 -> 15
H19: Desconto | I19: 0.2
A20: Auxílio Lanche | G20: CCT | H20: Vr. Unitário | I20: Não aplicável
H21: Dias | I21: Não aplicável
H22: Desconto | I22: Não aplicável
A23: Outros benefícios que refletem na planilha de custos, caso constem na CCT | G23: CCT | H23: Valor mensal | I23: Não aplicável
A24: Adicional de Supervisor (37%) | H24: Porcentagem | I24: Não aplicável
A25: Base de cálculo da insalubridade | H25: Valor | I25: Não aplicável
A26: Quantitativo de horas trabalhadas em feriados no mês (estimado) - Não aplicável para postos 12x36 | H26: Horas por mês | I26: Não aplicável
H27: Acréscimo da hora extra | I27: Não aplicável
A28: Hora Intervalar | H28: Horas por mês | I28: 15
A29: Sem fornecimento de materiais ou apenas fornecimento de EPIs ou uniformes, utilizar 10%. Com fornecimento de materiais ou equipamentos, utilizar 20%. (Decreto 52.768/2015, alterado pelo Decreto 53.424/2017) | H29: Porcentagem | I29: 0.1
A35: MONTANTE A
A36: I | B36: Remuneração - Grupo I | H36: % | I36: Valor Mensal/unidade de serviço (R$)
A37: 1 | B37: Salário | H37: =I37/$I$48 -> 0.75891438 | I37: =IF(D6="12x36",I10,I10/H10*I5) -> 2105.4
A38: =A37+1 -> 2 | B38: Adicional Periculosidade 30% | H38: =I38/$I$48 -> 0.23076923 | I38: =IF(I9=30%,(I37+I45+I46)*I9,0) -> 640.206
A39: =A38+1 -> 3 | B39: Adicional Insalubridade 10% (Ver súmula 228 e 139 TST) | H39: =I39/$I$48 -> 0 | I39: =IF(I7=10%,I25*I7,0) -> 0
A40: =A39+1 -> 4 | B40: Adicional Insalubridade 20% (Ver súmula 228 e 139 TST) | H40: =I40/$I$48 -> 0 | I40: =IF(I7=20%,I25*I7,0) -> 0
A41: =A40+1 -> 5 | B41: Adicional Insalubridade 40% (Ver súmula 228 e 139 TST) | H41: =I41/$I$48 -> 0 | I41: =IF(I7=40%,I25*I7,0) -> 0
A42: =A41+1 -> 6 | B42: Adicional de Supervisor (IN 05/2017 MPOG SLTI) | H42: =I42/$I$48 -> 0 | I42: =IF(I24="Não aplicável",0,I37*I24) -> 0
A43: =A42+1 -> 7 | B43: Feriados | H43: =I43/$I$48 -> 0 | I43: =IF(I26="Não aplicável",0,(I37+I38+I39+I40+I41+I42+I47)/I5*I26*(1+I27)) -> 0
A44: =A43+1 -> 8 | B44: DSR = número total das horas extras do mês / número de dias úteis X domingos e feriados do mês X valor da hora extra com acréscimo | H44: =I44/$I$48 -> 0 | I44: =IF(I26="Não aplicável",0,I26/I13*5*(I10/H10*(1+I27))) -> 0
A45: =A44+1 -> 9 | B45: Adicional Troca de Uniforme | H45: =I45/$I$48 -> 0.0085969925 | I45: =I12*I13 -> 23.85
A46: =A45+1 -> 10 | B46: Integração RSF (20% sobre Ad.Troca de Uniforme - somente para vigilantes) | H46: =I46/$I$48 -> 0.0017193985 | I46: =I45*20% -> 4.77
A47: =A46+1 -> 11 | B47: =IF(D6="12x36","Para postos 12x36 os feriados são considerados compensados, conforme parágrafo único, Art. 59-A da CLT","Outros") -> Para postos 12x36 os feriados são considerados compensados, conforme parágrafo único, Art. 59-A da CLT | H47: =I47/$I$48 -> 0 | I47: 0
A48: Total de Remuneração | H48: =SUM(H37:H47) -> 1 | I48: =SUM(I37:I47) -> 2774.226
A57: II | B57: Encargos Sociais - Grupo II: Obrigações Sociais | H57: % | I57: Valor Mensal/unidade de serviço (R$)
A58: 1 | B58: INSS (art. 22, inc. I, Lei nº 8.212/91) | H58: 0.2 | I58: =$I$48*H58 -> 554.8452
A59: 2 | B59: SESI ou SESC (art. 30, Lei nº 8.036/90) | H59: 0.015 | I59: =$I$48*H59 -> 41.61339
A60: 3 | B60: SENAI ou SENAC (Decreto-Lei nº 2.318/86) | H60: 0.01 | I60: =$I$48*H60 -> 27.74226
A61: 4 | B61: INCRA (art. 15I, Lei Complementar nº 011/71) | H61: 0.002 | I61: =$I$48*H61 -> 5.548452
A62: 5 | B62: SALÁRIO EDUCAÇÃO (art. , inc. I, Decreto nº 87.043/82) | H62: 0.025 | I62: =$I$48*H62 -> 69.35565
A63: 6 | B63: FGTS (art. 15, Lei nº 8.036/90) | H63: 0.08 | I63: =$I$48*H63 -> 221.93808
A64: 7 | B64: SEG. ACIDENTE DO TRABALHO 1%, 2% e 3% (art. 22, inc. II, alíneas "b" e "c", da Lei nº 8.212/91) | H64: 0.03 | I64: =$I$48*H64 -> 83.22678
A65: 8 | B65: SEBRAE (§ 3º, art. 8º, Lei nº 8.029/90) | H65: 0.006 | I65: =$I$48*H65 -> 16.645356
A66: Total do Grupo II | H66: =SUM(H58:H65) -> 0.368 | I66: =SUM(I58:I65) -> 1020.9152
A67: Os percentuais para o SAT podem variar de 0,50% a 6,00% em função do Fator de Acidente Previdenciário (FAP), Decreto nº 6.957/2009
A68: Deverá obrigatoriamente acompanhar a proposta de preços e a planilha de custos e formação de preços a prova do Fator Acidentário de Prevenção – FAP por meio de impressão de consulta ao site do Ministério da Previdência Social (que pode ser obtido no endereço eletrônico http://www2.dataprev.gov.br/fap/fap.htm), independentemente de alteração da alíquota da parcela do Seguro Acidente de Trabalho disposta no Quadro II da referida planilha.
A69: III | B69: Encargos Sociais - Grupo III: Tempo Não Trabalhado | H69: % | I69: Valor Mensal/unidade de serviço (R$)
A70: 1 | B70: FÉRIAS GOZADAS + ADICIONAL DE FÉRIAS | H70: 0.119314 | I70: =$I$48*H70 -> 331.004
A71: 2 | B71: FALTAS ABONADAS (3) | H71: 0.020479 | I71: =$I$48*H71 -> 56.813374
A72: 3 | B72: FALTAS LEGAIS (4) | H72: 0.012123 | I72: =$I$48*H72 -> 33.631942
A73: 4 | B73: LICENÇA MATERNIDADE | H73: 0.011436 | I73: =$I$48*H73 -> 31.726049
A74: 5 | B74: LICENÇA PATERNIDADE | H74: 0.000174 | I74: =$I$48*H74 -> 0.48271532
A75: 6 | B75: ACIDENTE DE TRABALHO | H75: 0.000442 | I75: =$I$48*H75 -> 1.2262079
A76: 7 | B76: AVISO PRÉVIO TRABALHADO | H76: 0.000185 | I76: =$I$48*H76 -> 0.51323181
A77: 8 | B77: 13º SALÁRIO | H77: 0.09079 | I77: =$I$48*H77 -> 251.87198
A78: Total do Grupo III | H78: =SUM(H70:H77) -> 0.254943 | I78: =SUM(I70:I77) -> 707.2695
A79: (3) | B79: Faltas Justificadas por Auxílio Doença
A80: (4) | B80: Faltas Legais - Art. 473 CLT
A81: IV | B81: Encargos Sociais - Grupo IV: Indenizações | H81: % | I81: Valor Mensal/unidade de serviço (R$)
A82: 1 | B82: INDENIZAÇÕES | H82: 0.048321 | I82: =$I$48*H82 -> 134.05337
A83: 2 | B83: FGTS SOBRE INDENIZAÇÕES | H83: 0.003511 | I83: =$I$48*H83 -> 9.7403075
A84: 3 | B84: INDENIZAÇÃO COMPENSATÓRIA POR DEMISSÃO SEM JUSTA CAUSA | H84: 0.019328 | I84: =$I$48*H84 -> 53.62024
A85: Total do Grupo IV | H85: =SUM(H82:H84) -> 0.07116 | I85: =SUM(I82:I84) -> 197.41392
A87: V | B87: Encargos Sociais - Grupo V: Incidências | H87: % | I87: Valor Mensal/unidade de serviço (R$)
A88: 1 | B88: INCIDÊNCIA GRUPO II (Obrigações Sociais) X GRUPO III (Tempo Não Trabalhado) | H88: =(H66*H78) -> 0.093819024 | I88: =$I$48*H88 -> 260.27518
A89: Total do Grupo V | H89: =SUM(H88:H88) -> 0.093819024 | I89: =I88 -> 260.27518
A91: TOTAL DOS ENCARGOS SOCIAIS (II + III + IV + V) | H91: =H66+H78+H85+H89 -> 0.78792202 | I91: =I66+I78+I85+I89 -> 2185.8738
A93: VI | B93: Demais custos relativos à Norma Coletiva ou Disposições Legais - Grupo VI | H93: % | I93: Valor Mensal/unidade de serviço (R$)
A94: 1 | B94: Auxílio Alimentação | H94: =I94/$I$48 -> 0.12976592 | I94: =I111 -> 360
A95: 2 | B95: Auxílio Lanche | H95: =I95/$I$48 -> 0 | I95: =I107 -> 0
A96: 3 | B96: Vale-Transporte⁽⁵⁾ | H96: =I96/$I$48 -> 0.05178958 | I96: =I103 -> 143.676
A97: 4 | B97: Adicional Intervalar | H97: =I97/$I$48 -> 0.077616243 | I97: =IF(I28="Não aplicável",0,((I10/H10)*1.5*I28)) -> 215.325
A98: 5 | B98: Outros | H98: =I98/$I$48 -> 0 | I98: =IF(I23="Não aplicável",0,I23) -> 0
A99: Total do Grupo VI | H99: =SUM(H94:H98) -> 0.25917175 | I99: =SUM(I94:I98) -> 719.001
A100: (5) | B100: O valor do vale-transporte pode variar de acordo com o modal fornecido pelo empregador.
A101: MEMÓRIA DE CÁLCULO DO VALE TRANSPORTE
A102: Valor Unitário | C102: Dias de Trabalho | D102: Vale p/dia | E102: Custo total | F102: Base de cálculo | G102: Percentual de desconto | H102: Valor desconto | I102: Custo efetivo
A103: =IF(I14="Não aplicável",0,I14) -> 9 | C103: =IF(I15="Não aplicável",0,I15) -> 15 | D103: 2 | E103: =A103*C103*D103 -> 270 | F103: =I37 -> 2105.4 | G103: =IF(I16="Não aplicável",0,I16) -> 0.06 | H103: =F103*G103 -> 126.324 | I103: =IF((E103-H103)>0,E103-H103,0) -> 143.676
A105: MEMÓRIA DE CÁLCULO DO VALE LANCHE
A106: Valor Unitário | C106: Dias por mês | D106: Vale p/dia | E106: Custo total | F106: Base de cálculo | G106: Percentual de desconto | H106: Valor desconto | I106: Custo efetivo
A107: =IF(I20="Não aplicável",0,I20) -> 0 | C107: =IF(I21="Não aplicável",0,I21) -> 0 | D107: 1 | E107: =A107*C107*D107 -> 0 | F107: =E107 -> 0 | G107: =IF(I22="Não aplicável",0,I22) -> 0 | H107: =F107*G107 -> 0 | I107: =E107-H107 -> 0
A109: MEMÓRIA DE CÁLCULO DO VALE ALIMENTAÇÃO
A110: Valor Unitário | C110: Dias por mês | D110: Vale p/dia | E110: Custo total | F110: Base de cálculo | G110: Percentual de desconto | H110: =H102 -> Valor desconto | I110: Custo efetivo
A111: =IF(I17="Não aplicável",0,I17) -> 30 | C111: =IF(I18="Não aplicável",0,I18) -> 15 | D111: 1 | E111: =A111*C111*D111 -> 450 | F111: =E111 -> 450 | G111: =IF(I19="Não aplicável",0,I19) -> 0.2 | H111: =F111*G111 -> 90 | I111: =E111-H111 -> 360
A113: TOTAL DO MONTANTE A (I + II + III+ IV + V +VI) | H113: =H48+H91+H99 -> 2.0470938 | I113: =I48+I91+I99 -> 5679.1008
A115: MONTANTE B
A116: I | B116: Despesas Diretas | H116: % | I116: Valor Mensal/unidade de serviço (R$)
A117: 1 | B117: Transporte (6) | H117: =I117/$I$128 -> 0 | I117: 0
A118: 2 | B118: Uniformes/EPI (6a) | H118: =I118/$I$128 -> 0.1 | I118: =IF(F126=10%,G126,0) -> 553.54248
A119: 3 | B119: Seguro de vida | H119: =I119/$I$128 -> 0 | I119: 0
A120: 4 | B120: Materiais/Equipamentos | H120: =I120/$I$128 -> 0 | I120: =IF(F126=20%,G126,0) -> 0
A121: 5 | B121: Mobilização (7) | H121: =I121/$I$128 -> 0 | I121: 0
...

Sheet Cargo noturno Stª Vitória do Pa
A1: PLANILHA DE CUSTOS E FORMAÇÃO DE PREÇOS DE SERVIÇOS CONTINUADOS COM DEDICAÇÃO EXCLUSIVA DE MÃO DE OBRA (ANEXO III - DECRETOS 52.768 de 15.12.2015)
A2: PROCESSO: | C2: 26/1538-0000018-7 | E2: REGIME DE TRIBUTAÇÃO: LUCRO REAL e PRESUMIDO (*)
A3: LICITAÇÃO/EDITAL | E3: ABERTURA:
A5: Cargo/Função: | D5: Vigilante | G5: =IF(D6="12x36","Regime de trabalho:","Quantidade de HORAS/MÊS") -> Regime de trabalho: | I5: =IF(D6="12x36",D6,5*D6) -> 12X36
A6: =IF(D6="12x36","Regime de trabalho:","Regime de trabalho (horas semanais):") -> Regime de trabalho: | D6: 12X36
A7: Convenção Coletiva de Trabalho: | D7: RS000837/2025 | G7: INSALUBRIDADE (10%, 20%, 40%) | I7: Não aplicável
A8: Origem do salário: | D8: CCT
A9: Cidade: | D9: Santa Vitória do Palmar | G9: PERICULOSIDADE (30%) | I9: 0.3
A10: Salário Normativo | G10: Vlr. do salário e nº de horas correspondentes | H10: 220 | I10: 2105.4
A11: ISS | G11: =D9 -> Santa Vitória do Palmar | H11: Alíquota | I11: 0.05
A12: Adicional Troca de Uniforme (somente para postos de vigilantes que preveem pagamento para troca de uniforme na CCT) | G12: CCT | H12: Valor | I12: 1.59
A13: Quantidade de dias trabalhados no mês | I13: 15
A14: Tarifa Transporte | G14: CCT | H14: Vr. Unitário | I14: 9
H15: Dias | I15: =I13 -> 15
H16: Desconto | I16: 0.06
A17: Vale Alimentação | G17: CCT | H17: Vr. Unitário | I17: 30
H18: Dias | I18: 15
H19: Desconto | I19: 0.2
A20: Auxílio Lanche | G20: CCT | H20: Vr. Unitário | I20: Não aplicável
H21: Dias | I21: Não aplicável
H22: Desconto | I22: Não aplicável
A23: Outros benefícios que refletem na planilha de custos, caso constem na CCT | G23: CCT | H23: Valor mensal | I23: Não aplicável
A24: Adicional de Supervisor (37%) | H24: Porcentagem | I24: Não aplicável
A25: Base de cálculo da insalubridade | H25: Valor | I25: Não aplicável
A26: Quantitativo de horas trabalhadas em feriados no mês (estimado) - Não aplicável para postos 12x36 | H26: Horas por mês | I26: Não aplicável
H27: Acréscimo da hora extra | I27: Não aplicável
A28: Hora Intervalar (somente para postos 12x36, quando for o caso) | H28: Horas por mês | I28: 15
A29: Sem fornecimento de materiais ou apenas fornecimento de EPIs ou uniformes, utilizar 10%. Com fornecimento de materiais ou equipamentos, utilizar 20%. (Decreto 52.768/2015, alterado pelo Decreto 53.424/2017) | H29: Porcentagem | I29: 0.1
A30: Adicional Noturno: Horas: [(60/52,5) x Nº de horas noturnas diárias] x Nº de dias trabalhados com hora noturna Valor hora: (vlr. do salário/nº de horas correspondente do salário) x 20% (noturno) | G30: CCT | H30: Nº horas | I30: =((60/52.5)*7)*15 -> 120
H31: Vr. Hora | I31: =I10/H10*20% -> 1.914
A32: Reduzida Noturna Horas Reduzidas: 60/52,5=1,143 x 7h noturnas = 8h noturnas 5h diurnas + 8h noturnas = 13h X 15 dias = 195 horas mensais 195h - 190,67 = 4,33 horas Valor hora: (vlr. do salário/nº de horas correspondente do salário) x 150% (H.Extra) | G32: CCT | H32: Nº horas | I32: =((5+7+1)*15)-190.67 -> 4.33
H33: Vr. Hora | I33: =(I10/H10)*1.5 -> 14.355
A35: MONTANTE A
A36: I | B36: Remuneração - Grupo I | H36: % | I36: Valor Mensal/unidade de serviço (R$)
A37: 1 | B37: Salário | H37: =I37/$I$55 -> 0.63472193 | I37: =IF(D6="12x36",I10,I10/H10*I5) -> 2105.4
A38: =A37+1 -> 2 | B38: Adicional Noturno 20% (Ver súmula 60 TST) | H38: =I38/$I$55 -> 0 | I38: 0
A39: =A38+1 -> 3 | B39: Adicional Periculosidade 30% | H39: =I39/$I$55 -> 0.22467823 | I39: =IF(I9=30%,(I37+I53+I46+I49+I52+I54)*I9,0) -> 745.26737
A40: =A39+1 -> 4 | B40: Adicional Insalubridade 10% (Ver súmula 228 e 139 TST) | H40: =I40/$I$55 -> 0 | I40: =IF(I7=10%,I25*I7,0) -> 0
A41: =A40+1 -> 5 | B41: Adicional Insalubridade 20% (Ver súmula 228 e 139 TST) | H41: =I41/$I$55 -> 0 | I41: =IF(I7=20%,I25*I7,0) -> 0
A42: =A41+1 -> 6 | B42: Adicional Insalubridade 40% (Ver súmula 228 e 139 TST) | H42: =I42/$I$55 -> 0 | I42: =IF(I7=40%,I25*I7,0) -> 0
A43: =A42+1 -> 7 | B43: Adicional de Supervisor (IN 05/2017 MPOG SLTI) | H43: =I43/$I$55 -> 0 | I43: =IF(I24="Não aplicável",0,I37*I24) -> 0
A44: =A43+1 -> 8 | B44: Feriados | H44: =I44/$I$55 -> 0 | I44: =IF(I26="Não aplicável",0,(I37+I38+I39+I40+I41+I42+I43+#REF!)/I5*I26*(1+I27)) -> 0
A45: =A44+1 -> 9 | B45: DSR = número total das horas extras do mês / número de dias úteis X domingos e feriados do mês X valor da hora extra com acréscimo | H45: =I45/$I$55 -> 0 | I45: =IF(I26="Não aplicável",0,I26/I13*5*(I10/H10*(1+I27))) -> 0
A46: =A45+1 -> 10 | B46: Reduzida Noturna | H46: =I46/$I$55 -> 0.018738722 | I46: =I32*I33 -> 62.15715
A47: =A46+1 -> 11 | B47: Adicional de insalubridade sobre Reduzida Noturna | H47: =I47/$I$55 -> 0 | I47: =IF(OR(I7=10%,I7=20%,I7=40%),I46*I7,0) -> 0
A48: =A47+1 -> 12 | B48: Adicional de periculosidade sobre Reduzida Noturna | H48: =I48/$I$55 -> 0.0056216167 | I48: =IF(I9=30%,I46*I9,0) -> 18.647145
A49: =A48+1 -> 13 | B49: Adicional Noturno | H49: =I49/$I$55 -> 0.069242392 | I49: =I30*I31 -> 229.68
A50: =A49+1 -> 14 | B50: Adicional de insalubridade sobre o Adicional Noturno | H50: =I50/$I$55 -> 0 | I50: =IF(OR(I7=10%,I7=20%,I7=40%),I49*I7,0) -> 0
A51: =A50+1 -> 15 | B51: Adicional de periculosidade sobre o Adicional Noturno | H51: =I51/$I$55 -> 0.020772718 | I51: =IF(I9=30%,I49*I9,0) -> 68.904
A52: =A51+1 -> 16 | B52: Integração RSRF (20%) sobre H. Extra Red. Noturna e Adic Noturno = [Reduzida Noturna + Adic. Noturno]*[Descanso Semanal Remunerado] (20%) | H52: =I52/$I$55 -> 0.017596223 | I52: =(I46+I49)*0.2 -> 58.36743
A53: =A52+1 -> 17 | B53: Adicional Troca de Uniforme | H53: =I53/$I$55 -> 0.0071901387 | I53: =I12*I13 -> 23.85
A54: =A53+1 -> 18 | B54: Integração RSF (20% sobre Ad.Troca de Uniforme) | H54: =I54/$I$55 -> 0.0014380277 | I54: =I53*20% -> 4.77
A55: Total de Remuneração | H55: =SUM(H37:H54) -> 1 | I55: =SUM(I37:I54) -> 3317.0431
A57: II | B57: Encargos Sociais - Grupo II: Obrigações Sociais | H57: % | I57: Valor Mensal/unidade de serviço (R$)
A58: 1 | B58: INSS (art. 22, inc. I, Lei nº 8.212/91) | H58: 0.2 | I58: =$I$55*H58 -> 663.40862
A59: 2 | B59: SESI ou SESC (art. 30, Lei nº 8.036/90) | H59: 0.015 | I59: =$I$55*H59 -> 49.755646
A60: 3 | B60: SENAI ou SENAC (Decreto-Lei nº 2.318/86) | H60: 0.01 | I60: =$I$55*H60 -> 33.170431
A61: 4 | B61: INCRA (art. 15I, Lei Complementar nº 011/71) | H61: 0.002 | I61: =$I$55*H61 -> 6.6340862
A62: 5 | B62: SALÁRIO EDUCAÇÃO (art. , inc. I, Decreto nº 87.043/82) | H62: 0.025 | I62: =$I$55*H62 -> 82.926077
A63: 6 | B63: FGTS (art. 15, Lei nº 8.036/90) | H63: 0.08 | I63: =$I$55*H63 -> 265.36345
A64: 7 | B64: SEG. ACIDENTE DO TRABALHO 1%, 2% e 3% (art. 22, inc. II, alíneas "b" e "c", da Lei nº 8.212/91) | H64: 0.03 | I64: =$I$55*H64 -> 99.511293
A65: 8 | B65: SEBRAE (§ 3º, art. 8º, Lei nº 8.029/90) | H65: 0.006 | I65: =$I$55*H65 -> 19.902259
A66: Total do Grupo II | H66: =SUM(H58:H65) -> 0.368 | I66: =SUM(I58:I65) -> 1220.6719
A67: Os percentuais para o SAT podem variar de 0,50% a 6,00% em função do Fator de Acidente Previdenciário (FAP), Decreto nº 6.957/2009
A68: Deverá obrigatoriamente acompanhar a proposta de preços e a planilha de custos e formação de preços a prova do Fator Acidentário de Prevenção – FAP por meio de impressão de consulta ao site do Ministério da Previdência Social (que pode ser obtido no endereço eletrônico http://www2.dataprev.gov.br/fap/fap.htm), independentemente de alteração da alíquota da parcela do Seguro Acidente de Trabalho disposta no Quadro II da referida planilha.
A69: III | B69: Encargos Sociais - Grupo III: Tempo Não Trabalhado | H69: % | I69: Valor Mensal/unidade de serviço (R$)
A70: 1 | B70: FÉRIAS GOZADAS + ADICIONAL DE FÉRIAS | H70: 0.119314 | I70: =$I$55*H70 -> 395.76968
A71: 2 | B71: FALTAS ABONADAS (3) | H71: 0.020479 | I71: =$I$55*H71 -> 67.929726
A72: 3 | B72: FALTAS LEGAIS (4) | H72: 0.012123 | I72: =$I$55*H72 -> 40.212513
A73: 4 | B73: LICENÇA MATERNIDADE | H73: 0.011436 | I73: =$I$55*H73 -> 37.933705
A74: 5 | B74: LICENÇA PATERNIDADE | H74: 0.000174 | I74: =$I$55*H74 -> 0.5771655
A75: 6 | B75: ACIDENTE DE TRABALHO | H75: 0.000442 | I75: =$I$55*H75 -> 1.466133
A76: 7 | B76: AVISO PRÉVIO TRABALHADO | H76: 0.000185 | I76: =$I$55*H76 -> 0.61365297
A77: 8 | B77: 13º SALÁRIO | H77: 0.09079 | I77: =$I$55*H77 -> 301.15434
A78: Total do Grupo III | H78: =SUM(H70:H77) -> 0.254943 | I78: =SUM(I70:I77) -> 845.65692
A79: (3) | B79: Faltas Justificadas por Auxílio Doença
A80: (4) | B80: Faltas Legais - Art. 473 CLT
A81: IV | B81: Encargos Sociais - Grupo IV: Indenizações | H81: % | I81: Valor Mensal/unidade de serviço (R$)
A82: 1 | B82: INDENIZAÇÕES | H82: 0.048321 | I82: =$I$55*H82 -> 160.28284
A83: 2 | B83: FGTS SOBRE INDENIZAÇÕES | H83: 0.003511 | I83: =$I$55*H83 -> 11.646138
A84: 3 | B84: INDENIZAÇÃO COMPENSATÓRIA POR DEMISSÃO SEM JUSTA CAUSA | H84: 0.019328 | I84: =$I$55*H84 -> 64.111809
A85: Total do Grupo IV | H85: =SUM(H82:H84) -> 0.07116 | I85: =SUM(I82:I84) -> 236.04079
A87: V | B87: Encargos Sociais - Grupo V: Incidências | H87: % | I87: Valor Mensal/unidade de serviço (R$)
A88: 1 | B88: INCIDÊNCIA GRUPO II (Obrigações Sociais) X GRUPO III (Tempo Não Trabalhado) | H88: =(H66*H78) -> 0.093819024 | I88: =$I$55*H88 -> 311.20175
A89: Total do Grupo V | H89: =SUM(H88:H88) -> 0.093819024 | I89: =I88 -> 311.20175
A91: TOTAL DOS ENCARGOS SOCIAIS (II + III + IV + V) | H91: =H66+H78+H85+H89 -> 0.78792202 | I91: =I66+I78+I85+I89 -> 2613.5713
A93: VI | B93: Demais custos relativos à Norma Coletiva ou Disposições Legais - Grupo VI | H93: % | I93: Valor Mensal/unidade de serviço (R$)
A94: 1 | B94: Auxílio Alimentação | H94: =I94/$I$55 -> 0.1085304 | I94: =I111 -> 360
A95: 2 | B95: Auxílio Lanche | H95: =I95/$I$55 -> 0 | I95: =I107 -> 0
A96: 3 | B96: Vale-Transporte⁽⁵⁾ | H96: =I96/$I$55 -> 0.043314481 | I96: =I103 -> 143.676
A97: 4 | B97: Adicional Intervalar | H97: =I97/$I$55 -> 0.064914743 | I97: =IF(I28="Não aplicável",0,((I10/H10)*1.5*I28)) -> 215.325
A98: 5 | B98: Outros | H98: =I98/$I$55 -> 0 | I98: =IF(I23="Não aplicável",0,I23) -> 0
A99: Total do Grupo VI | H99: =SUM(H94:H98) -> 0.21675962 | I99: =SUM(I94:I98) -> 719.001
A101: MEMÓRIA DE CÁLCULO DO VALE TRANSPORTE
A102: Valor Unitário | C102: Dias de Trabalho | D102: Vale p/dia | E102: Custo total | F102: Base de cálculo | G102: Percentual de desconto | H102: Valor desconto | I102: Custo efetivo
A103: =IF(I14="Não aplicável",0,I14) -> 9 | C103: =IF(I15="Não aplicável",0,I15) -> 15 | D103: 2 | E103: =A103*C103*D103 -> 270 | F103: =I37 -> 2105.4 | G103: =IF(I16="Não aplicável",0,I16) -> 0.06 | H103: =F103*G103 -> 126.324 | I103: =IF((E103-H103)>0,E103-H103,0) -> 143.676
A105: MEMÓRIA DE CÁLCULO DO VALE LANCHE
A106: Valor Unitário | C106: Dias por mês | D106: Vale p/dia | E106: Custo total | F106: Base de cálculo | G106: Percentual de desconto | H106: Valor desconto | I106: Custo efetivo
A107: =IF(I20="Não aplicável",0,I20) -> 0 | C107: =IF(I21="Não aplicável",0,I21) -> 0 | D107: 1 | E107: =A107*C107*D107 -> 0 | F107: =E107 -> 0 | G107: =IF(I22="Não aplicável",0,I22) -> 0 | H107: =F107*G107 -> 0 | I107: =E107-H107 -> 0
A109: MEMÓRIA DE CÁLCULO DO VALE ALIMENTAÇÃO
...

Sheet Cargo diurno St° Antônio da Pat
A1: PLANILHA DE CUSTOS E FORMAÇÃO DE PREÇOS DE SERVIÇOS CONTINUADOS COM DEDICAÇÃO EXCLUSIVA DE MÃO DE OBRA (ANEXO III - DECRETOS 52.768 de 15.12.2015)
A2: PROCESSO: | C2: 26/1538-0000018-7 | E2: REGIME DE TRIBUTAÇÃO: LUCRO REAL e PRESUMIDO (*)
A3: LICITAÇÃO/EDITAL | E3: ABERTURA:
A5: Cargo/Função: | D5: Vigilante | G5: =IF(D6="12x36","Regime de trabalho:","Quantidade de HORAS/MÊS") -> Regime de trabalho: | I5: =IF(D6="12x36",D6,5*D6) -> 12X36
A6: =IF(D6="12x36","Regime de trabalho:","Regime de trabalho (horas semanais):") -> Regime de trabalho: | D6: 12X36
A7: Convenção Coletiva de Trabalho: | D7: RS000837/2025 | G7: INSALUBRIDADE (10%, 20%, 40%) | I7: Não aplicável
A8: Origem do salário: | D8: CCT
A9: Cidade: | D9: Santo Antônio da Patrulha | G9: PERICULOSIDADE (30%) | I9: 0.3
A10: Salário Normativo | G10: Vlr. do salário e nº de horas correspondentes | H10: 220 | I10: 2105.4
A11: ISS | H11: Alíquota | I11: 0.03
A12: Adicional Troca de Uniforme (somente para postos de vigilantes que preveem pagamento para troca de uniforme na CCT) | G12: CCT | H12: Valor | I12: 1.59
A13: Quantidade de dias trabalhados no mês | I13: 15
A14: Tarifa Transporte | G14: CCT | H14: Vr. Unitário | I14: 6
H15: Dias | I15: =I13 -> 15
H16: Desconto | I16: 0.06
A17: Auxílio Alimentação | G17: CCT | H17: Vr. Unitário | I17: 30
H18: Dias | I18: =I13 -> 15
H19: Desconto | I19: 0.2
A20: Auxílio Lanche | G20: CCT | H20: Vr. Unitário | I20: Não aplicável
H21: Dias | I21: Não aplicável
H22: Desconto | I22: Não aplicável
A23: Outros benefícios que refletem na planilha de custos, caso constem na CCT | G23: CCT | H23: Valor mensal | I23: Não aplicável
A24: Adicional de Supervisor (37%) | H24: Porcentagem | I24: Não aplicável
A25: Base de cálculo da insalubridade | H25: Valor | I25: Não aplicável
A26: Quantitativo de horas trabalhadas em feriados no mês (estimado) - Não aplicável para postos 12x36 | H26: Horas por mês | I26: Não aplicável
H27: Acréscimo da hora extra | I27: Não aplicável
A28: Hora Intervalar | H28: Horas por mês | I28: 15
A29: Sem fornecimento de materiais ou apenas fornecimento de EPIs ou uniformes, utilizar 10%. Com fornecimento de materiais ou equipamentos, utilizar 20%. (Decreto 52.768/2015, alterado pelo Decreto 53.424/2017) | H29: Porcentagem | I29: 0.1
A35: MONTANTE A
A36: I | B36: Remuneração - Grupo I | H36: % | I36: Valor Mensal/unidade de serviço (R$)
A37: 1 | B37: Salário | H37: =I37/$I$48 -> 0.75891438 | I37: =IF(D6="12x36",I10,I10/H10*I5) -> 2105.4
A38: =A37+1 -> 2 | B38: Adicional Periculosidade 30% | H38: =I38/$I$48 -> 0.23076923 | I38: =IF(I9=30%,(I37+I45+I46)*I9,0) -> 640.206
A39: =A38+1 -> 3 | B39: Adicional Insalubridade 10% (Ver súmula 228 e 139 TST) | H39: =I39/$I$48 -> 0 | I39: =IF(I7=10%,I25*I7,0) -> 0
A40: =A39+1 -> 4 | B40: Adicional Insalubridade 20% (Ver súmula 228 e 139 TST) | H40: =I40/$I$48 -> 0 | I40: =IF(I7=20%,I25*I7,0) -> 0
A41: =A40+1 -> 5 | B41: Adicional Insalubridade 40% (Ver súmula 228 e 139 TST) | H41: =I41/$I$48 -> 0 | I41: =IF(I7=40%,I25*I7,0) -> 0
A42: =A41+1 -> 6 | B42: Adicional de Supervisor (IN 05/2017 MPOG SLTI) | H42: =I42/$I$48 -> 0 | I42: =IF(I24="Não aplicável",0,I37*I24) -> 0
A43: =A42+1 -> 7 | B43: Feriados | H43: =I43/$I$48 -> 0 | I43: =IF(I26="Não aplicável",0,(I37+I38+I39+I40+I41+I42+I47)/I5*I26*(1+I27)) -> 0
A44: =A43+1 -> 8 | B44: DSR = número total das horas extras do mês / número de dias úteis X domingos e feriados do mês X valor da hora extra com acréscimo | H44: =I44/$I$48 -> 0 | I44: =IF(I26="Não aplicável",0,I26/I13*5*(I10/H10*(1+I27))) -> 0
A45: =A44+1 -> 9 | B45: Adicional Troca de Uniforme | H45: =I45/$I$48 -> 0.0085969925 | I45: =I12*I13 -> 23.85
A46: =A45+1 -> 10 | B46: Integração RSF (20% sobre Ad.Troca de Uniforme - somente para vigilantes) | H46: =I46/$I$48 -> 0.0017193985 | I46: =I45*20% -> 4.77
A47: =A46+1 -> 11 | B47: =IF(D6="12x36","Para postos 12x36 os feriados são considerados compensados, conforme parágrafo único, Art. 59-A da CLT","Outros") -> Para postos 12x36 os feriados são considerados compensados, conforme parágrafo único, Art. 59-A da CLT | H47: =I47/$I$48 -> 0 | I47: 0
A48: Total de Remuneração | H48: =SUM(H37:H47) -> 1 | I48: =SUM(I37:I47) -> 2774.226
A57: II | B57: Encargos Sociais - Grupo II: Obrigações Sociais | H57: % | I57: Valor Mensal/unidade de serviço (R$)
A58: 1 | B58: INSS (art. 22, inc. I, Lei nº 8.212/91) | H58: 0.2 | I58: =$I$48*H58 -> 554.8452
A59: 2 | B59: SESI ou SESC (art. 30, Lei nº 8.036/90) | H59: 0.015 | I59: =$I$48*H59 -> 41.61339
A60: 3 | B60: SENAI ou SENAC (Decreto-Lei nº 2.318/86) | H60: 0.01 | I60: =$I$48*H60 -> 27.74226
A61: 4 | B61: INCRA (art. 15I, Lei Complementar nº 011/71) | H61: 0.002 | I61: =$I$48*H61 -> 5.548452
A62: 5 | B62: SALÁRIO EDUCAÇÃO (art. , inc. I, Decreto nº 87.043/82) | H62: 0.025 | I62: =$I$48*H62 -> 69.35565
A63: 6 | B63: FGTS (art. 15, Lei nº 8.036/90) | H63: 0.08 | I63: =$I$48*H63 -> 221.93808
A64: 7 | B64: SEG. ACIDENTE DO TRABALHO 1%, 2% e 3% (art. 22, inc. II, alíneas "b" e "c", da Lei nº 8.212/91) | H64: 0.03 | I64: =$I$48*H64 -> 83.22678
A65: 8 | B65: SEBRAE (§ 3º, art. 8º, Lei nº 8.029/90) | H65: 0.006 | I65: =$I$48*H65 -> 16.645356
A66: Total do Grupo II | H66: =SUM(H58:H65) -> 0.368 | I66: =SUM(I58:I65) -> 1020.9152
A67: Os percentuais para o SAT podem variar de 0,50% a 6,00% em função do Fator de Acidente Previdenciário (FAP), Decreto nº 6.957/2009
A68: Deverá obrigatoriamente acompanhar a proposta de preços e a planilha de custos e formação de preços a prova do Fator Acidentário de Prevenção – FAP por meio de impressão de consulta ao site do Ministério da Previdência Social (que pode ser obtido no endereço eletrônico http://www2.dataprev.gov.br/fap/fap.htm), independentemente de alteração da alíquota da parcela do Seguro Acidente de Trabalho disposta no Quadro II da referida planilha.
A69: III | B69: Encargos Sociais - Grupo III: Tempo Não Trabalhado | H69: % | I69: Valor Mensal/unidade de serviço (R$)
A70: 1 | B70: FÉRIAS GOZADAS + ADICIONAL DE FÉRIAS | H70: 0.119314 | I70: =$I$48*H70 -> 331.004
A71: 2 | B71: FALTAS ABONADAS (3) | H71: 0.020479 | I71: =$I$48*H71 -> 56.813374
A72: 3 | B72: FALTAS LEGAIS (4) | H72: 0.012123 | I72: =$I$48*H72 -> 33.631942
A73: 4 | B73: LICENÇA MATERNIDADE | H73: 0.011436 | I73: =$I$48*H73 -> 31.726049
A74: 5 | B74: LICENÇA PATERNIDADE | H74: 0.000174 | I74: =$I$48*H74 -> 0.48271532
A75: 6 | B75: ACIDENTE DE TRABALHO | H75: 0.000442 | I75: =$I$48*H75 -> 1.2262079
A76: 7 | B76: AVISO PRÉVIO TRABALHADO | H76: 0.000185 | I76: =$I$48*H76 -> 0.51323181
A77: 8 | B77: 13º SALÁRIO | H77: 0.09079 | I77: =$I$48*H77 -> 251.87198
A78: Total do Grupo III | H78: =SUM(H70:H77) -> 0.254943 | I78: =SUM(I70:I77) -> 707.2695
A79: (3) | B79: Faltas Justificadas por Auxílio Doença
A80: (4) | B80: Faltas Legais - Art. 473 CLT
A81: IV | B81: Encargos Sociais - Grupo IV: Indenizações | H81: % | I81: Valor Mensal/unidade de serviço (R$)
A82: 1 | B82: INDENIZAÇÕES | H82: 0.048321 | I82: =$I$48*H82 -> 134.05337
A83: 2 | B83: FGTS SOBRE INDENIZAÇÕES | H83: 0.003511 | I83: =$I$48*H83 -> 9.7403075
A84: 3 | B84: INDENIZAÇÃO COMPENSATÓRIA POR DEMISSÃO SEM JUSTA CAUSA | H84: 0.019328 | I84: =$I$48*H84 -> 53.62024
A85: Total do Grupo IV | H85: =SUM(H82:H84) -> 0.07116 | I85: =SUM(I82:I84) -> 197.41392
A87: V | B87: Encargos Sociais - Grupo V: Incidências | H87: % | I87: Valor Mensal/unidade de serviço (R$)
A88: 1 | B88: INCIDÊNCIA GRUPO II (Obrigações Sociais) X GRUPO III (Tempo Não Trabalhado) | H88: =(H66*H78) -> 0.093819024 | I88: =$I$48*H88 -> 260.27518
A89: Total do Grupo V | H89: =SUM(H88:H88) -> 0.093819024 | I89: =I88 -> 260.27518
A91: TOTAL DOS ENCARGOS SOCIAIS (II + III + IV + V) | H91: =H66+H78+H85+H89 -> 0.78792202 | I91: =I66+I78+I85+I89 -> 2185.8738
A93: VI | B93: Demais custos relativos à Norma Coletiva ou Disposições Legais - Grupo VI | H93: % | I93: Valor Mensal/unidade de serviço (R$)
A94: 1 | B94: Auxílio Alimentação | H94: =I94/$I$48 -> 0.12976592 | I94: =I111 -> 360
A95: 2 | B95: Auxílio Lanche | H95: =I95/$I$48 -> 0 | I95: =I107 -> 0
A96: 3 | B96: Vale-Transporte⁽⁵⁾ | H96: =I96/$I$48 -> 0.019348099 | I96: =I103 -> 53.676
A97: 4 | B97: Adicional Intervalar | H97: =I97/$I$48 -> 0.077616243 | I97: =IF(I28="Não aplicável",0,((I10/H10)*1.5*I28)) -> 215.325
A98: 5 | B98: Outros | H98: =I98/$I$48 -> 0 | I98: =IF(I23="Não aplicável",0,I23) -> 0
A99: Total do Grupo VI | H99: =SUM(H94:H98) -> 0.22673027 | I99: =SUM(I94:I98) -> 629.001
A100: (5) | B100: O valor do vale-transporte pode variar de acordo com o modal fornecido pelo empregador.
A101: MEMÓRIA DE CÁLCULO DO VALE TRANSPORTE
A102: Valor Unitário | C102: Dias de Trabalho | D102: Vale p/dia | E102: Custo total | F102: Base de cálculo | G102: Percentual de desconto | H102: Valor desconto | I102: Custo efetivo
A103: =IF(I14="Não aplicável",0,I14) -> 6 | C103: =IF(I15="Não aplicável",0,I15) -> 15 | D103: 2 | E103: =A103*C103*D103 -> 180 | F103: =I37 -> 2105.4 | G103: =IF(I16="Não aplicável",0,I16) -> 0.06 | H103: =F103*G103 -> 126.324 | I103: =IF((E103-H103)>0,E103-H103,0) -> 53.676
A105: MEMÓRIA DE CÁLCULO DO VALE LANCHE
A106: Valor Unitário | C106: Dias por mês | D106: Vale p/dia | E106: Custo total | F106: Base de cálculo | G106: Percentual de desconto | H106: Valor desconto | I106: Custo efetivo
A107: =IF(I20="Não aplicável",0,I20) -> 0 | C107: =IF(I21="Não aplicável",0,I21) -> 0 | D107: 1 | E107: =A107*C107*D107 -> 0 | F107: =E107 -> 0 | G107: =IF(I22="Não aplicável",0,I22) -> 0 | H107: =F107*G107 -> 0 | I107: =E107-H107 -> 0
A109: MEMÓRIA DE CÁLCULO DO VALE ALIMENTAÇÃO
A110: Valor Unitário | C110: Dias por mês | D110: Vale p/dia | E110: Custo total | F110: Base de cálculo | G110: Percentual de desconto | H110: =H102 -> Valor desconto | I110: Custo efetivo
A111: =IF(I17="Não aplicável",0,I17) -> 30 | C111: =IF(I18="Não aplicável",0,I18) -> 15 | D111: 1 | E111: =A111*C111*D111 -> 450 | F111: =E111 -> 450 | G111: =IF(I19="Não aplicável",0,I19) -> 0.2 | H111: =F111*G111 -> 90 | I111: =E111-H111 -> 360
A113: TOTAL DO MONTANTE A (I + II + III+ IV + V +VI) | H113: =H48+H91+H99 -> 2.0146523 | I113: =I48+I91+I99 -> 5589.1008
A115: MONTANTE B
A116: I | B116: Despesas Diretas | H116: % | I116: Valor Mensal/unidade de serviço (R$)
A117: 1 | B117: Transporte (6) | H117: =I117/$I$128 -> 0 | I117: 0
A118: 2 | B118: Uniformes/EPI (6a) | H118: =I118/$I$128 -> 0.1 | I118: =IF(F126=10%,G126,0) -> 553.54248
A119: 3 | B119: Seguro de vida | H119: =I119/$I$128 -> 0 | I119: 0
A120: 4 | B120: Materiais/Equipamentos | H120: =I120/$I$128 -> 0 | I120: =IF(F126=20%,G126,0) -> 0
A121: 5 | B121: Mobilização (7) | H121: =I121/$I$128 -> 0 | I121: 0
...

Sheet Cargo noturno Stº Antônio da Pa
A1: PLANILHA DE CUSTOS E FORMAÇÃO DE PREÇOS DE SERVIÇOS CONTINUADOS COM DEDICAÇÃO EXCLUSIVA DE MÃO DE OBRA (ANEXO III - DECRETOS 52.768 de 15.12.2015)
A2: PROCESSO: | C2: 26/1538-0000018-7 | E2: REGIME DE TRIBUTAÇÃO: LUCRO REAL e PRESUMIDO (*)
A3: LICITAÇÃO/EDITAL | E3: ABERTURA:
A5: Cargo/Função: | D5: Vigilante | G5: =IF(D6="12x36","Regime de trabalho:","Quantidade de HORAS/MÊS") -> Regime de trabalho: | I5: =IF(D6="12x36",D6,5*D6) -> 12X36
A6: =IF(D6="12x36","Regime de trabalho:","Regime de trabalho (horas semanais):") -> Regime de trabalho: | D6: 12X36
A7: Convenção Coletiva de Trabalho: | D7: RS000837/2025 | G7: INSALUBRIDADE (10%, 20%, 40%) | I7: Não aplicável
A8: Origem do salário: | D8: CCT
A9: Cidade: | D9: Santo Antônio da Patrulha | G9: PERICULOSIDADE (30%) | I9: 0.3
A10: Salário Normativo | G10: Vlr. do salário e nº de horas correspondentes | H10: 220 | I10: 2105.4
A11: ISS | G11: =D9 -> Santo Antônio da Patrulha | H11: Alíquota | I11: 0.03
A12: Adicional Troca de Uniforme (somente para postos de vigilantes que preveem pagamento para troca de uniforme na CCT) | G12: CCT | H12: Valor | I12: 1.59
A13: Quantidade de dias trabalhados no mês | I13: 15
A14: Tarifa Transporte | G14: CCT | H14: Vr. Unitário | I14: 6
H15: Dias | I15: =I13 -> 15
H16: Desconto | I16: 0.06
A17: Vale Alimentação | G17: CCT | H17: Vr. Unitário | I17: 30
H18: Dias | I18: 15
H19: Desconto | I19: 0.2
A20: Auxílio Lanche | G20: CCT | H20: Vr. Unitário | I20: Não aplicável
H21: Dias | I21: Não aplicável
H22: Desconto | I22: Não aplicável
A23: Outros benefícios que refletem na planilha de custos, caso constem na CCT | G23: CCT | H23: Valor mensal | I23: Não aplicável
A24: Adicional de Supervisor (37%) | H24: Porcentagem | I24: Não aplicável
A25: Base de cálculo da insalubridade | H25: Valor | I25: Não aplicável
A26: Quantitativo de horas trabalhadas em feriados no mês (estimado) - Não aplicável para postos 12x36 | H26: Horas por mês | I26: Não aplicável
H27: Acréscimo da hora extra | I27: Não aplicável
A28: Hora Intervalar (somente para postos 12x36, quando for o caso) | H28: Horas por mês | I28: 15
A29: Sem fornecimento de materiais ou apenas fornecimento de EPIs ou uniformes, utilizar 10%. Com fornecimento de materiais ou equipamentos, utilizar 20%. (Decreto 52.768/2015, alterado pelo Decreto 53.424/2017) | H29: Porcentagem | I29: 0.1
A30: Adicional Noturno: Horas: [(60/52,5) x Nº de horas noturnas diárias] x Nº de dias trabalhados com hora noturna Valor hora: (vlr. do salário/nº de horas correspondente do salário) x 20% (noturno) | G30: CCT | H30: Nº horas | I30: =((60/52.5)*7)*15 -> 120
H31: Vr. Hora | I31: =I10/H10*20% -> 1.914
A32: Reduzida Noturna Horas Reduzidas: 60/52,5=1,143 x 7h noturnas = 8h noturnas 5h diurnas + 8h noturnas = 13h X 15 dias = 195 horas mensais 195h - 190,67 = 4,33 horas Valor hora: (vlr. do salário/nº de horas correspondente do salário) x 150% (H.Extra) | G32: CCT | H32: Nº horas | I32: =((5+7+1)*15)-190.67 -> 4.33
H33: Vr. Hora | I33: =(I10/H10)*1.5 -> 14.355
A35: MONTANTE A
A36: I | B36: Remuneração - Grupo I | H36: % | I36: Valor Mensal/unidade de serviço (R$)
A37: 1 | B37: Salário | H37: =I37/$I$55 -> 0.63472193 | I37: =IF(D6="12x36",I10,I10/H10*I5) -> 2105.4
A38: =A37+1 -> 2 | B38: Adicional Noturno 20% (Ver súmula 60 TST) | H38: =I38/$I$55 -> 0 | I38: 0
A39: =A38+1 -> 3 | B39: Adicional Periculosidade 30% | H39: =I39/$I$55 -> 0.22467823 | I39: =IF(I9=30%,(I37+I53+I46+I49+I52+I54)*I9,0) -> 745.26737
A40: =A39+1 -> 4 | B40: Adicional Insalubridade 10% (Ver súmula 228 e 139 TST) | H40: =I40/$I$55 -> 0 | I40: =IF(I7=10%,I25*I7,0) -> 0
A41: =A40+1 -> 5 | B41: Adicional Insalubridade 20% (Ver súmula 228 e 139 TST) | H41: =I41/$I$55 -> 0 | I41: =IF(I7=20%,I25*I7,0) -> 0
A42: =A41+1 -> 6 | B42: Adicional Insalubridade 40% (Ver súmula 228 e 139 TST) | H42: =I42/$I$55 -> 0 | I42: =IF(I7=40%,I25*I7,0) -> 0
A43: =A42+1 -> 7 | B43: Adicional de Supervisor (IN 05/2017 MPOG SLTI) | H43: =I43/$I$55 -> 0 | I43: =IF(I24="Não aplicável",0,I37*I24) -> 0
A44: =A43+1 -> 8 | B44: Feriados | H44: =I44/$I$55 -> 0 | I44: =IF(I26="Não aplicável",0,(I37+I38+I39+I40+I41+I42+I43+#REF!)/I5*I26*(1+I27)) -> 0
A45: =A44+1 -> 9 | B45: DSR = número total das horas extras do mês / número de dias úteis X domingos e feriados do mês X valor da hora extra com acréscimo | H45: =I45/$I$55 -> 0 | I45: =IF(I26="Não aplicável",0,I26/I13*5*(I10/H10*(1+I27))) -> 0
A46: =A45+1 -> 10 | B46: Reduzida Noturna | H46: =I46/$I$55 -> 0.018738722 | I46: =I32*I33 -> 62.15715
A47: =A46+1 -> 11 | B47: Adicional de insalubridade sobre Reduzida Noturna | H47: =I47/$I$55 -> 0 | I47: =IF(OR(I7=10%,I7=20%,I7=40%),I46*I7,0) -> 0
A48: =A47+1 -> 12 | B48: Adicional de periculosidade sobre Reduzida Noturna | H48: =I48/$I$55 -> 0.0056216167 | I48: =IF(I9=30%,I46*I9,0) -> 18.647145
A49: =A48+1 -> 13 | B49: Adicional Noturno | H49: =I49/$I$55 -> 0.069242392 | I49: =I30*I31 -> 229.68
A50: =A49+1 -> 14 | B50: Adicional de insalubridade sobre o Adicional Noturno | H50: =I50/$I$55 -> 0 | I50: =IF(OR(I7=10%,I7=20%,I7=40%),I49*I7,0) -> 0
A51: =A50+1 -> 15 | B51: Adicional de periculosidade sobre o Adicional Noturno | H51: =I51/$I$55 -> 0.020772718 | I51: =IF(I9=30%,I49*I9,0) -> 68.904
A52: =A51+1 -> 16 | B52: Integração RSRF (20%) sobre H. Extra Red. Noturna e Adic Noturno = [Reduzida Noturna + Adic. Noturno]*[Descanso Semanal Remunerado] (20%) | H52: =I52/$I$55 -> 0.017596223 | I52: =(I46+I49)*0.2 -> 58.36743
A53: =A52+1 -> 17 | B53: Adicional Troca de Uniforme | H53: =I53/$I$55 -> 0.0071901387 | I53: =I12*I13 -> 23.85
A54: =A53+1 -> 18 | B54: Integração RSF (20% sobre Ad.Troca de Uniforme) | H54: =I54/$I$55 -> 0.0014380277 | I54: =I53*20% -> 4.77
A55: Total de Remuneração | H55: =SUM(H37:H54) -> 1 | I55: =SUM(I37:I54) -> 3317.0431
A57: II | B57: Encargos Sociais - Grupo II: Obrigações Sociais | H57: % | I57: Valor Mensal/unidade de serviço (R$)
A58: 1 | B58: INSS (art. 22, inc. I, Lei nº 8.212/91) | H58: 0.2 | I58: =$I$55*H58 -> 663.40862
A59: 2 | B59: SESI ou SESC (art. 30, Lei nº 8.036/90) | H59: 0.015 | I59: =$I$55*H59 -> 49.755646
A60: 3 | B60: SENAI ou SENAC (Decreto-Lei nº 2.318/86) | H60: 0.01 | I60: =$I$55*H60 -> 33.170431
A61: 4 | B61: INCRA (art. 15I, Lei Complementar nº 011/71) | H61: 0.002 | I61: =$I$55*H61 -> 6.6340862
A62: 5 | B62: SALÁRIO EDUCAÇÃO (art. , inc. I, Decreto nº 87.043/82) | H62: 0.025 | I62: =$I$55*H62 -> 82.926077
A63: 6 | B63: FGTS (art. 15, Lei nº 8.036/90) | H63: 0.08 | I63: =$I$55*H63 -> 265.36345
A64: 7 | B64: SEG. ACIDENTE DO TRABALHO 1%, 2% e 3% (art. 22, inc. II, alíneas "b" e "c", da Lei nº 8.212/91) | H64: 0.03 | I64: =$I$55*H64 -> 99.511293
A65: 8 | B65: SEBRAE (§ 3º, art. 8º, Lei nº 8.029/90) | H65: 0.006 | I65: =$I$55*H65 -> 19.902259
A66: Total do Grupo II | H66: =SUM(H58:H65) -> 0.368 | I66: =SUM(I58:I65) -> 1220.6719
A67: Os percentuais para o SAT podem variar de 0,50% a 6,00% em função do Fator de Acidente Previdenciário (FAP), Decreto nº 6.957/2009
A68: Deverá obrigatoriamente acompanhar a proposta de preços e a planilha de custos e formação de preços a prova do Fator Acidentário de Prevenção – FAP por meio de impressão de consulta ao site do Ministério da Previdência Social (que pode ser obtido no endereço eletrônico http://www2.dataprev.gov.br/fap/fap.htm), independentemente de alteração da alíquota da parcela do Seguro Acidente de Trabalho disposta no Quadro II da referida planilha.
A69: III | B69: Encargos Sociais - Grupo III: Tempo Não Trabalhado | H69: % | I69: Valor Mensal/unidade de serviço (R$)
A70: 1 | B70: FÉRIAS GOZADAS + ADICIONAL DE FÉRIAS | H70: 0.119314 | I70: =$I$55*H70 -> 395.76968
A71: 2 | B71: FALTAS ABONADAS (3) | H71: 0.020479 | I71: =$I$55*H71 -> 67.929726
A72: 3 | B72: FALTAS LEGAIS (4) | H72: 0.012123 | I72: =$I$55*H72 -> 40.212513
A73: 4 | B73: LICENÇA MATERNIDADE | H73: 0.011436 | I73: =$I$55*H73 -> 37.933705
A74: 5 | B74: LICENÇA PATERNIDADE | H74: 0.000174 | I74: =$I$55*H74 -> 0.5771655
A75: 6 | B75: ACIDENTE DE TRABALHO | H75: 0.000442 | I75: =$I$55*H75 -> 1.466133
A76: 7 | B76: AVISO PRÉVIO TRABALHADO | H76: 0.000185 | I76: =$I$55*H76 -> 0.61365297
A77: 8 | B77: 13º SALÁRIO | H77: 0.09079 | I77: =$I$55*H77 -> 301.15434
A78: Total do Grupo III | H78: =SUM(H70:H77) -> 0.254943 | I78: =SUM(I70:I77) -> 845.65692
A79: (3) | B79: Faltas Justificadas por Auxílio Doença
A80: (4) | B80: Faltas Legais - Art. 473 CLT
A81: IV | B81: Encargos Sociais - Grupo IV: Indenizações | H81: % | I81: Valor Mensal/unidade de serviço (R$)
A82: 1 | B82: INDENIZAÇÕES | H82: 0.048321 | I82: =$I$55*H82 -> 160.28284
A83: 2 | B83: FGTS SOBRE INDENIZAÇÕES | H83: 0.003511 | I83: =$I$55*H83 -> 11.646138
A84: 3 | B84: INDENIZAÇÃO COMPENSATÓRIA POR DEMISSÃO SEM JUSTA CAUSA | H84: 0.019328 | I84: =$I$55*H84 -> 64.111809
A85: Total do Grupo IV | H85: =SUM(H82:H84) -> 0.07116 | I85: =SUM(I82:I84) -> 236.04079
A87: V | B87: Encargos Sociais - Grupo V: Incidências | H87: % | I87: Valor Mensal/unidade de serviço (R$)
A88: 1 | B88: INCIDÊNCIA GRUPO II (Obrigações Sociais) X GRUPO III (Tempo Não Trabalhado) | H88: =(H66*H78) -> 0.093819024 | I88: =$I$55*H88 -> 311.20175
A89: Total do Grupo V | H89: =SUM(H88:H88) -> 0.093819024 | I89: =I88 -> 311.20175
A91: TOTAL DOS ENCARGOS SOCIAIS (II + III + IV + V) | H91: =H66+H78+H85+H89 -> 0.78792202 | I91: =I66+I78+I85+I89 -> 2613.5713
A93: VI | B93: Demais custos relativos à Norma Coletiva ou Disposições Legais - Grupo VI | H93: % | I93: Valor Mensal/unidade de serviço (R$)
A94: 1 | B94: Auxílio Alimentação | H94: =I94/$I$55 -> 0.1085304 | I94: =I111 -> 360
A95: 2 | B95: Auxílio Lanche | H95: =I95/$I$55 -> 0 | I95: =I107 -> 0
A96: 3 | B96: Vale-Transporte⁽⁵⁾ | H96: =I96/$I$55 -> 0.016181882 | I96: =I103 -> 53.676
A97: 4 | B97: Adicional Intervalar | H97: =I97/$I$55 -> 0.064914743 | I97: =IF(I28="Não aplicável",0,((I10/H10)*1.5*I28)) -> 215.325
A98: 5 | B98: Outros | H98: =I98/$I$55 -> 0 | I98: =IF(I23="Não aplicável",0,I23) -> 0
A99: Total do Grupo VI | H99: =SUM(H94:H98) -> 0.18962702 | I99: =SUM(I94:I98) -> 629.001
A101: MEMÓRIA DE CÁLCULO DO VALE TRANSPORTE
A102: Valor Unitário | C102: Dias de Trabalho | D102: Vale p/dia | E102: Custo total | F102: Base de cálculo | G102: Percentual de desconto | H102: Valor desconto | I102: Custo efetivo
A103: =IF(I14="Não aplicável",0,I14) -> 6 | C103: =IF(I15="Não aplicável",0,I15) -> 15 | D103: 2 | E103: =A103*C103*D103 -> 180 | F103: =I37 -> 2105.4 | G103: =IF(I16="Não aplicável",0,I16) -> 0.06 | H103: =F103*G103 -> 126.324 | I103: =IF((E103-H103)>0,E103-H103,0) -> 53.676
A105: MEMÓRIA DE CÁLCULO DO VALE LANCHE
A106: Valor Unitário | C106: Dias por mês | D106: Vale p/dia | E106: Custo total | F106: Base de cálculo | G106: Percentual de desconto | H106: Valor desconto | I106: Custo efetivo
A107: =IF(I20="Não aplicável",0,I20) -> 0 | C107: =IF(I21="Não aplicável",0,I21) -> 0 | D107: 1 | E107: =A107*C107*D107 -> 0 | F107: =E107 -> 0 | G107: =IF(I22="Não aplicável",0,I22) -> 0 | H107: =F107*G107 -> 0 | I107: =E107-H107 -> 0
A109: MEMÓRIA DE CÁLCULO DO VALE ALIMENTAÇÃO
...

Sheet Resumo
A1: Função | B1: Cidade | C1: Carga Horária | D1: Dias da semana | E1: Nº de Postos | F1: Valor unitário de retenção para a conta vinculada | G1: Valor total de retenção para a conta vinculada | H1: Valor unitário mensal do posto | I1: Valor total mensal
A2: Vigilante | B2: Porto Alegre | C2: 24h | D2: Segunda a Domingo | E2: 1 | F2: ='Cargo diurno POA'!I188+'Cargo noturno POA'!I188 -> 4690.548 | G2: =F2*E2 -> 4690.548 | H2: ='Cargo diurno POA'!I191+'Cargo noturno POA'!I191 -> 32946.826 | I2: =E2*H2 -> 32946.826
A3: Vigilante | B3: Cachoeira do Sul | C3: 24h | D3: Segunda a Domingo | E3: 1 | F3: ='Cargo diurno Cachoeira do Sul'!I188+'Cargo noturno Cachoeira do Sul'!I188 -> 4690.548 | G3: =F3*E3 -> 4690.548 | H3: ='Cargo diurno Cachoeira do Sul'!I191+'Cargo noturno Cachoeira do Sul'!I191 -> 33444.667 | I3: =E3*H3 -> 33444.667
A4: Vigilante | B4: Cachoeirinha | C4: 24h | D4: Segunda a Domingo | E4: 4 | F4: ='Cargo diurno Cachoeirinha'!I188+'Cargo noturno Cachoeirinha '!I188 -> 4690.548 | G4: =F4*E4 -> 18762.192 | H4: ='Cargo diurno Cachoeirinha'!I191+'Cargo noturno Cachoeirinha '!I191 -> 33458.281 | I4: =E4*H4 -> 133833.12
A5: Vigilante | B5: Palmares do Sul | C5: 24h | D5: Segunda a Domingo | E5: 1 | F5: ='Cargo diurno Pamares do Sul '!I188+'Cargo noturno Palmares do Sul'!I188 -> 4690.548 | G5: =F5*E5 -> 4690.548 | H5: ='Cargo diurno Pamares do Sul '!I191+'Cargo noturno Palmares do Sul'!I191 -> 33123.295 | I5: =E5*H5 -> 33123.295
A6: Vigilante | B6: Pelotas | C6: 24h | D6: Segunda a Domingo | E6: 1 | F6: ='Cargo diurno Pelotas'!I188+'Cargo noturno Pelotas'!I188 -> 4690.548 | G6: =F6*E6 -> 4690.548 | H6: ='Cargo diurno Pelotas'!I191+'Cargo noturno Pelotas'!I191 -> 33611.907 | I6: =E6*H6 -> 33611.907
A7: Vigilante | B7: Santa Vitória do Palmar | C7: 24h | D7: Segunda a Domingo | E7: 1 | F7: ='Cargo diurno Stª Vitória do Pal'!I188+'Cargo noturno Stª Vitória do Pa'!I188 -> 4690.548 | G7: =F7*E7 -> 4690.548 | H7: ='Cargo diurno Stª Vitória do Pal'!I191+'Cargo noturno Stª Vitória do Pa'!I191 -> 34373.942 | I7: =E7*H7 -> 34373.942
A8: Vigilante | B8: Santo Antônio da Patrulha | C8: 24h | D8: Segunda a Domingo | E8: 1 | F8: ='Cargo diurno St° Antônio da Pat'!I188+'Cargo noturno Stº Antônio da Pa'!I188 -> 4690.548 | G8: =F8*E8 -> 4690.548 | H8: ='Cargo diurno St° Antônio da Pat'!I191+'Cargo noturno Stº Antônio da Pa'!I191 -> 33251.844 | I8: =E8*H8 -> 33251.844
A10: VALOR MENSAL PARA RETENÇÃO EM CONTA VINCULADA | F10: =SUM(G2:G8) -> 46905.48 | G10: PORCENTAGEM CORRESPONDENTE EM RELAÇÃO AO VALOR TOTAL PARA RETENÇÃO EM CONTA VINCULADA | I10: =F10/I12 -> 0.14018977
A12: TOTAL DE POSTOS | E12: 10 | F12: VALOR GLOBAL MENSAL | I12: =SUM(I2:I8) -> 334585.6
